Workbook
Name OLE_LINK1: 'Anexo1 cotizaciones2026'!#REF!

Sheet Solicitud cotizaciones
A1: ANEXO 1
A3: Apreciados Señores: De manera atenta la Fiscalía General de la Nación Nivel Central, requiere cotizar con ustedes lo siguiente:
A5: ITEM | B5: SOLICITUD COTIZACIÓN
A6: 1 | B6: ADVERTENCIA | C6: La cotización solicitada servirá de base para REVALIDAR los precios indicativos del mercado; para compra y por tanto NO CONSTITUYE en sí misma una oferta y consecuentemente NO OBLIGA a las partes.
A7: 2 | B7: OBJETO | C7: OBJETO DEL CONTRATO
A8: 3 | B8: VALIDEZ DE LA COTIZACIÓN | C8: La validez de oferta debe ser mínima de NOVENTA (90) DIAS, especificando si los días de la validez son hábiles o calendario.
A9: 4 | B9: ESPECIFICACIONES TÉCNICAS | C9: VER ARCHIVO ADJUNTO (EN WORD SE ENVIA LA FICHA TECNICA)
A14: 5 | B14: CONDICIONES DE LA COTRATACIÓN | C14: PLAZO DE EJECUCIÓN
C15: FORMA DE PAGO | D15: La Fiscalía General de la Nación cancelará el valor del contrato, mediante pagos parciales por la ejecución de objeto del contrato, dentro de los treinta (30) días calendarios siguientes a la fecha en que el contratista radique la factura comercial, acompañada de la certificación donde conste el cumplimiento del contrato expedida por el supervisor del contrato y de la certificación que acredite el pago por parte del contratista de las obligaciones al sistema general de seguridad social (salud, pensiones y riesgos profesionales) y aportes parafiscales (cajas de compensación familiar, SENA e ICBF).
C16: MECANISMOS DE COBERTURA DE LOS RIESGOS | D16: AMPAROS
A19: 6 | B19: VALOR OFRECIDO | C19: DESCRIPCION DEL OBJETO DEL CONTRATO | E19: VALOR UNITARIO | F19: IVA DE VLR UNI. | G19: VALOR UNI. + IVA
A20: 7 | B20: PLAZO PARA PRESENTAR LA COTIZACIÓN | C20: TRES (3) DIAS HABILES.
A21: NOTA:
A22: Agradecemos su gentil colaboración y estaremos atentos a responder cualquier inquietud al respecto, quedamos atentos al envío de su propuesta por este mismo medio dentro del plazo establecido para su presentación.
A24: Cordial saludo,
A26: NOMBRE
A27: GRUPO DE ANALISIS DEL SECTOR ECONOMICO Y DE OFERENTES
A28: TELEFONO

Sheet GENERAL
A1: No. Estudio | B1: DIA Y MES | C1: valor estudios previos | D1: Dependencia solicitante | E1: Destino | F1: Plazo de Ejecución | G1: No. COTIZACIONES | H1: No. COTIZACIONES LETRAS | I1: EMPRESA 1 | J1: EMPRESA 2 | K1: EMPRESA 3 | L1: EMPRESA 4 | M1: NUMERO DE EMPRESAS SECOP | N1: OBJETO DEL CONTRATO | O1: CODIGO CLASIFICACOR DE BIENES Y SERVICIOS | P1: NUMERO DE EMPRESAS REGISTRADAS | Q1: PROCESO HISTORICO ANALIZADO | R1: OBJETO | S1: IPC INICIAL | T1: IPC FINAL | U1: OFERTAS DEL HISTORICO | V1: CONTRATISTA HISTORICO | W1: VALOR DEL CONTRATO | X1: TERMINO DE EJECUCION | Y1: LINK | Z1: MODALIAD DE CONTRATACION | AA1: FECHA DE SUSCRIPCION DEL CONTRATO | AB1: FECHA DE INICIO DEL CONTRATO | AC1: OFERTAS DEL HISTORICO | AD1: RANGO DE OFERTAS | AE1: V/R ESTUDIO | AF1: Bolsa de Repuestos | AG1: SECTOR | AH1: BIEN O SERVICIO | AI1: FORMULA UTILIZADA ANEXO 3 | AJ1: FORMULA UTILIZADA ANEXO 5 | AL1: CODIGOS CUPS UTILIZADOS | AM1: DESCRIPCION SEGMENTO | AN1: # EMPRESAS POTENCIALES | AO1: # DE EMPRESAS INTERESADAS
A2: 137-A | B2: =TODAY() -> 46280 | C2: 43600000 | D2: Jefe Departamento de Construcciones y Administración de Sedes con el Visto Bueno del Director Ejecutivo | E2: DIFERENTES SEDES EN BOGOTÁ D.C. DE LA FISCALÍA GENERAL DE LA NACIÓN | F2: 31 de diciembre de 2019 | G2: 2 | H2: DOS | I2: EQUIBOMBAS SAS | J2: HIGH TECH FILTRACION INDUSTRIAL S.A.S. | N2: SERVICIO DE MANTENIMIENTO PREVENTIVO Y/O CORRECTIVO TECNICO INTEGRAL ESPECIALIZADO CON SUMINISTRO DE INSUMOS Y BOLSA PARA REPUESTOS PARA LA PLANTA DE TRATAMIENTO DE AGUA POTABLE (PTAP) Y PRUEBAS DE LABORATORIO DE AGUA POTABLE PARA LOS TANQUES DE ALMACENAMIENTO Y DISTRIBUCIÓN, INSTALADOS EN LAS DIFERENTES SEDES EN BOGOTÁ D.C. DE LA FISCALÍA GENERAL DE LA NACIÓN. | Q2: ACEPTACIÓN DE OFERTA CONTRATO No.0177 DE 2018 | R2: PRESTAR EL SERVICIO DE MANTENIMIENTO PREVENTIVO Y/O CORRECTIVO TÉCNICO INTEGRAL ESPECIALIZADO CON SUMINISTRO DE REPUESTOS E INSUMOS PARA LA PLANTA DE TRATAMIENTO DE AGUA POTABLE(PTAP), INSTALADA EN LA SEDE DE AQUIMINDIA DE LA FISCALIA GENERAL DE LA NACIÓN | S2: 99.59 | T2: 101.62 | U2: DOS (2) | V2: INGENIERÍA GLOBAL SOLUCIONES Y SERVICIOS S.A.S. | W2: 31,481,926 | X2: 60 Días | Y2: https://www.contratos.gov.co/consultas/detalleProceso.do?numConstancia=18-13-8547087 | Z2: Mínima Cuantía | AA2: =+Q3 -> 31 de octubre de 2018 | AB2: 43405 | AC2: DOS (2) | AE2: =+'ANEXO 2 historicovs cotizacio '!#REF! -> #REF! | AF2: =+C2-AE2 -> #REF! | AG2: servicios | AH2: servicios | AI2: VALORES DE REFERENCIA | AJ2: 1. PARA DETERMINAR EL VALOR DEFINITIVO SE EMPLEO LA INDEXACION DEL VALOR HISTORICO DE 2018 CON EXCEPCIÓN DEL ITEM 18, DONDE SE EMPLEAN LOS VALORES DE REFERENCIA. | AK2: IVA INCLUIDO Y TODOS LOS COSTOS DIRECTOS E INDIRECTOS | AN2: 860-11 INTERESADAS- 3 COTIZACIONES
Q3: 31 de octubre de 2018

Sheet Anexo 1
B1: ANEXO 1
B4: LISTADO DE POSIBLES PROVEEDORES
B5: No. | C5: Nombre Empresa | D5: Telefono Fijo y/o celular | E5: Correo electrónico
B7: 1 | C7: =+GENERAL!I2 -> EQUIBOMBAS SAS | D7: 3186070335 | E7: servicios@equibombas.com
B8: 2 | C8: =+GENERAL!J2 -> HIGH TECH FILTRACION INDUSTRIAL S.A.S. | D8: 3107743486 | E8: ventas@htfi.com.co

Sheet Anexo1 cotizaciones2026
B2: ANEXO 1
G4: ANALISIS COTIZACIONES
G5: PRESTAR EL SERVICIO DE MANTENIMIENTO PREVENTIVO Y CORRECTIVO TÉCNICO INTEGRAL ESPECIALIZADO CON SUMINISTRO DE INSUMOS Y BOLSA DE REPUESTOS PARA MOTORES, MOTOBOMBAS, REDES DE SUMINISTRO DE AGUA POTABLE, REDES CONTRA INCENDIOS, ELECTROBOMBAS SUMERGIBLES Y POZOS DE EYECCIÓN INSTALADOS EN LAS SEDES DEL NIVEL CENTRAL DE LA FISCALÍA GENERAL DE LA NACIÓN.
B7: ITEM | C7: NECESIDAD | D7: CANTIDAD EQUIPOS | E7: CANTIDAD MANTENIMIENTOS 2026 | G7: COTIZACIÓN 1 | L7: COTIZACIÓN 2 | Q7: COTIZACIÓN 3 | V7: COTIZACIÓN 4 | AA7: VALOR COTIZACIÓN HÁBIL MÁS BAJA | AB7: PROMEDIO | AC7: VALOR COTIZACIÓN HÁBIL MÁS ALTA | AD7: PORCENTAJE DIFERENCIAL (BAJA/PROMEDIO) | AE7: MEDIA ARITMETICA BAJA | AG7: PRECIO FINAL
G8: VALOR UNITARIO SIN IVA | H8: IVA | I8: VALOR UNITARIO IVA INCLUIDO | J8: VALOR TOTAL IVA INCLUIDO | L8: VALOR UNITARIO SIN IVA | M8: IVA | N8: VALOR UNITARIO IVA INCLUIDO | O8: VALOR TOTAL IVA INCLUIDO | Q8: VALOR UNITARIO SIN IVA | R8: IVA | S8: VALOR UNITARIO IVA INCLUIDO | T8: VALOR TOTAL INCLUIDO IVA | V8: VALOR UNITARIO SIN IVA | W8: IVA | X8: VALOR UNITARIO IVA INCLUIDO | Y8: VALOR TOTAL INCLUIDO IVA | AA8: VALOR UNITARIO SIN IVA | AB8: VALOR UNITARIO SIN IVA | AC8: VALOR UNITARIO SIN IVA | AE8: VALOR UNITARIO SIN IVA | AG8: VALOR UNITARIO SIN IVA | AH8: IVA | AI8: VALOR UNITARIO IVA INCLUIDO | AJ8: VALOR TOTAL IVA INCLUIDO (1 dic de 2026 al 31 julio de 2026)
B10: 1 | C10: SERVICIO MANTENIMIENTO PREVENTIVO Y CORRECTIVO MOTOBOMBAS CENTRIFUGAS - CONTRA INCENDIO MARCA FAIRBANKS MORSE POTENCIA: 60 HP MOTOR ELECTRICO TRIFASICO MODELO 6219 A RPM 3560. | D10: 2 | E10: 1 | H10: =+ROUND(G10*19%,2) -> 0 | I10: =ROUND(G10+H10,2) -> 0 | J10: =ROUND(+I10*E10*D10,2) -> 0 | M10: =+ROUND(L10*19%,2) -> 0 | N10: =ROUND(+L10+M10,2) -> 0 | O10: =ROUND(+N10*E10*D10,2) -> 0 | R10: =+ROUND(Q10*0.19,0) -> 0 | S10: =+Q10+R10 -> 0 | T10: =+S10*E10 -> 0 | V10: 0 | W10: =+ROUND(V10*0.19,0) -> 0 | X10: =+V10+W10 -> 0 | Y10: =+X10*E10 -> 0 | AA10: =ROUND(+MIN(G10,L10),2) -> 0 | AB10: =ROUND(AVERAGE(G10,L10),2) -> #DIV/0! | AC10: =ROUND(+MAX(G10,L10),2) -> 0 | AD10: =+AA10/AC10-1 -> #DIV/0! | AE10: =ROUND(+AVERAGE(AA10,AB10),2) -> #DIV/0! | AG10: =+AE10 -> #DIV/0! | AH10: =+ROUND(AG10*19%,2) -> #DIV/0! | AI10: =ROUND(+AH10+AG10,2) -> #DIV/0! | AJ10: =ROUND(+AI10*E10*D10,2) -> #DIV/0!
B11: 2 | C11: SERVICIO MANTENIMIENTO PREVENTIVO Y CORRECTIVO MOTOBOMBA CENTRIFUGA - CONTRA INCENDIO MARCA PPATERSSON POTENCIA 125 HP MOTOR ELECTRICO TRIFASICO MODELO MD404TSTDS1400BABAN RPM560 | D11: 1 | E11: 1 | H11: =+ROUND(G11*19%,2) -> 0 | I11: =ROUND(G11+H11,2) -> 0 | J11: =ROUND(+I11*E11*D11,2) -> 0 | M11: =+ROUND(L11*19%,2) -> 0 | N11: =ROUND(+L11+M11,2) -> 0 | O11: =ROUND(+N11*E11*D11,2) -> 0 | R11: =+ROUND(Q11*0.19,0) -> 0 | S11: =+Q11+R11 -> 0 | T11: =+S11*E11 -> 0 | W11: =+ROUND(V11*0.19,0) -> 0 | X11: =+V11+W11 -> 0 | Y11: =+X11*E11 -> 0 | AA11: =ROUND(+MIN(G11,L11),2) -> 0 | AB11: =ROUND(AVERAGE(G11,L11),2) -> #DIV/0! | AC11: =ROUND(+MAX(G11,L11),2) -> 0 | AD11: =+AA11/AC11-1 -> #DIV/0! | AE11: =ROUND(+AVERAGE(AA11,AB11),2) -> #DIV/0! | AG11: =+AE11 -> #DIV/0! | AH11: =+ROUND(AG11*19%,2) -> #DIV/0! | AI11: =ROUND(+AH11+AG11,2) -> #DIV/0! | AJ11: =ROUND(+AI11*E11*D11,2) -> #DIV/0!
B12: 3 | C12: SERVICIO MANTENIMIENTO PREVENTIVO Y CORRECTIVO MOTOBOMBA JOCKEY CONTRA INCENDIO MULTIETAPAS VERTICAL MARCA BALDOR POTENCIA: 5 HP MOTOR ELECTRICO TRIFASICO RPM 3450. | D12: 1 | E12: 1 | H12: =+ROUND(G12*19%,2) -> 0 | I12: =ROUND(G12+H12,2) -> 0 | J12: =ROUND(+I12*E12*D12,2) -> 0 | M12: =+ROUND(L12*19%,2) -> 0 | N12: =ROUND(+L12+M12,2) -> 0 | O12: =ROUND(+N12*E12*D12,2) -> 0 | R12: =+ROUND(Q12*0.19,0) -> 0 | S12: =+Q12+R12 -> 0 | T12: =+S12*E12 -> 0 | V12: 0 | W12: =+ROUND(V12*0.19,0) -> 0 | X12: =+V12+W12 -> 0 | Y12: =+X12*E12 -> 0 | AA12: =ROUND(+MIN(G12,L12),2) -> 0 | AB12: =ROUND(AVERAGE(G12,L12),2) -> #DIV/0! | AC12: =ROUND(+MAX(G12,L12),2) -> 0 | AD12: =+AA12/AC12-1 -> #DIV/0! | AE12: =ROUND(+AVERAGE(AA12,AB12),2) -> #DIV/0! | AG12: =+AE12 -> #DIV/0! | AH12: =+ROUND(AG12*19%,2) -> #DIV/0! | AI12: =ROUND(+AH12+AG12,2) -> #DIV/0! | AJ12: =ROUND(+AI12*E12*D12,2) -> #DIV/0!
B13: 4 | C13: SERVICIO MANTENIMIENTO PREVENTIVO Y CORRECTIVO MOTOBOMBA JOCKEY CONTRA INCENDIO MULTIETAPAS VERTICAL MARCA AURORA PUMP POTENCIA: 3 HP MOTOR ELECTRICO TRIFASICO RPM 3461. | D13: 1 | E13: 1 | H13: =+ROUND(G13*19%,2) -> 0 | I13: =ROUND(G13+H13,2) -> 0 | J13: =ROUND(+I13*E13*D13,2) -> 0 | M13: =+ROUND(L13*19%,2) -> 0 | N13: =ROUND(+L13+M13,2) -> 0 | O13: =ROUND(+N13*E13*D13,2) -> 0 | R13: =+ROUND(Q13*0.19,0) -> 0 | S13: =+Q13+R13 -> 0 | T13: =+S13*E13 -> 0 | V13: 0 | W13: =+ROUND(V13*0.19,0) -> 0 | X13: =+V13+W13 -> 0 | Y13: =+X13*E13 -> 0 | AA13: =ROUND(+MIN(G13,L13),2) -> 0 | AB13: =ROUND(AVERAGE(G13,L13),2) -> #DIV/0! | AC13: =ROUND(+MAX(G13,L13),2) -> 0 | AD13: =+AA13/AC13-1 -> #DIV/0! | AE13: =ROUND(+AVERAGE(AA13,AB13),2) -> #DIV/0! | AG13: =+AE13 -> #DIV/0! | AH13: =+ROUND(AG13*19%,2) -> #DIV/0! | AI13: =ROUND(+AH13+AG13,2) -> #DIV/0! | AJ13: =ROUND(+AI13*E13*D13,2) -> #DIV/0!
B14: 5 | C14: SERVICIO MANTENIMIENTO PREVENTIVO Y CORRECTIVO MOTOBOMBAS CENTRIFUGAS DE AGUA PPOTABLE MARCA IHM POTENCIA: 9 HP MOTOR ELECTRICO TRIFASICO RPM 3520. | D14: 2 | E14: 1 | H14: =+ROUND(G14*19%,2) -> 0 | I14: =ROUND(G14+H14,2) -> 0 | J14: =ROUND(+I14*E14*D14,2) -> 0 | M14: =+ROUND(L14*19%,2) -> 0 | N14: =ROUND(+L14+M14,2) -> 0 | O14: =ROUND(+N14*E14*D14,2) -> 0 | R14: =+ROUND(Q14*0.19,0) -> 0 | S14: =+Q14+R14 -> 0 | T14: =+S14*E14 -> 0 | W14: =+ROUND(V14*0.19,0) -> 0 | X14: =+V14+W14 -> 0 | Y14: =+X14*E14 -> 0 | AA14: =ROUND(+MIN(G14,L14),2) -> 0 | AB14: =ROUND(AVERAGE(G14,L14),2) -> #DIV/0! | AC14: =ROUND(+MAX(G14,L14),2) -> 0 | AD14: =+AA14/AC14-1 -> #DIV/0! | AE14: =ROUND(+AVERAGE(AA14,AB14),2) -> #DIV/0! | AG14: =+AE14 -> #DIV/0! | AH14: =+ROUND(AG14*19%,2) -> #DIV/0! | AI14: =ROUND(+AH14+AG14,2) -> #DIV/0! | AJ14: =ROUND(+AI14*E14*D14,2) -> #DIV/0!
B15: 6 | C15: SERVICIO MANTENIMIENTO PREVENTIVO Y CORRECTIVO MOTOBOMBAS CENTRIFUGAS DE AGUA POTABLE MARCA BARNES POTENCIA: 10 HP MOTOR ELECTRICO TRIFASICO RPM 3480 | D15: 1 | E15: 1 | H15: =+ROUND(G15*19%,2) -> 0 | I15: =ROUND(G15+H15,2) -> 0 | J15: =ROUND(+I15*E15*D15,2) -> 0 | M15: =+ROUND(L15*19%,2) -> 0 | N15: =ROUND(+L15+M15,2) -> 0 | O15: =ROUND(+N15*E15*D15,2) -> 0 | R15: =+ROUND(Q15*0.19,0) -> 0 | S15: =+Q15+R15 -> 0 | T15: =+S15*E15 -> 0 | V15: 0 | W15: =+ROUND(V15*0.19,0) -> 0 | X15: =+V15+W15 -> 0 | Y15: =+X15*E15 -> 0 | AA15: =ROUND(+MIN(G15,L15),2) -> 0 | AB15: =ROUND(AVERAGE(G15,L15),2) -> #DIV/0! | AC15: =ROUND(+MAX(G15,L15),2) -> 0 | AD15: =+AA15/AC15-1 -> #DIV/0! | AE15: =ROUND(+AVERAGE(AA15,AB15),2) -> #DIV/0! | AG15: =+AE15 -> #DIV/0! | AH15: =+ROUND(AG15*19%,2) -> #DIV/0! | AI15: =ROUND(+AH15+AG15,2) -> #DIV/0! | AJ15: =ROUND(+AI15*E15*D15,2) -> #DIV/0!
B16: 7 | C16: SERVICIO MANTENIMIENTO PREVENTIVO DE TANQUES PRESURIZADOS HIDRONEUMATICOS MARCA IHM (500 LT) PRESION DE TRABAJO :125 PSI (8.8 BAR). | D16: 2 | E16: 1 | H16: =+ROUND(G16*19%,2) -> 0 | I16: =ROUND(G16+H16,2) -> 0 | J16: =ROUND(+I16*E16*D16,2) -> 0 | M16: =+ROUND(L16*19%,2) -> 0 | N16: =ROUND(+L16+M16,2) -> 0 | O16: =ROUND(+N16*E16*D16,2) -> 0 | R16: =+ROUND(Q16*0.19,0) -> 0 | S16: =+Q16+R16 -> 0 | T16: =+S16*E16 -> 0 | W16: =+ROUND(V16*0.19,0) -> 0 | X16: =+V16+W16 -> 0 | Y16: =+X16*E16 -> 0 | AA16: =ROUND(+MIN(G16,L16),2) -> 0 | AB16: =ROUND(AVERAGE(G16,L16),2) -> #DIV/0! | AC16: =ROUND(+MAX(G16,L16),2) -> 0 | AD16: =+AA16/AC16-1 -> #DIV/0! | AE16: =ROUND(+AVERAGE(AA16,AB16),2) -> #DIV/0! | AG16: =+AE16 -> #DIV/0! | AH16: =+ROUND(AG16*19%,2) -> #DIV/0! | AI16: =ROUND(+AH16+AG16,2) -> #DIV/0! | AJ16: =ROUND(+AI16*E16*D16,2) -> #DIV/0!
B17: 8 | C17: SERVICIO MANTENIMIENTO PREVENTIVO Y CORRECTIVO MOTOBOMBAS CENTRIFUGAS DE AGUA POTABLE MARCA IHM POTENCIA: 12,5 HP MOTOR ELECTRICO TRIFASICO RPM 3580. | D17: 3 | E17: 1 | H17: =+ROUND(G17*19%,2) -> 0 | I17: =ROUND(G17+H17,2) -> 0 | J17: =ROUND(+I17*E17*D17,2) -> 0 | M17: =+ROUND(L17*19%,2) -> 0 | N17: =ROUND(+L17+M17,2) -> 0 | O17: =ROUND(+N17*E17*D17,2) -> 0 | R17: =+ROUND(Q17*0.19,0) -> 0 | S17: =+Q17+R17 -> 0 | T17: =+S17*E17 -> 0 | V17: 0 | W17: =+ROUND(V17*0.19,0) -> 0 | X17: =+V17+W17 -> 0 | Y17: =+X17*E17 -> 0 | AA17: =ROUND(+MIN(G17,L17),2) -> 0 | AB17: =ROUND(AVERAGE(G17,L17),2) -> #DIV/0! | AC17: =ROUND(+MAX(G17,L17),2) -> 0 | AD17: =+AA17/AC17-1 -> #DIV/0! | AE17: =ROUND(+AVERAGE(AA17,AB17),2) -> #DIV/0! | AG17: =+AE17 -> #DIV/0! | AH17: =+ROUND(AG17*19%,2) -> #DIV/0! | AI17: =ROUND(+AH17+AG17,2) -> #DIV/0! | AJ17: =ROUND(+AI17*E17*D17,2) -> #DIV/0!
B18: 9 | C18: SERVICIO MANTENIMIENTO PREVENTIVO Y CORRECTIVO DE TANQUES PRESURIZADOS HIDROACUMULADOR CON MEMBRANA MARCA IHM LA100H VOLUMEN 100 LT PRESION DE TRABAJO :150 PSI | D18: 1 | E18: 1 | H18: =+ROUND(G18*19%,2) -> 0 | I18: =ROUND(G18+H18,2) -> 0 | J18: =ROUND(+I18*E18*D18,2) -> 0 | M18: =+ROUND(L18*19%,2) -> 0 | N18: =ROUND(+L18+M18,2) -> 0 | O18: =ROUND(+N18*E18*D18,2) -> 0 | R18: =+ROUND(Q18*0.19,0) -> 0 | S18: =+Q18+R18 -> 0 | T18: =+S18*E18 -> 0 | V18: 0 | W18: =+ROUND(V18*0.19,0) -> 0 | X18: =+V18+W18 -> 0 | Y18: =+X18*E18 -> 0 | AA18: =ROUND(+MIN(G18,L18),2) -> 0 | AB18: =ROUND(AVERAGE(G18,L18),2) -> #DIV/0! | AC18: =ROUND(+MAX(G18,L18),2) -> 0 | AD18: =+AA18/AC18-1 -> #DIV/0! | AE18: =ROUND(+AVERAGE(AA18,AB18),2) -> #DIV/0! | AG18: =+AE18 -> #DIV/0! | AH18: =+ROUND(AG18*19%,2) -> #DIV/0! | AI18: =ROUND(+AH18+AG18,2) -> #DIV/0! | AJ18: =ROUND(+AI18*E18*D18,2) -> #DIV/0!
B19: 10 | C19: SERVICIO MANTENIMIENTO PREVENTIVO Y CORRECTIVO MOTOBOMBAS CENTRIFUGAS DE AGUA POTABLE MARCA BARNES POTENCIA: 10 HP MOTOR ELECTRICO TRIFASICO RPM 3500. | D19: 2 | E19: 1 | H19: =+ROUND(G19*19%,2) -> 0 | I19: =ROUND(G19+H19,2) -> 0 | J19: =ROUND(+I19*E19*D19,2) -> 0 | M19: =+ROUND(L19*19%,2) -> 0 | N19: =ROUND(+L19+M19,2) -> 0 | O19: =ROUND(+N19*E19*D19,2) -> 0 | R19: =+ROUND(Q19*0.19,0) -> 0 | S19: =+Q19+R19 -> 0 | T19: =+S19*E19 -> 0 | W19: =+ROUND(V19*0.19,0) -> 0 | X19: =+V19+W19 -> 0 | Y19: =+X19*E19 -> 0 | AA19: =ROUND(+MIN(G19,L19),2) -> 0 | AB19: =ROUND(AVERAGE(G19,L19),2) -> #DIV/0! | AC19: =ROUND(+MAX(G19,L19),2) -> 0 | AD19: =+AA19/AC19-1 -> #DIV/0! | AE19: =ROUND(+AVERAGE(AA19,AB19),2) -> #DIV/0! | AG19: =+AE19 -> #DIV/0! | AH19: =+ROUND(AG19*19%,2) -> #DIV/0! | AI19: =ROUND(+AH19+AG19,2) -> #DIV/0! | AJ19: =ROUND(+AI19*E19*D19,2) -> #DIV/0!
B20: 11 | C20: SERVICIO MANTENIMIENTO PREVENTIVO Y CORRECTIVO MOTOBOMBAS CENTRIFUGAS DE AGUA POTABLE MARCA BARNES POTENCIA: 1.0 HP MOTOR ELECTRICO BIFASICO RPM 3450. | D20: 2 | E20: 1 | H20: =+ROUND(G20*19%,2) -> 0 | I20: =ROUND(G20+H20,2) -> 0 | J20: =ROUND(+I20*E20*D20,2) -> 0 | M20: =+ROUND(L20*19%,2) -> 0 | N20: =ROUND(+L20+M20,2) -> 0 | O20: =ROUND(+N20*E20*D20,2) -> 0 | R20: =+ROUND(Q20*0.19,0) -> 0 | S20: =+Q20+R20 -> 0 | T20: =+S20*E20 -> 0 | V20: 0 | W20: =+ROUND(V20*0.19,0) -> 0 | X20: =+V20+W20 -> 0 | Y20: =+X20*E20 -> 0 | AA20: =ROUND(+MIN(G20,L20),2) -> 0 | AB20: =ROUND(AVERAGE(G20,L20),2) -> #DIV/0! | AC20: =ROUND(+MAX(G20,L20),2) -> 0 | AD20: =+AA20/AC20-1 -> #DIV/0! | AE20: =ROUND(+AVERAGE(AA20,AB20),2) -> #DIV/0! | AG20: =+AE20 -> #DIV/0! | AH20: =+ROUND(AG20*19%,2) -> #DIV/0! | AI20: =ROUND(+AH20+AG20,2) -> #DIV/0! | AJ20: =ROUND(+AI20*E20*D20,2) -> #DIV/0!
B21: 12 | C21: SERVICIO DE LAVADO Y LIMPIEZA DE POZOS DE EYECCION | D21: 20 | E21: 1 | H21: =+ROUND(G21*19%,2) -> 0 | I21: =ROUND(G21+H21,2) -> 0 | J21: =ROUND(+I21*E21*D21,2) -> 0 | M21: =+ROUND(L21*19%,2) -> 0 | N21: =ROUND(+L21+M21,2) -> 0 | O21: =ROUND(+N21*E21*D21,2) -> 0 | R21: =+ROUND(Q21*0.19,0) -> 0 | S21: =+Q21+R21 -> 0 | T21: =+S21*E21 -> 0 | W21: =+ROUND(V21*0.19,0) -> 0 | X21: =+V21+W21 -> 0 | Y21: =+X21*E21 -> 0 | AA21: =ROUND(+MIN(G21,L21),2) -> 0 | AB21: =ROUND(AVERAGE(G21,L21),2) -> #DIV/0! | AC21: =ROUND(+MAX(G21,L21),2) -> 0 | AD21: =+AA21/AC21-1 -> #DIV/0! | AE21: =ROUND(+AVERAGE(AA21,AB21),2) -> #DIV/0! | AG21: =+AE21 -> #DIV/0! | AH21: =+ROUND(AG21*19%,2) -> #DIV/0! | AI21: =ROUND(+AH21+AG21,2) -> #DIV/0! | AJ21: =ROUND(+AI21*E21*D21,2) -> #DIV/0!
B22: 13 | C22: SERVICIO MANTENIMIENTO PREVENTIVO Y CORRECTIVO ELECTROBOMBAS SUMERGIBLES AGUAS LLUVIAS Y AGUAS NEGRAS MARCA IHM POTENCIA: 2 HP | D22: 46 | E22: 1 | H22: =+ROUND(G22*19%,2) -> 0 | I22: =ROUND(G22+H22,2) -> 0 | J22: =ROUND(+I22*E22*D22,2) -> 0 | M22: =+ROUND(L22*19%,2) -> 0 | N22: =ROUND(+L22+M22,2) -> 0 | O22: =ROUND(+N22*E22*D22,2) -> 0 | R22: =+ROUND(Q22*0.19,0) -> 0 | S22: =+Q22+R22 -> 0 | T22: =+S22*E22 -> 0 | V22: 0 | W22: =+ROUND(V22*0.19,0) -> 0 | X22: =+V22+W22 -> 0 | Y22: =+X22*E22 -> 0 | AA22: =ROUND(+MIN(G22,L22),2) -> 0 | AB22: =ROUND(AVERAGE(G22,L22),2) -> #DIV/0! | AC22: =ROUND(+MAX(G22,L22),2) -> 0 | AD22: =+AA22/AC22-1 -> #DIV/0! | AE22: =ROUND(+AVERAGE(AA22,AB22),2) -> #DIV/0! | AG22: =+AE22 -> #DIV/0! | AH22: =+ROUND(AG22*19%,2) -> #DIV/0! | AI22: =ROUND(+AH22+AG22,2) -> #DIV/0! | AJ22: =ROUND(+AI22*E22*D22,2) -> #DIV/0!
B23: 14 | C23: SERVICIO MANTENIMIENTO PREVENTIVO Y CORRECTIVO MOTOBOMBA CENTRIFUGA MARCA BARNES POTENCIA: 6.6 HP MOTOR ELECTRICO 220 V | D23: 2 | E23: 1 | H23: =+ROUND(G23*19%,2) -> 0 | I23: =ROUND(G23+H23,2) -> 0 | J23: =ROUND(+I23*E23*D23,2) -> 0 | M23: =+ROUND(L23*19%,2) -> 0 | N23: =ROUND(+L23+M23,2) -> 0 | O23: =ROUND(+N23*E23*D23,2) -> 0 | R23: =+ROUND(Q23*0.19,0) -> 0 | S23: =+Q23+R23 -> 0 | T23: =+S23*E23 -> 0 | V23: 0 | W23: =+ROUND(V23*0.19,0) -> 0 | X23: =+V23+W23 -> 0 | Y23: =+X23*E23 -> 0 | AA23: =ROUND(+MIN(G23,L23),2) -> 0 | AB23: =ROUND(AVERAGE(G23,L23),2) -> #DIV/0! | AC23: =ROUND(+MAX(G23,L23),2) -> 0 | AD23: =+AA23/AC23-1 -> #DIV/0! | AE23: =ROUND(+AVERAGE(AA23,AB23),2) -> #DIV/0! | AG23: =+AE23 -> #DIV/0! | AH23: =+ROUND(AG23*19%,2) -> #DIV/0! | AI23: =ROUND(+AH23+AG23,2) -> #DIV/0! | AJ23: =ROUND(+AI23*E23*D23,2) -> #DIV/0!
B24: 15 | C24: SERVICIO MANTENIMIENTO PREVENTIVO Y CORRECTIVO DE TANQUE PRESURIZADO HIDROACUMULADOR CON MMEMBRANA MARCAIHM CAPACIDAD 300 L | D24: 1 | E24: 1 | H24: =+ROUND(G24*19%,2) -> 0 | I24: =ROUND(G24+H24,2) -> 0 | J24: =ROUND(+I24*E24*D24,2) -> 0 | M24: =+ROUND(L24*19%,2) -> 0 | N24: =ROUND(+L24+M24,2) -> 0 | O24: =ROUND(+N24*E24*D24,2) -> 0 | R24: =+ROUND(Q24*0.19,0) -> 0 | S24: =+Q24+R24 -> 0 | T24: =+S24*E24 -> 0 | W24: =+ROUND(V24*0.19,0) -> 0 | X24: =+V24+W24 -> 0 | Y24: =+X24*E24 -> 0 | AA24: =ROUND(+MIN(G24,L24),2) -> 0 | AB24: =ROUND(AVERAGE(G24,L24),2) -> #DIV/0! | AC24: =ROUND(+MAX(G24,L24),2) -> 0 | AD24: =+AA24/AC24-1 -> #DIV/0! | AE24: =ROUND(+AVERAGE(AA24,AB24),2) -> #DIV/0! | AG24: =+AE24 -> #DIV/0! | AH24: =+ROUND(AG24*19%,2) -> #DIV/0! | AI24: =ROUND(+AH24+AG24,2) -> #DIV/0! | AJ24: =ROUND(+AI24*E24*D24,2) -> #DIV/0!
B25: 16 | C25: SERVICIO MANTENIMIENTO PREVENTIVO Y CORRECTIVO DE MOTOBOMBA TIPO PEDROLLO POTENCIA 1/2 HP 120 V | D25: 1 | E25: 1 | H25: =+ROUND(G25*19%,2) -> 0 | I25: =ROUND(G25+H25,2) -> 0 | J25: =ROUND(+I25*E25*D25,2) -> 0 | M25: =+ROUND(L25*19%,2) -> 0 | N25: =ROUND(+L25+M25,2) -> 0 | O25: =ROUND(+N25*E25*D25,2) -> 0 | R25: =+ROUND(Q25*0.19,0) -> 0 | S25: =+Q25+R25 -> 0 | T25: =+S25*E25 -> 0 | V25: 0 | W25: =+ROUND(V25*0.19,0) -> 0 | X25: =+V25+W25 -> 0 | Y25: =+X25*E25 -> 0 | AA25: =ROUND(+MIN(G25,L25),2) -> 0 | AB25: =ROUND(AVERAGE(G25,L25),2) -> #DIV/0! | AC25: =ROUND(+MAX(G25,L25),2) -> 0 | AD25: =+AA25/AC25-1 -> #DIV/0! | AE25: =ROUND(+AVERAGE(AA25,AB25),2) -> #DIV/0! | AG25: =+AE25 -> #DIV/0! | AH25: =+ROUND(AG25*19%,2) -> #DIV/0! | AI25: =ROUND(+AH25+AG25,2) -> #DIV/0! | AJ25: =ROUND(+AI25*E25*D25,2) -> #DIV/0!
B26: 17 | C26: SERVICIO MANTENIMIENTO PREVENTIVO Y CORRECTIVO DE MOTOBOMBA TIPO HIDRO FLOW POTENCIA 1 HP | D26: 1 | E26: 1 | H26: =+ROUND(G26*19%,2) -> 0 | I26: =ROUND(G26+H26,2) -> 0 | J26: =ROUND(+I26*E26*D26,2) -> 0 | M26: =+ROUND(L26*19%,2) -> 0 | N26: =ROUND(+L26+M26,2) -> 0 | O26: =ROUND(+N26*E26*D26,2) -> 0 | R26: =+ROUND(Q26*0.19,0) -> 0 | S26: =+Q26+R26 -> 0 | T26: =+S26*E26 -> 0 | W26: =+ROUND(V26*0.19,0) -> 0 | X26: =+V26+W26 -> 0 | Y26: =+X26*E26 -> 0 | AA26: =ROUND(+MIN(G26,L26),2) -> 0 | AB26: =ROUND(AVERAGE(G26,L26),2) -> #DIV/0! | AC26: =ROUND(+MAX(G26,L26),2) -> 0 | AD26: =+AA26/AC26-1 -> #DIV/0! | AE26: =ROUND(+AVERAGE(AA26,AB26),2) -> #DIV/0! | AG26: =+AE26 -> #DIV/0! | AH26: =+ROUND(AG26*19%,2) -> #DIV/0! | AI26: =ROUND(+AH26+AG26,2) -> #DIV/0! | AJ26: =ROUND(+AI26*E26*D26,2) -> #DIV/0!
B27: TOTALES | J27: =ROUND(SUM(J10:J26),2) -> 0 | O27: =ROUND(SUM(O10:O26),2) -> 0 | T27: =SUM(#REF!) -> #REF! | Y27: =SUM(#REF!) -> #REF! | AJ27: =ROUND(SUM(AJ10:AJ26),2) -> #DIV/0!
C29: LISTA REPUESTOS RECURRENTES | G29: VALOR UNITARIO SIN IVA | H29: IVA | I29: VALOR UNITARIO IVA INCLUIDO | L29: VALOR UNITARIO SIN IVA | M29: IVA | N29: VALOR UNITARIO IVA INCLUIDO | AA29: VALOR COTIZACIÓN HÁBIL MÁS BAJA | AB29: PROMEDIO | AC29: VALOR COTIZACIÓN HÁBIL MÁS ALTA | AD29: PORCENTAJE DIFERENCIAL (BAJA/PROMEDIO) | AE29: MEDIA ARITMETICA BAJA | AG29: VALOR UNITARIO SIN IVA | AH29: IVA | AI29: VALOR UNITARIO IVA INCLUIDO | AJ29: VALOR TOTAL IVA INCLUIDO (1 dic de 2026 al 31 julio de 2026)
B30: 1 | C30: ABRAZADERA EN U DE 6" | D30: UN | E30: 1 | H30: =+ROUND(G30*19%,2) -> 0 | I30: =ROUND(G30+H30,2) -> 0 | M30: =+ROUND(L30*19%,2) -> 0 | N30: =ROUND(L30+M30,2) -> 0 | AA30: =ROUND(+MIN(G30,L30),2) -> 0 | AB30: =ROUND(AVERAGE(G30,L30),2) -> #DIV/0! | AC30: =ROUND(+MAX(G30,L30),2) -> 0 | AD30: =+AA30/AC30-1 -> #DIV/0! | AE30: =ROUND(+AVERAGE(AA30,AB30),2) -> #DIV/0! | AG30: =+AE30 -> #DIV/0! | AH30: =+ROUND(AG30*19%,2) -> #DIV/0! | AI30: =ROUND(+AH30+AG30,2) -> #DIV/0! | AJ30: =ROUND(+AI30*E30*D30,2) -> #DIV/0!
B31: =B30+1 -> 2 | C31: ADAPTADOR BRIDA 4" | D31: UN | E31: 1 | H31: =+ROUND(G31*19%,2) -> 0 | I31: =ROUND(G31+H31,2) -> 0 | M31: =+ROUND(L31*19%,2) -> 0 | N31: =ROUND(L31+M31,2) -> 0 | AA31: =ROUND(+MIN(G31,L31),2) -> 0 | AB31: =ROUND(AVERAGE(G31,L31),2) -> #DIV/0! | AC31: =ROUND(+MAX(G31,L31),2) -> 0 | AD31: =+AA31/AC31-1 -> #DIV/0! | AE31: =ROUND(+AVERAGE(AA31,AB31),2) -> #DIV/0! | AG31: =+AE31 -> #DIV/0! | AH31: =+ROUND(AG31*19%,2) -> #DIV/0! | AI31: =ROUND(+AH31+AG31,2) -> #DIV/0! | AJ31: =ROUND(+AI31*E31*D31,2) -> #DIV/0!
B32: =B31+1 -> 3 | C32: ADAPTADOR MACHO DE 1 1/2" | D32: UN | E32: 1 | H32: =+ROUND(G32*19%,2) -> 0 | I32: =ROUND(G32+H32,2) -> 0 | M32: =+ROUND(L32*19%,2) -> 0 | N32: =ROUND(L32+M32,2) -> 0 | AA32: =ROUND(+MIN(G32,L32),2) -> 0 | AB32: =ROUND(AVERAGE(G32,L32),2) -> #DIV/0! | AC32: =ROUND(+MAX(G32,L32),2) -> 0 | AD32: =+AA32/AC32-1 -> #DIV/0! | AE32: =ROUND(+AVERAGE(AA32,AB32),2) -> #DIV/0! | AG32: =+AE32 -> #DIV/0! | AH32: =+ROUND(AG32*19%,2) -> #DIV/0! | AI32: =ROUND(+AH32+AG32,2) -> #DIV/0! | AJ32: =ROUND(+AI32*E32*D32,2) -> #DIV/0!
B33: =B32+1 -> 4 | C33: ADAPTADOR MACHO DE 2" | D33: UN | E33: 1 | H33: =+ROUND(G33*19%,2) -> 0 | I33: =ROUND(G33+H33,2) -> 0 | M33: =+ROUND(L33*19%,2) -> 0 | N33: =ROUND(L33+M33,2) -> 0 | AA33: =ROUND(+MIN(G33,L33),2) -> 0 | AB33: =ROUND(AVERAGE(G33,L33),2) -> #DIV/0! | AC33: =ROUND(+MAX(G33,L33),2) -> 0 | AD33: =+AA33/AC33-1 -> #DIV/0! | AE33: =ROUND(+AVERAGE(AA33,AB33),2) -> #DIV/0! | AG33: =+AE33 -> #DIV/0! | AH33: =+ROUND(AG33*19%,2) -> #DIV/0! | AI33: =ROUND(+AH33+AG33,2) -> #DIV/0! | AJ33: =ROUND(+AI33*E33*D33,2) -> #DIV/0!
B34: =B33+1 -> 5 | C34: BORNERA PARA MOTOR DE 10 HP | D34: UN | E34: 1 | H34: =+ROUND(G34*19%,2) -> 0 | I34: =ROUND(G34+H34,2) -> 0 | M34: =+ROUND(L34*19%,2) -> 0 | N34: =ROUND(L34+M34,2) -> 0 | AA34: =ROUND(+MIN(G34,L34),2) -> 0 | AB34: =ROUND(AVERAGE(G34,L34),2) -> #DIV/0! | AC34: =ROUND(+MAX(G34,L34),2) -> 0 | AD34: =+AA34/AC34-1 -> #DIV/0! | AE34: =ROUND(+AVERAGE(AA34,AB34),2) -> #DIV/0! | AG34: =+AE34 -> #DIV/0! | AH34: =+ROUND(AG34*19%,2) -> #DIV/0! | AI34: =ROUND(+AH34+AG34,2) -> #DIV/0! | AJ34: =ROUND(+AI34*E34*D34,2) -> #DIV/0!
B35: =B34+1 -> 6 | C35: BUSHING DE 1" X 1/2" | D35: UN | E35: 1 | H35: =+ROUND(G35*19%,2) -> 0 | I35: =ROUND(G35+H35,2) -> 0 | M35: =+ROUND(L35*19%,2) -> 0 | N35: =ROUND(L35+M35,2) -> 0 | AA35: =ROUND(+MIN(G35,L35),2) -> 0 | AB35: =ROUND(AVERAGE(G35,L35),2) -> #DIV/0! | AC35: =ROUND(+MAX(G35,L35),2) -> 0 | AD35: =+AA35/AC35-1 -> #DIV/0! | AE35: =ROUND(+AVERAGE(AA35,AB35),2) -> #DIV/0! | AG35: =+AE35 -> #DIV/0! | AH35: =+ROUND(AG35*19%,2) -> #DIV/0! | AI35: =ROUND(+AH35+AG35,2) -> #DIV/0! | AJ35: =ROUND(+AI35*E35*D35,2) -> #DIV/0!
B36: =B35+1 -> 7 | C36: CABLE ENCAUCHETADO 4x12 | D36: ML | E36: 1 | H36: =+ROUND(G36*19%,2) -> 0 | I36: =ROUND(G36+H36,2) -> 0 | M36: =+ROUND(L36*19%,2) -> 0 | N36: =ROUND(L36+M36,2) -> 0 | AA36: =ROUND(+MIN(G36,L36),2) -> 0 | AB36: =ROUND(AVERAGE(G36,L36),2) -> #DIV/0! | AC36: =ROUND(+MAX(G36,L36),2) -> 0 | AD36: =+AA36/AC36-1 -> #DIV/0! | AE36: =ROUND(+AVERAGE(AA36,AB36),2) -> #DIV/0! | AG36: =+AE36 -> #DIV/0! | AH36: =+ROUND(AG36*19%,2) -> #DIV/0! | AI36: =ROUND(+AH36+AG36,2) -> #DIV/0! | AJ36: =ROUND(+AI36*E36*D36,2) -> #DIV/0!
B37: =B36+1 -> 8 | C37: CHEQUE CORTINA HELBERT DE 1 1/2" | D37: UN | E37: 1 | H37: =+ROUND(G37*19%,2) -> 0 | I37: =ROUND(G37+H37,2) -> 0 | M37: =+ROUND(L37*19%,2) -> 0 | N37: =ROUND(L37+M37,2) -> 0 | AA37: =ROUND(+MIN(G37,L37),2) -> 0 | AB37: =ROUND(AVERAGE(G37,L37),2) -> #DIV/0! | AC37: =ROUND(+MAX(G37,L37),2) -> 0 | AD37: =+AA37/AC37-1 -> #DIV/0! | AE37: =ROUND(+AVERAGE(AA37,AB37),2) -> #DIV/0! | AG37: =+AE37 -> #DIV/0! | AH37: =+ROUND(AG37*19%,2) -> #DIV/0! | AI37: =ROUND(+AH37+AG37,2) -> #DIV/0! | AJ37: =ROUND(+AI37*E37*D37,2) -> #DIV/0!
B38: =B37+1 -> 9 | C38: CHEQUE HIDRO HELBERT DE 2" | D38: UN | E38: 1 | H38: =+ROUND(G38*19%,2) -> 0 | I38: =ROUND(G38+H38,2) -> 0 | M38: =+ROUND(L38*19%,2) -> 0 | N38: =ROUND(L38+M38,2) -> 0 | AA38: =ROUND(+MIN(G38,L38),2) -> 0 | AB38: =ROUND(AVERAGE(G38,L38),2) -> #DIV/0! | AC38: =ROUND(+MAX(G38,L38),2) -> 0 | AD38: =+AA38/AC38-1 -> #DIV/0! | AE38: =ROUND(+AVERAGE(AA38,AB38),2) -> #DIV/0! | AG38: =+AE38 -> #DIV/0! | AH38: =+ROUND(AG38*19%,2) -> #DIV/0! | AI38: =ROUND(+AH38+AG38,2) -> #DIV/0! | AJ38: =ROUND(+AI38*E38*D38,2) -> #DIV/0!
B39: =B38+1 -> 10 | C39: CODO PVC 1" | D39: UN | E39: 1 | H39: =+ROUND(G39*19%,2) -> 0 | I39: =ROUND(G39+H39,2) -> 0 | M39: =+ROUND(L39*19%,2) -> 0 | N39: =ROUND(L39+M39,2) -> 0 | AA39: =ROUND(+MIN(G39,L39),2) -> 0 | AB39: =ROUND(AVERAGE(G39,L39),2) -> #DIV/0! | AC39: =ROUND(+MAX(G39,L39),2) -> 0 | AD39: =+AA39/AC39-1 -> #DIV/0! | AE39: =ROUND(+AVERAGE(AA39,AB39),2) -> #DIV/0! | AG39: =+AE39 -> #DIV/0! | AH39: =+ROUND(AG39*19%,2) -> #DIV/0! | AI39: =ROUND(+AH39+AG39,2) -> #DIV/0! | AJ39: =ROUND(+AI39*E39*D39,2) -> #DIV/0!
B40: =B39+1 -> 11 | C40: CODO PVC DE 1 1/2" | D40: UN | E40: 1 | H40: =+ROUND(G40*19%,2) -> 0 | I40: =ROUND(G40+H40,2) -> 0 | M40: =+ROUND(L40*19%,2) -> 0 | N40: =ROUND(L40+M40,2) -> 0 | AA40: =ROUND(+MIN(G40,L40),2) -> 0 | AB40: =ROUND(AVERAGE(G40,L40),2) -> #DIV/0! | AC40: =ROUND(+MAX(G40,L40),2) -> 0 | AD40: =+AA40/AC40-1 -> #DIV/0! | AE40: =ROUND(+AVERAGE(AA40,AB40),2) -> #DIV/0! | AG40: =+AE40 -> #DIV/0! | AH40: =+ROUND(AG40*19%,2) -> #DIV/0! | AI40: =ROUND(+AH40+AG40,2) -> #DIV/0! | AJ40: =ROUND(+AI40*E40*D40,2) -> #DIV/0!
B41: =B40+1 -> 12 | C41: COPA RANURADA DE 4" X 2" | D41: UN | E41: 1 | H41: =+ROUND(G41*19%,2) -> 0 | I41: =ROUND(G41+H41,2) -> 0 | M41: =+ROUND(L41*19%,2) -> 0 | N41: =ROUND(L41+M41,2) -> 0 | AA41: =ROUND(+MIN(G41,L41),2) -> 0 | AB41: =ROUND(AVERAGE(G41,L41),2) -> #DIV/0! | AC41: =ROUND(+MAX(G41,L41),2) -> 0 | AD41: =+AA41/AC41-1 -> #DIV/0! | AE41: =ROUND(+AVERAGE(AA41,AB41),2) -> #DIV/0! | AG41: =+AE41 -> #DIV/0! | AH41: =+ROUND(AG41*19%,2) -> #DIV/0! | AI41: =ROUND(+AH41+AG41,2) -> #DIV/0! | AJ41: =ROUND(+AI41*E41*D41,2) -> #DIV/0!
B42: =B41+1 -> 13 | C42: COPA RANURADA DE 4" x 3" | D42: UN | E42: 1 | H42: =+ROUND(G42*19%,2) -> 0 | I42: =ROUND(G42+H42,2) -> 0 | M42: =+ROUND(L42*19%,2) -> 0 | N42: =ROUND(L42+M42,2) -> 0 | AA42: =ROUND(+MIN(G42,L42),2) -> 0 | AB42: =ROUND(AVERAGE(G42,L42),2) -> #DIV/0! | AC42: =ROUND(+MAX(G42,L42),2) -> 0 | AD42: =+AA42/AC42-1 -> #DIV/0! | AE42: =ROUND(+AVERAGE(AA42,AB42),2) -> #DIV/0! | AG42: =+AE42 -> #DIV/0! | AH42: =+ROUND(AG42*19%,2) -> #DIV/0! | AI42: =ROUND(+AH42+AG42,2) -> #DIV/0! | AJ42: =ROUND(+AI42*E42*D42,2) -> #DIV/0!
... B54: =B53+1 -> 25 | C54: VALVULA EN BRONCE DE 3" | D54: UN | E54: 1 | H54: =+ROUND(G54*19%,2) -> 0 | I54: =ROUND(G54+H54,2) -> 0 | M54: =+ROUND(L54*19%,2) -> 0 | N54: =ROUND(L54+M54,2) -> 0 | AA54: =ROUND(+MIN(G54,L54),2) -> 0 | AB54: =ROUND(AVERAGE(G54,L54),2) -> #DIV/0! | AC54: =ROUND(+MAX(G54,L54),2) -> 0 | AD54: =+AA54/AC54-1 -> #DIV/0! | AE54: =ROUND(+AVERAGE(AA54,AB54),2) -> #DIV/0! | AG54: =+AE54 -> #DIV/0! | AH54: =+ROUND(AG54*19%,2) -> #DIV/0! | AI54: =ROUND(+AH54+AG54,2) -> #DIV/0! | AJ54: =ROUND(+AI54*E54*D54,2) -> #DIV/0!
I55: =SUM(I30:I54) -> 0 | N55: =SUM(N30:N54) -> 0
C56: PARA DETERMINAR EL VALOR DEL PRESENTE PROCESO SE UTILIZO LA FORMULA CONOCIDA COMO MEDIA ARITMETICA BAJA
C60: Fecha de elaboración:
C61: Estudio del Sector No.
C91: 1. ARMA NO LETAL CON KIT DE ENTRENAMIENTO
C93: 20 Marcadora paintball estilo o réplica del fusil m4.
C94: 20 Hopper o cargador color negro con capacidad de 200 bolas.
C95: 20 líneas de control remoto
C96: 20 Tanques de co2 de 20 onzas.
C97: 20 Kit de aseo o mantenimiento básico.
C98: 20 Careta protectora con lente antiempañante.
C99: 20 Chaleco protector dos piezas con velcros ajustables y sistema molle en espalda.
C100: 20 porta-pods 4+1 en color negro.
... C103: 20 pares de guantes con protección coraza

Sheet historico 
B2: ANEXO 4
H4: ANEXO 2 - COSTOS HISTÓRICOS
H5: SERVICIO DE MANTENIMIENTO PREVENTIVO Y CORRECTIVO TÉCNICO INTEGRAL ESPECIALIZADO CON SUMINISTRO DE INSUMOS Y BOLSA PARA REPUESTOS DE AIRES ACONDICIONADOS, EQUIPOS DE VENTILACIÓN Y CUARTOS FRÍOS QUE SE ENCUENTRAN INSTALADOS EN EL NIVEL CENTRAL Y EN BARRANQUILLA DE LA FISCALÍA GENERAL DE LA NACIÓN.
B6: ITEM | C6: NECESIDAD | D6: CANTIDAD EQUIPOS | E6: UBICACIÓN | F6: CANTIDAD REFERENTE | H6: FGN-NC-IPSE-0047-2020 CONTRATO-FGN-BC-0219-2020 ESTILO INGENIERIA S.A. valor vigencia 2020 | L6: PROYECCIÓN VALOR UNITARIO SIN IVA (IPC / Indices - Serie de empalme) | O6: ANÁLISIS PROYECCIÓN COSTOS HISTÓRICOS
H7: VALOR UNITARIO SIN IVA | I7: IVA | J7: VALOR TOTAL IVA INCLUIDO | L7: 24/19/2019 | M7: 44378 | O7: CANTIDAD | P7: VALOR UNITARIO SIN IVA | Q7: IVA | R7: VALOR UNITARIO IVA INCLUIDO | S7: VALOR TOTAL IVA INCLUIDO
L8: 105.48 | M8: 109.14
B10: 1 | C10: Equipo de aire acondicionado | D10: 1 | E10: Bogotá. | F10: 1 | H10: 39000 | I10: =+ROUND(H10*0.19,0) -> 7410 | J10: =+H10+I10 -> 46410 | L10: =ROUND($M$8/$L$8*H10,0) -> 40353 | O10: =+#REF! -> #REF! | P10: =+L10 -> 40353 | Q10: =+ROUND(P10*0.19,0) -> 7667 | R10: =+P10+Q10 -> 48020 | S10: =+R10*O10 -> #REF!
B11: =B10+1 -> 2 | C11: Equipo de aire acondicionado | D11: 1 | E11: Bogotá. | F11: 1 | H11: 117000 | I11: =+ROUND(H11*0.19,0) -> 22230 | J11: =+H11+I11 -> 139230 | L11: =ROUND($M$8/$L$8*H11,0) -> 121060 | O11: =+#REF! -> #REF! | P11: =+L11 -> 121060 | Q11: =+ROUND(P11*0.19,0) -> 23001 | R11: =+P11+Q11 -> 144061 | S11: =+R11*O11 -> #REF!
B12: =B11+1 -> 3 | C12: Equipo de aire acondicionado | D12: 1 | E12: Bogotá. | F12: 1 | H12: 117000 | I12: =+ROUND(H12*0.19,0) -> 22230 | J12: =+H12+I12 -> 139230 | L12: =ROUND($M$8/$L$8*H12,0) -> 121060 | O12: =+#REF! -> #REF! | P12: =+L12 -> 121060 | Q12: =+ROUND(P12*0.19,0) -> 23001 | R12: =+P12+Q12 -> 144061 | S12: =+R12*O12 -> #REF!
B13: =B12+1 -> 4 | C13: Equipo de aire acondicionado | D13: 1 | E13: Bogotá. | F13: 1 | H13: 19500 | I13: =+ROUND(H13*0.19,0) -> 3705 | J13: =+H13+I13 -> 23205 | L13: =ROUND($M$8/$L$8*H13,0) -> 20177 | O13: =+#REF! -> #REF! | P13: =+L13 -> 20177 | Q13: =+ROUND(P13*0.19,0) -> 3834 | R13: =+P13+Q13 -> 24011 | S13: =+R13*O13 -> #REF!
B14: =B13+1 -> 5 | C14: Equipo de aire acondicionado | D14: 1 | E14: Bogotá. | F14: 1 | H14: 117000 | I14: =+ROUND(H14*0.19,0) -> 22230 | J14: =+H14+I14 -> 139230 | L14: =ROUND($M$8/$L$8*H14,0) -> 121060 | O14: =+#REF! -> #REF! | P14: =+L14 -> 121060 | Q14: =+ROUND(P14*0.19,0) -> 23001 | R14: =+P14+Q14 -> 144061 | S14: =+R14*O14 -> #REF!
S15: =SUM(S8:S14) -> #REF!
C16: 1) Se indexaron los valores correspondientes al proceso identificado como
C19: Fecha de elaboración:
C20: Estudio del Sector No.

Sheet historico 2022
B2: ANEXO 4
K4: ANEXO 4 - COSTOS HISTÓRICOS
K5: SERVICIO DE MANTENIMIENTO PREVENTIVO Y CORRECTIVO TÉCNICO INTEGRAL ESPECIALIZADO CON SUMINISTRO DE INSUMOS Y BOLSA PARA REPUESTOS DE AIRES ACONDICIONADOS, EQUIPOS DE VENTILACIÓN Y CUARTOS FRÍOS QUE SE ENCUENTRAN INSTALADOS EN EL NIVEL CENTRAL Y EN BARRANQUILLA DE LA FISCALÍA GENERAL DE LA NACIÓN.
B6: ITEM | C6: NECESIDAD | D6: TIPO | E6: MARCA | F6: CAPACIDAD | G6: CANTIDAD EQUIPOS | H6: UBICACIÓN | I6: CANTIDAD REFERENTE | K6: FGN-IPSE-046-2019 NC CONTRATO NO. 0190 DE 2019 | O6: PROYECCIÓN VALOR UNITARIO SIN IVA (IPC / Indices - Serie de empalme) | R6: ANÁLISIS PROYECCIÓN COSTOS HISTÓRICOS
K7: VALOR UNITARIO SIN IVA | L7: IVA | M7: VALOR TOTAL IVA INCLUIDO | O7: 44501 | P7: 44378 | R7: CANTIDAD | S7: VALOR UNITARIO SIN IVA | T7: IVA | U7: VALOR UNITARIO IVA INCLUIDO | V7: VALOR TOTAL IVA INCLUIDO
O8: 105.8 | P8: 109.14
B10: 1 | C10: Equipo de aire acondicionado | D10: Fancoil | E10: Samsung | F10: 18000 btu/h | G10: 6 | H10: Bogotá. | I10: 1 | K10: 35681 | L10: =+ROUND(K10*0.19,0) -> 6779 | M10: =+K10+L10 -> 42460 | O10: =ROUND($P$8/$O$8*K10,0) -> 36807 | R10: =+F10 -> 18000 btu/h | S10: =+O10 -> 36807 | T10: =+ROUND(S10*0.19,0) -> 6993 | U10: =+S10+T10 -> 43800 | V10: =+U10*R10 -> #VALUE!
B11: =B10+1 -> 2 | C11: Equipo de aire acondicionado | D11: Minisplit | E11: starlight | F11: 18000 btu/h | G11: 2 | H11: Bogotá. | I11: 1 | K11: 35681 | L11: =+ROUND(K11*0.19,0) -> 6779 | M11: =+K11+L11 -> 42460 | O11: =ROUND($P$8/$O$8*K11,0) -> 36807 | R11: =+F11 -> 18000 btu/h | S11: =+O11 -> 36807 | T11: =+ROUND(S11*0.19,0) -> 6993 | U11: =+S11+T11 -> 43800 | V11: =+U11*R11 -> #VALUE!
B12: =B11+1 -> 3 | C12: Equipo de aire acondicionado | D12: Minisplit | E12: trane | F12: 24000 btu/h | G12: 2 | H12: Bogotá. | I12: 1 | K12: 35721 | L12: =+ROUND(K12*0.19,0) -> 6787 | M12: =+K12+L12 -> 42508 | O12: =ROUND($P$8/$O$8*K12,0) -> 36849 | R12: =+F12 -> 24000 btu/h | S12: =+O12 -> 36849 | T12: =+ROUND(S12*0.19,0) -> 7001 | U12: =+S12+T12 -> 43850 | V12: =+U12*R12 -> #VALUE!
B13: =B12+1 -> 4 | C13: Equipo de aire acondicionado | D13: Minisplit | E13: York | F13: 24000 btu/h | G13: 12 | H13: Bogotá. | I13: 1 | K13: 35083 | L13: =+ROUND(K13*0.19,0) -> 6666 | M13: =+K13+L13 -> 41749 | O13: =ROUND($P$8/$O$8*K13,0) -> 36191 | R13: =+F13 -> 24000 btu/h | S13: =+O13 -> 36191 | T13: =+ROUND(S13*0.19,0) -> 6876 | U13: =+S13+T13 -> 43067 | V13: =+U13*R13 -> #VALUE!
B14: =B13+1 -> 5 | C14: Equipo de aire acondicionado | D14: Minisplit | E14: Trane | F14: 12000 btu/h | G14: 2 | H14: Bogotá. | I14: 1 | K14: 35602 | L14: =+ROUND(K14*0.19,0) -> 6764 | M14: =+K14+L14 -> 42366 | O14: =ROUND($P$8/$O$8*K14,0) -> 36726 | R14: =+F14 -> 12000 btu/h | S14: =+O14 -> 36726 | T14: =+ROUND(S14*0.19,0) -> 6978 | U14: =+S14+T14 -> 43704 | V14: =+U14*R14 -> #VALUE!
B15: =B14+1 -> 6 | C15: Equipo de aire acondicionado | D15: Portátil | E15: Blueline | F15: 60000 btu/h | G15: 2 | H15: Bogotá. | I15: 1 | K15: 42097 | L15: =+ROUND(K15*0.19,0) -> 7998 | M15: =+K15+L15 -> 50095 | O15: =ROUND($P$8/$O$8*K15,0) -> 43426 | R15: =+F15 -> 60000 btu/h | S15: =+O15 -> 43426 | T15: =+ROUND(S15*0.19,0) -> 8251 | U15: =+S15+T15 -> 51677 | V15: =+U15*R15 -> #VALUE! | Y15: https://www.dane.gov.co/index.php/estadisticas-por-tema/precios-y-costos/indice-de-precios-al-consumidor-ipc
B16: =B15+1 -> 7 | C16: Equipo de aire acondicionado | D16: VRF -DVM-S | E16: Samsung | F16: 140000 btu/h | G16: 2 | H16: Bogotá. | I16: 1 | K16: 39580 | L16: =+ROUND(K16*0.19,0) -> 7520 | M16: =+K16+L16 -> 47100 | O16: =ROUND($P$8/$O$8*K16,0) -> 40830 | R16: =+F16 -> 140000 btu/h | S16: =+O16 -> 40830 | T16: =+ROUND(S16*0.19,0) -> 7758 | U16: =+S16+T16 -> 48588 | V16: =+U16*R16 -> #VALUE!
B17: =B16+1 -> 8 | C17: Equipo de aire acondicionado | D17: VRF -DVM-S | E17: Samsung | F17: 172000 btu/h | G17: 2 | H17: Bogotá. | I17: 1 | K17: 39849 | L17: =+ROUND(K17*0.19,0) -> 7571 | M17: =+K17+L17 -> 47420 | O17: =ROUND($P$8/$O$8*K17,0) -> 41107 | R17: =+F17 -> 172000 btu/h | S17: =+O17 -> 41107 | T17: =+ROUND(S17*0.19,0) -> 7810 | U17: =+S17+T17 -> 48917 | V17: =+U17*R17 -> #VALUE!
B18: =B17+1 -> 9 | C18: Equipo de aire acondicionado | D18: Cassette cuatro vías | E18: LG | F18: 36000 btu/h | G18: 10 | H18: Bogotá. | I18: 1 | K18: 35441 | L18: =+ROUND(K18*0.19,0) -> 6734 | M18: =+K18+L18 -> 42175 | O18: =ROUND($P$8/$O$8*K18,0) -> 36560 | R18: =+F18 -> 36000 btu/h | S18: =+O18 -> 36560 | T18: =+ROUND(S18*0.19,0) -> 6946 | U18: =+S18+T18 -> 43506 | V18: =+U18*R18 -> #VALUE!
B19: =B18+1 -> 10 | C19: Equipo de aire acondicionado | D19: Cassette cuatro vías | E19: Trane | F19: 38000 btu/h | G19: 2 | H19: Bogotá. | I19: 1 | K19: 36081 | L19: =+ROUND(K19*0.19,0) -> 6855 | M19: =+K19+L19 -> 42936 | O19: =ROUND($P$8/$O$8*K19,0) -> 37220 | R19: =+F19 -> 38000 btu/h | S19: =+O19 -> 37220 | T19: =+ROUND(S19*0.19,0) -> 7072 | U19: =+S19+T19 -> 44292 | V19: =+U19*R19 -> #VALUE!
B20: =B19+1 -> 11 | C20: Equipo de aire acondicionado | D20: fancoil | E20: Samsung | F20: 36000 btu/h | G20: 2 | H20: Bogotá. | I20: 1 | K20: 36081 | L20: =+ROUND(K20*0.19,0) -> 6855 | M20: =+K20+L20 -> 42936 | O20: =ROUND($P$8/$O$8*K20,0) -> 37220 | R20: =+F20 -> 36000 btu/h | S20: =+O20 -> 37220 | T20: =+ROUND(S20*0.19,0) -> 7072 | U20: =+S20+T20 -> 44292 | V20: =+U20*R20 -> #VALUE!
B21: =B20+1 -> 12 | C21: Equipo de aire acondicionado | D21: Minisplit | E21: LG | F21: 18000 btu/h | G21: 1 | H21: Bogotá. | I21: 1 | K21: 35602 | L21: =+ROUND(K21*0.19,0) -> 6764 | M21: =+K21+L21 -> 42366 | O21: =ROUND($P$8/$O$8*K21,0) -> 36726 | R21: =+F21 -> 18000 btu/h | S21: =+O21 -> 36726 | T21: =+ROUND(S21*0.19,0) -> 6978 | U21: =+S21+T21 -> 43704 | V21: =+U21*R21 -> #VALUE!
B22: =B21+1 -> 13 | C22: Equipo de Ventilación | D22: Suministro | E22: soler & palau | F22: 2513 CFM | G22: 1 | H22: Bogotá. | I22: 1 | K22: 37069 | L22: =+ROUND(K22*0.19,0) -> 7043 | M22: =+K22+L22 -> 44112 | O22: =ROUND($P$8/$O$8*K22,0) -> 38239 | R22: =+F22 -> 2513 CFM | S22: =+O22 -> 38239 | T22: =+ROUND(S22*0.19,0) -> 7265 | U22: =+S22+T22 -> 45504 | V22: =+U22*R22 -> #VALUE!
B23: =B22+1 -> 14 | C23: Equipo de Ventilación | D23: Fancoil | E23: Samsung | F23: 24000 btu/h | G23: 5 | H23: Bogotá. | I23: 1 | K23: 35362 | L23: =+ROUND(K23*0.19,0) -> 6719 | M23: =+K23+L23 -> 42081 | O23: =ROUND($P$8/$O$8*K23,0) -> 36478 | R23: =+F23 -> 24000 btu/h | S23: =+O23 -> 36478 | T23: =+ROUND(S23*0.19,0) -> 6931 | U23: =+S23+T23 -> 43409 | V23: =+U23*R23 -> #VALUE!
B24: =B23+1 -> 15 | C24: Equipo de Ventilación | D24: Minisplit | E24: Samsung | F24: 18000 btu/h | G24: 1 | H24: Bogotá. | I24: 1 | K24: 36002 | L24: =+ROUND(K24*0.19,0) -> 6840 | M24: =+K24+L24 -> 42842 | O24: =ROUND($P$8/$O$8*K24,0) -> 37139 | R24: =+F24 -> 18000 btu/h | S24: =+O24 -> 37139 | T24: =+ROUND(S24*0.19,0) -> 7056 | U24: =+S24+T24 -> 44195 | V24: =+U24*R24 -> #VALUE!
B25: =B24+1 -> 16 | C25: Equipo de aire acondicionado | D25: Minisplit | E25: LG | F25: 24000 btu/h | G25: 6 | H25: Bogotá. | I25: 1 | K25: 35362 | L25: =+ROUND(K25*0.19,0) -> 6719 | M25: =+K25+L25 -> 42081 | O25: =ROUND($P$8/$O$8*K25,0) -> 36478 | R25: =+F25 -> 24000 btu/h | S25: =+O25 -> 36478 | T25: =+ROUND(S25*0.19,0) -> 6931 | U25: =+S25+T25 -> 43409 | V25: =+U25*R25 -> #VALUE!
B26: =B25+1 -> 17 | C26: Equipo de aire acondicionado | D26: Minisplit | E26: starlight | F26: 6000 btu/h | G26: 2 | H26: Bogotá. | I26: 1 | K26: 35602 | L26: =+ROUND(K26*0.19,0) -> 6764 | M26: =+K26+L26 -> 42366 | O26: =ROUND($P$8/$O$8*K26,0) -> 36726 | R26: =+F26 -> 6000 btu/h | S26: =+O26 -> 36726 | T26: =+ROUND(S26*0.19,0) -> 6978 | U26: =+S26+T26 -> 43704 | V26: =+U26*R26 -> #VALUE!
B27: =B26+1 -> 18 | C27: Equipo de aire acondicionado | D27: Minisplit | E27: starlight | F27: 12000 btu/h | G27: 2 | H27: Bogotá. | I27: 1 | K27: 35681 | L27: =+ROUND(K27*0.19,0) -> 6779 | M27: =+K27+L27 -> 42460 | O27: =ROUND($P$8/$O$8*K27,0) -> 36807 | R27: =+F27 -> 12000 btu/h | S27: =+O27 -> 36807 | T27: =+ROUND(S27*0.19,0) -> 6993 | U27: =+S27+T27 -> 43800 | V27: =+U27*R27 -> #VALUE!
... B35: =B34+1 -> 26 | C35: Equipo de aire acondicionado | D35: cassette cuatro vías | E35: Samsung | F35: 18000 btu/h | G35: 1 | H35: Bogotá. | I35: 1 | K35: 35681 | L35: =+ROUND(K35*0.19,0) -> 6779 | M35: =+K35+L35 -> 42460 | O35: =ROUND($P$8/$O$8*K35,0) -> 36807 | R35: =+F35 -> 18000 btu/h | S35: =+O35 -> 36807 | T35: =+ROUND(S35*0.19,0) -> 6993 | U35: =+S35+T35 -> 43800 | V35: =+U35*R35 -> #VALUE!
B36: =B35+1 -> 27 | C36: Equipo de aire acondicionado | D36: fancoil | E36: Samsung | F36: 96000 btu/h | G36: 1 | H36: Bogotá. | I36: 1 | K36: 37417 | L36: =+ROUND(K36*0.19,0) -> 7109 | M36: =+K36+L36 -> 44526 | O36: =ROUND($P$8/$O$8*K36,0) -> 38598 | R36: =+F36 -> 96000 btu/h | S36: =+O36 -> 38598 | T36: =+ROUND(S36*0.19,0) -> 7334 | U36: =+S36+T36 -> 45932 | V36: =+U36*R36 -> #VALUE! | Y36: https://www.dane.gov.co/index.php/estadisticas-por-tema/precios-y-costos/indice-de-precios-al-consumidor-ipc
B37: =B36+1 -> 28 | C37: Equipo de aire acondicionado | D37: VRF multi V | E37: LG | F37: 114700 btu/h | G37: 1 | H37: Bogotá. | I37: 1 | K37: 57155 | L37: =+ROUND(K37*0.19,0) -> 10859 | M37: =+K37+L37 -> 68014 | O37: =ROUND($P$8/$O$8*K37,0) -> 58959 | R37: =+F37 -> 114700 btu/h | S37: =+O37 -> 58959 | T37: =+ROUND(S37*0.19,0) -> 11202 | U37: =+S37+T37 -> 70161 | V37: =+U37*R37 -> #VALUE!
B38: =B37+1 -> 29 | C38: Equipo de aire acondicionado | D38: VRF multi V | E38: LG | F38: 152900 btu/h | G38: 1 | H38: Bogotá. | I38: 1 | K38: 57156 | L38: =+ROUND(K38*0.19,0) -> 10860 | M38: =+K38+L38 -> 68016 | O38: =ROUND($P$8/$O$8*K38,0) -> 58960 | R38: =+F38 -> 152900 btu/h | S38: =+O38 -> 58960 | T38: =+ROUND(S38*0.19,0) -> 11202 | U38: =+S38+T38 -> 70162 | V38: =+U38*R38 -> #VALUE!
B39: =B38+1 -> 30 | C39: Equipo de aire acondicionado | D39: Minisplit | E39: CIAC | F39: 24000 btu/h | G39: 2 | H39: Bogotá. | I39: 1 | K39: 36002 | L39: =+ROUND(K39*0.19,0) -> 6840 | M39: =+K39+L39 -> 42842 | O39: =ROUND($P$8/$O$8*K39,0) -> 37139 | R39: =+F39 -> 24000 btu/h | S39: =+O39 -> 37139 | T39: =+ROUND(S39*0.19,0) -> 7056 | U39: =+S39+T39 -> 44195 | V39: =+U39*R39 -> #VALUE!
B40: =B39+1 -> 31 | C40: Equipo de aire acondicionado | D40: Cassette cuatro vías | E40: LG | F40: 34000 btu/h | G40: 3 | H40: Bogotá. | I40: 1 | K40: 36081 | L40: =+ROUND(K40*0.19,0) -> 6855 | M40: =+K40+L40 -> 42936 | O40: =ROUND($P$8/$O$8*K40,0) -> 37220 | R40: =+F40 -> 34000 btu/h | S40: =+O40 -> 37220 | T40: =+ROUND(S40*0.19,0) -> 7072 | U40: =+S40+T40 -> 44292 | V40: =+U40*R40 -> #VALUE!
B41: =B40+1 -> 32 | C41: Equipo de aire acondicionado | D41: Precisión | E41: Data | F41: 7,5 TR | G41: 4 | H41: Bogotá. | I41: 1 | K41: 38338 | L41: =+ROUND(K41*0.19,0) -> 7284 | M41: =+K41+L41 -> 45622 | O41: =ROUND($P$8/$O$8*K41,0) -> 39548 | R41: =+F41 -> 7,5 TR | S41: =+O41 -> 39548 | T41: =+ROUND(S41*0.19,0) -> 7514 | U41: =+S41+T41 -> 47062 | V41: =+U41*R41 -> #VALUE!
B42: =B41+1 -> 33 | C42: Equipo de Extracción | D42: tipo hongo | E42: soler & palau | F42: 2500 CFM | G42: 6 | H42: Bogotá. | I42: 1 | K42: 36778 | L42: =+ROUND(K42*0.19,0) -> 6988 | M42: =+K42+L42 -> 43766 | O42: =ROUND($P$8/$O$8*K42,0) -> 37939 | R42: =+F42 -> 2500 CFM | S42: =+O42 -> 37939 | T42: =+ROUND(S42*0.19,0) -> 7208 | U42: =+S42+T42 -> 45147 | V42: =+U42*R42 -> #VALUE!
B43: =B42+1 -> 34 | C43: Equipo de Extracción | D43: tipo hongo | E43: soler & palau | F43: 5000 CFM | G43: 2 | H43: Bogotá. | I43: 1 | K43: 37417 | L43: =+ROUND(K43*0.19,0) -> 7109 | M43: =+K43+L43 -> 44526 | O43: =ROUND($P$8/$O$8*K43,0) -> 38598 | R43: =+F43 -> 5000 CFM | S43: =+O43 -> 38598 | T43: =+ROUND(S43*0.19,0) -> 7334 | U43: =+S43+T43 -> 45932 | V43: =+U43*R43 -> #VALUE!
B44: =B43+1 -> 35 | C44: Equipo de Ventilación | D44: Lavadores de aire | E44: soler & palau | F44: 10000 CFM | G44: 12 | H44: Bogotá. | I44: 1 | K44: 36459 | L44: =+ROUND(K44*0.19,0) -> 6927 | M44: =+K44+L44 -> 43386 | O44: =ROUND($P$8/$O$8*K44,0) -> 37610 | R44: =+F44 -> 10000 CFM | S44: =+O44 -> 37610 | T44: =+ROUND(S44*0.19,0) -> 7146 | U44: =+S44+T44 -> 44756 | V44: =+U44*R44 -> #VALUE!
B45: =B44+1 -> 36 | C45: Equipo de Ventilación | D45: Suministro | E45: Trane | F45: 9000 CFM | G45: 2 | H45: Bogotá. | I45: 1 | K45: 36661 | L45: =+ROUND(K45*0.19,0) -> 6966 | M45: =+K45+L45 -> 43627 | O45: =ROUND($P$8/$O$8*K45,0) -> 37818 | R45: =+F45 -> 9000 CFM | S45: =+O45 -> 37818 | T45: =+ROUND(S45*0.19,0) -> 7185 | U45: =+S45+T45 -> 45003 | V45: =+U45*R45 -> #VALUE!
B46: =B45+1 -> 37 | C46: Equipo de aire acondicionado | D46: Split Ducto | E46: Trane | F46: 5800 CFM | G46: 1 | H46: Bogotá. | I46: 1 | K46: 36661 | L46: =+ROUND(K46*0.19,0) -> 6966 | M46: =+K46+L46 -> 43627 | O46: =ROUND($P$8/$O$8*K46,0) -> 37818 | R46: =+F46 -> 5800 CFM | S46: =+O46 -> 37818 | T46: =+ROUND(S46*0.19,0) -> 7185 | U46: =+S46+T46 -> 45003 | V46: =+U46*R46 -> #VALUE!
B47: =B46+1 -> 38 | C47: Equipo de Extracción | D47: tipo hongo | E47: soler & palau | F47: 3000 CFM | G47: 6 | H47: Bogotá. | I47: 1 | K47: 36022 | L47: =+ROUND(K47*0.19,0) -> 6844 | M47: =+K47+L47 -> 42866 | O47: =ROUND($P$8/$O$8*K47,0) -> 37159 | R47: =+F47 -> 3000 CFM | S47: =+O47 -> 37159 | T47: =+ROUND(S47*0.19,0) -> 7060 | U47: =+S47+T47 -> 44219 | V47: =+U47*R47 -> #VALUE!
B48: =B47+1 -> 39 | C48: Equipo de Ventilación | D48: Suministro | E48: Trane | F48: 3600 CFM | G48: 1 | H48: Bogotá. | I48: 1 | K48: 36901 | L48: =+ROUND(K48*0.19,0) -> 7011 | M48: =+K48+L48 -> 43912 | O48: =ROUND($P$8/$O$8*K48,0) -> 38066 | R48: =+F48 -> 3600 CFM | S48: =+O48 -> 38066 | T48: =+ROUND(S48*0.19,0) -> 7233 | U48: =+S48+T48 -> 45299 | V48: =+U48*R48 -> #VALUE!
... B56: =B55+1 -> 47 | C56: Equipo de aire acondicionado | D56: Cassette cuatro vías | E56: Trane | F56: 24000 btu/h | G56: 1 | H56: Bogotá. | I56: 1 | K56: 36081 | L56: =+ROUND(K56*0.19,0) -> 6855 | M56: =+K56+L56 -> 42936 | O56: =ROUND($P$8/$O$8*K56,0) -> 37220 | R56: =+F56 -> 24000 btu/h | S56: =+O56 -> 37220 | T56: =+ROUND(S56*0.19,0) -> 7072 | U56: =+S56+T56 -> 44292 | V56: =+U56*R56 -> #VALUE!
B57: =B56+1 -> 48 | C57: Equipo de aire acondicionado | D57: precision | E57: compuaire | F57: 60000 btu/h | G57: 2 | H57: Bogotá. | I57: 1 | K57: 43143 | L57: =+ROUND(K57*0.19,0) -> 8197 | M57: =+K57+L57 -> 51340 | O57: =ROUND($P$8/$O$8*K57,0) -> 44505 | R57: =+F57 -> 60000 btu/h | S57: =+O57 -> 44505 | T57: =+ROUND(S57*0.19,0) -> 8456 | U57: =+S57+T57 -> 52961 | V57: =+U57*R57 -> #VALUE! | Y57: https://www.dane.gov.co/index.php/estadisticas-por-tema/precios-y-costos/indice-de-precios-al-consumidor-ipc
B58: =B57+1 -> 49 | C58: Equipo de aire acondicionado | D58: Chiller | E58: Carrier | F58: 120000 btu/h | G58: 1 | H58: Bogotá. | I58: 1 | K58: 38472 | L58: =+ROUND(K58*0.19,0) -> 7310 | M58: =+K58+L58 -> 45782 | O58: =ROUND($P$8/$O$8*K58,0) -> 39687 | R58: =+F58 -> 120000 btu/h | S58: =+O58 -> 39687 | T58: =+ROUND(S58*0.19,0) -> 7541 | U58: =+S58+T58 -> 47228 | V58: =+U58*R58 -> #VALUE!
B59: =B58+1 -> 50 | C59: Equipo de aire acondicionado | D59: Minisplit | E59: lennox | F59: 36000 btu/h | G59: 5 | H59: Bogotá. | I59: 1 | K59: 35441 | L59: =+ROUND(K59*0.19,0) -> 6734 | M59: =+K59+L59 -> 42175 | O59: =ROUND($P$8/$O$8*K59,0) -> 36560 | R59: =+F59 -> 36000 btu/h | S59: =+O59 -> 36560 | T59: =+ROUND(S59*0.19,0) -> 6946 | U59: =+S59+T59 -> 43506 | V59: =+U59*R59 -> #VALUE!
B60: =B59+1 -> 51 | C60: Equipo de aire acondicionado | D60: Central | E60: York | F60: 48000 btu/h | G60: 1 | H60: Bogotá. | I60: 1 | K60: 36161 | L60: =+ROUND(K60*0.19,0) -> 6871 | M60: =+K60+L60 -> 43032 | O60: =ROUND($P$8/$O$8*K60,0) -> 37303 | R60: =+F60 -> 48000 btu/h | S60: =+O60 -> 37303 | T60: =+ROUND(S60*0.19,0) -> 7088 | U60: =+S60+T60 -> 44391 | V60: =+U60*R60 -> #VALUE!
B61: =B60+1 -> 52 | C61: Equipo de aire acondicionado | D61: Minisplit | E61: CIAC | F61: 34000 btu/h | G61: 1 | H61: Bogotá. | I61: 1 | K61: 36081 | L61: =+ROUND(K61*0.19,0) -> 6855 | M61: =+K61+L61 -> 42936 | O61: =ROUND($P$8/$O$8*K61,0) -> 37220 | R61: =+F61 -> 34000 btu/h | S61: =+O61 -> 37220 | T61: =+ROUND(S61*0.19,0) -> 7072 | U61: =+S61+T61 -> 44292 | V61: =+U61*R61 -> #VALUE!
B62: =B61+1 -> 53 | C62: Equipo de aire acondicionado | D62: Minisplit | E62: CIAC | F62: 18000 btu/h | G62: 2 | H62: Bogotá. | I62: 1 | K62: 35801 | L62: =+ROUND(K62*0.19,0) -> 6802 | M62: =+K62+L62 -> 42603 | O62: =ROUND($P$8/$O$8*K62,0) -> 36931 | R62: =+F62 -> 18000 btu/h | S62: =+O62 -> 36931 | T62: =+ROUND(S62*0.19,0) -> 7017 | U62: =+S62+T62 -> 43948 | V62: =+U62*R62 -> #VALUE!
B63: =B62+1 -> 54 | C63: Equipo de aire acondicionado | D63: Minisplit | E63: starlight | F63: 24000 btu/h | G63: 7 | H63: Bogotá. | I63: 1 | K63: 35162 | L63: =+ROUND(K63*0.19,0) -> 6681 | M63: =+K63+L63 -> 41843 | O63: =ROUND($P$8/$O$8*K63,0) -> 36272 | R63: =+F63 -> 24000 btu/h | S63: =+O63 -> 36272 | T63: =+ROUND(S63*0.19,0) -> 6892 | U63: =+S63+T63 -> 43164 | V63: =+U63*R63 -> #VALUE!
B64: =B63+1 -> 55 | C64: Cuarto frío | D64: UHA2M1 | E64: Ingeniería de refrigeración industrial | F64: 4°C | G64: 1 | H64: Bogotá. | I64: 1 | K64: 96036 | L64: =+ROUND(K64*0.19,0) -> 18247 | M64: =+K64+L64 -> 114283 | O64: =ROUND($P$8/$O$8*K64,0) -> 99068 | R64: =+F64 -> 4°C | S64: =+O64 -> 99068 | T64: =+ROUND(S64*0.19,0) -> 18823 | U64: =+S64+T64 -> 117891 | V64: =+U64*R64 -> #VALUE!
B65: =B64+1 -> 56 | C65: Cuarto frío | D65: UH2M2 | E65: Ingeniería de refrigeración industrial | F65: -20°C | G65: 1 | H65: Bogotá. | I65: 1 | K65: 100712 | L65: =+ROUND(K65*0.19,0) -> 19135 | M65: =+K65+L65 -> 119847 | O65: =ROUND($P$8/$O$8*K65,0) -> 103891 | R65: =+F65 -> -20°C | S65: =+O65 -> 103891 | T65: =+ROUND(S65*0.19,0) -> 19739 | U65: =+S65+T65 -> 123630 | V65: =+U65*R65 -> #VALUE!
B66: =B65+1 -> 57 | C66: Equipo de Refigeracion | D66: conservacion | E66: n/a | F66: 1/5 HP | G66: 2 | H66: Bogotá. | R66: =+F66 -> 1/5 HP
B67: =B66+1 -> 58 | C67: Equipo de aire acondicionado | D67: Minisplit | E67: Samsung | F67: 12000 btu/h | G67: 4 | H67: Bogotá. | I67: 1 | K67: 38106 | L67: =+ROUND(K67*0.19,0) -> 7240 | M67: =+K67+L67 -> 45346 | O67: =ROUND($P$8/$O$8*K67,0) -> 39309 | R67: =+F67 -> 12000 btu/h | S67: =+O67 -> 39309 | T67: =+ROUND(S67*0.19,0) -> 7469 | U67: =+S67+T67 -> 46778 | V67: =+U67*R67 -> #VALUE!
B68: =B67+1 -> 59 | C68: Equipo de aire acondicionado | D68: Casette | E68: Samsung | F68: 36000 btu/h | G68: 4 | H68: Bogotá. | I68: 1 | K68: 38185 | L68: =+ROUND(K68*0.19,0) -> 7255 | M68: =+K68+L68 -> 45440 | O68: =ROUND($P$8/$O$8*K68,0) -> 39390 | R68: =+F68 -> 36000 btu/h | S68: =+O68 -> 39390 | T68: =+ROUND(S68*0.19,0) -> 7484 | U68: =+S68+T68 -> 46874 | V68: =+U68*R68 -> #VALUE!
B69: =B68+1 -> 60 | C69: Equipo de aire acondicionado | D69: Cassette cuatro vías | E69: Samsung | F69: 24000 btu/h | G69: 8 | H69: Bogotá. | I69: 1 | K69: 37464 | L69: =+ROUND(K69*0.19,0) -> 7118 | M69: =+K69+L69 -> 44582 | O69: =ROUND($P$8/$O$8*K69,0) -> 38647 | R69: =+F69 -> 24000 btu/h | S69: =+O69 -> 38647 | T69: =+ROUND(S69*0.19,0) -> 7343 | U69: =+S69+T69 -> 45990 | V69: =+U69*R69 -> #VALUE!
B70: =B69+1 -> 61 | C70: Equipo de aire acondicionado | D70: Cassette una vía | E70: Samsung | F70: 18000 btu/h | G70: 2 | H70: Bogotá. | I70: 1 | K70: 38082 | L70: =+ROUND(K70*0.19,0) -> 7236 | M70: =+K70+L70 -> 45318 | O70: =ROUND($P$8/$O$8*K70,0) -> 39284 | R70: =+F70 -> 18000 btu/h | S70: =+O70 -> 39284 | T70: =+ROUND(S70*0.19,0) -> 7464 | U70: =+S70+T70 -> 46748 | V70: =+U70*R70 -> #VALUE!
B71: =B70+1 -> 62 | C71: Equipo de aire acondicionado | D71: Minisplit | E71: Temblue | F71: 24000 btu/h | G71: 3 | H71: Barranquilla. | I71: 1 | K71: 62996 | L71: =+ROUND(K71*0.19,0) -> 11969 | M71: =+K71+L71 -> 74965 | O71: =ROUND($P$8/$O$8*K71,0) -> 64985 | R71: =+F71 -> 24000 btu/h | S71: =+O71 -> 64985 | T71: =+ROUND(S71*0.19,0) -> 12347 | U71: =+S71+T71 -> 77332 | V71: =+U71*R71 -> #VALUE!
B72: =B71+1 -> 63 | C72: Equipo de aire acondicionado | D72: Piso techo | E72: CIAC | F72: 36000 btu/h | G72: 2 | H72: Barranquilla. | I72: 1 | K72: 62996 | L72: =+ROUND(K72*0.19,0) -> 11969 | M72: =+K72+L72 -> 74965 | O72: =ROUND($P$8/$O$8*K72,0) -> 64985 | R72: =+F72 -> 36000 btu/h | S72: =+O72 -> 64985 | T72: =+ROUND(S72*0.19,0) -> 12347 | U72: =+S72+T72 -> 77332 | V72: =+U72*R72 -> #VALUE!
B73: =B72+1 -> 64 | C73: Equipo de aire acondicionado | D73: Minisplit | E73: Confortfreh | F73: 24000 btu/h | G73: 2 | H73: Barranquilla. | I73: 1 | K73: 62996 | L73: =+ROUND(K73*0.19,0) -> 11969 | M73: =+K73+L73 -> 74965 | O73: =ROUND($P$8/$O$8*K73,0) -> 64985 | R73: =+F73 -> 24000 btu/h | S73: =+O73 -> 64985 | T73: =+ROUND(S73*0.19,0) -> 12347 | U73: =+S73+T73 -> 77332 | V73: =+U73*R73 -> #VALUE!
B74: =B73+1 -> 65 | C74: Equipo de aire acondicionado | D74: Minisplit | E74: Lennox | F74: 12000 btu/h | G74: 1 | H74: Barranquilla. | I74: 1 | K74: 62996 | L74: =+ROUND(K74*0.19,0) -> 11969 | M74: =+K74+L74 -> 74965 | O74: =ROUND($P$8/$O$8*K74,0) -> 64985 | R74: =+F74 -> 12000 btu/h | S74: =+O74 -> 64985 | T74: =+ROUND(S74*0.19,0) -> 12347 | U74: =+S74+T74 -> 77332 | V74: =+U74*R74 -> #VALUE!
B75: =B74+1 -> 66 | C75: Equipo de aire acondicionado | D75: central | E75: Conforfresh | F75: 60000 btu/h | G75: 1 | H75: Barranquilla. | I75: 1 | K75: 62996 | L75: =+ROUND(K75*0.19,0) -> 11969 | M75: =+K75+L75 -> 74965 | O75: =ROUND($P$8/$O$8*K75,0) -> 64985 | R75: =+F75 -> 60000 btu/h | S75: =+O75 -> 64985 | T75: =+ROUND(S75*0.19,0) -> 12347 | U75: =+S75+T75 -> 77332 | V75: =+U75*R75 -> #VALUE!
B76: =B75+1 -> 67 | C76: Equipo de aire acondicionado | D76: Portátil | E76: Conforstyle | F76: 12000 btu/h | G76: 1 | H76: Barranquilla. | I76: 1 | K76: 62996 | L76: =+ROUND(K76*0.19,0) -> 11969 | M76: =+K76+L76 -> 74965 | O76: =ROUND($P$8/$O$8*K76,0) -> 64985 | R76: =+F76 -> 12000 btu/h | S76: =+O76 -> 64985 | T76: =+ROUND(S76*0.19,0) -> 12347 | U76: =+S76+T76 -> 77332 | V76: =+U76*R76 -> #VALUE!
B77: =B76+1 -> 68 | C77: Equipo deshumidificador | D77: Portátil | E77: Gree | F77: 70P | G77: 2 | H77: Barranquilla. | I77: 1 | K77: 62996 | L77: =+ROUND(K77*0.19,0) -> 11969 | M77: =+K77+L77 -> 74965 | O77: =ROUND($P$8/$O$8*K77,0) -> 64985 | R77: =+F77 -> 70P | S77: =+O77 -> 64985 | T77: =+ROUND(S77*0.19,0) -> 12347 | U77: =+S77+T77 -> 77332 | V77: =+U77*R77 -> #VALUE!
B78: =B77+1 -> 69 | C78: Equipo deshumidificador | D78: Portátil | E78: Conforfresh | F78: 60P | G78: 4 | H78: Barranquilla. | I78: 1 | K78: 62996 | L78: =+ROUND(K78*0.19,0) -> 11969 | M78: =+K78+L78 -> 74965 | O78: =ROUND($P$8/$O$8*K78,0) -> 64985 | R78: =+F78 -> 60P | S78: =+O78 -> 64985 | T78: =+ROUND(S78*0.19,0) -> 12347 | U78: =+S78+T78 -> 77332 | V78: =+U78*R78 -> #VALUE!
V79: =SUM(V8:V30) -> #VALUE!
C80: 1) Se indexaron los valores correspondientes al proceso identificado como | E80: FGN-MC-0042-2019 NC ACEPTACIÓN DE OFERTA CONTRATO No. 0116 DE 2019
C83: Fecha de elaboración: | F83: =+GENERAL!B2 -> 46280
C84: Estudio del Sector No. | F84: 241

Sheet Anexo 1 HISTORICOS
B1: ANEXO 1
B3: ANÁLISIS PROYECCIÓN COSTOS HISTÓRICOS DE PROCESOS EN LA FISCALIA GENERAL DE LA NACIÓN
B4: =#REF! -> #REF!
B5: https://www.contratos.gov.co/consultas/detalleProceso.do?numConstancia=16-9-420890 | E5: CONTRATACIÓN | K5: PROYECCIÓN VALOR UNITARIO SIN IVA INCLUIDO (IPC / Indices - Serie de empalme)
B7: ITEM | C7: =#REF! -> #REF! | E7: CONTRATO No. FGN-NC-IPSE-0052- 2024 | K7: DICIEMBRE 2024 | L7: JULIO 2026 | M7: ANÁLISIS PROYECCIÓN COSTOS HISTÓRICOS (IPC / Indices - Serie de empalme) | R7: AUMENTO SALARIO MÍNIMO
E8: CANTIDAD | F8: VALOR UNITARIO SIN IVA | G8: IVA UNITARIO | H8: VALOR UNITARIO INCLUIDO IVA | I8: VALOR TOTAL INCLUIDO IVA | K8: 1.4488 | L8: 1.5953 | M8: CANTIDAD | N8: VALOR UNITARIO SIN IVA | O8: IVA UNITARIO | P8: VALOR UNITARIO INCLUIDO IVA | Q8: VALOR TOTAL INCLUIDO IVA | R8: 0.23
A10: 1 | B10: ='[2]ANEXO 1 -V. UNITARIOS '!B7 -> 1 | C10: ='Anexo1 cotizaciones2026'!C10 -> SERVICIO MANTENIMIENTO PREVENTIVO Y CORRECTIVO MOTOBOMBAS CENTRIFUGAS - CONTRA INCENDIO MARCA FAIRBANKS MORSE POTENCIA: 60 HP MOTOR ELECTRICO TRIFASICO MODELO 6219 A RPM 3560. | E10: 1 | F10: 5634.63 | G10: =F10*16% -> 901.5408 | H10: =F10+G10 -> 6536.1708 | I10: =H10*E10 -> 6536.1708 | K10: =+($L$8/$K$8) *F10 -> 6204.3935 | M10: =#REF! -> #REF! | N10: =K10 -> 6204.3935 | O10: =N10*19% -> 1178.8348 | P10: =N10+O10 -> 7383.2282 | Q10: =P10*M10 -> #REF! | R10: =(K10*23%)+K10 -> 7631.404
B11: ='[2]ANEXO 1 -V. UNITARIOS '!B8 -> 2 | C11: ='Anexo1 cotizaciones2026'!C11 -> SERVICIO MANTENIMIENTO PREVENTIVO Y CORRECTIVO MOTOBOMBA CENTRIFUGA - CONTRA INCENDIO MARCA PPATERSSON POTENCIA 125 HP MOTOR ELECTRICO TRIFASICO MODELO MD404TSTDS1400BABAN RPM560 | E11: 1 | F11: 5634.63 | G11: =F11*16% -> 901.5408 | H11: =F11+G11 -> 6536.1708 | I11: =H11*E11 -> 6536.1708 | K11: =+($L$8/$K$8)*F11 -> 6204.3935 | M11: =#REF! -> #REF! | N11: =K11 -> 6204.3935 | O11: =N11*19% -> 1178.8348 | P11: =N11+O11 -> 7383.2282 | Q11: =P11*M11 -> #REF! | R11: =(K11*23%)+K11 -> 7631.404
B12: ='[2]ANEXO 1 -V. UNITARIOS '!B9 -> 3 | C12: ='Anexo1 cotizaciones2026'!C12 -> SERVICIO MANTENIMIENTO PREVENTIVO Y CORRECTIVO MOTOBOMBA JOCKEY CONTRA INCENDIO MULTIETAPAS VERTICAL MARCA BALDOR POTENCIA: 5 HP MOTOR ELECTRICO TRIFASICO RPM 3450. | E12: 1 | F12: 5634.63 | G12: =F12*16% -> 901.5408 | H12: =F12+G12 -> 6536.1708 | I12: =H12*E12 -> 6536.1708 | K12: =+($L$8/$K$8)*F12 -> 6204.3935 | M12: =#REF! -> #REF! | N12: =K12 -> 6204.3935 | O12: =N12*19% -> 1178.8348 | P12: =N12+O12 -> 7383.2282 | Q12: =P12*M12 -> #REF! | R12: =(K12*23%)+K12 -> 7631.404
B13: ='[2]ANEXO 1 -V. UNITARIOS '!B10 -> 4 | C13: ='Anexo1 cotizaciones2026'!C13 -> SERVICIO MANTENIMIENTO PREVENTIVO Y CORRECTIVO MOTOBOMBA JOCKEY CONTRA INCENDIO MULTIETAPAS VERTICAL MARCA AURORA PUMP POTENCIA: 3 HP MOTOR ELECTRICO TRIFASICO RPM 3461. | E13: 1 | F13: 5634.63 | G13: =F13*16% -> 901.5408 | H13: =F13+G13 -> 6536.1708 | I13: =H13*E13 -> 6536.1708 | K13: =+($L$8/$K$8)*F13 -> 6204.3935 | M13: =#REF! -> #REF! | N13: =K13 -> 6204.3935 | O13: =N13*19% -> 1178.8348 | P13: =N13+O13 -> 7383.2282 | Q13: =P13*M13 -> #REF! | R13: =(K13*23%)+K13 -> 7631.404
B14: ='[2]ANEXO 1 -V. UNITARIOS '!B11 -> 5 | C14: ='Anexo1 cotizaciones2026'!C14 -> SERVICIO MANTENIMIENTO PREVENTIVO Y CORRECTIVO MOTOBOMBAS CENTRIFUGAS DE AGUA PPOTABLE MARCA IHM POTENCIA: 9 HP MOTOR ELECTRICO TRIFASICO RPM 3520. | E14: 1 | F14: 5634.63 | G14: =F14*16% -> 901.5408 | H14: =F14+G14 -> 6536.1708 | I14: =H14*E14 -> 6536.1708 | K14: =+($L$8/$K$8)*F14 -> 6204.3935 | M14: =#REF! -> #REF! | N14: =K14 -> 6204.3935 | O14: =N14*19% -> 1178.8348 | P14: =N14+O14 -> 7383.2282 | Q14: =P14*M14 -> #REF! | R14: =(K14*23%)+K14 -> 7631.404
B15: ='[2]ANEXO 1 -V. UNITARIOS '!B12 -> 6 | C15: ='Anexo1 cotizaciones2026'!C15 -> SERVICIO MANTENIMIENTO PREVENTIVO Y CORRECTIVO MOTOBOMBAS CENTRIFUGAS DE AGUA POTABLE MARCA BARNES POTENCIA: 10 HP MOTOR ELECTRICO TRIFASICO RPM 3480 | E15: 1 | F15: 5634.63 | G15: =F15*16% -> 901.5408 | H15: =F15+G15 -> 6536.1708 | I15: =H15*E15 -> 6536.1708 | K15: =+($L$8/$K$8)*F15 -> 6204.3935 | M15: =#REF! -> #REF! | N15: =K15 -> 6204.3935 | O15: =N15*19% -> 1178.8348 | P15: =N15+O15 -> 7383.2282 | Q15: =P15*M15 -> #REF! | R15: =(K15*23%)+K15 -> 7631.404
B16: ='[2]ANEXO 1 -V. UNITARIOS '!B13 -> 7 | C16: ='Anexo1 cotizaciones2026'!C16 -> SERVICIO MANTENIMIENTO PREVENTIVO DE TANQUES PRESURIZADOS HIDRONEUMATICOS MARCA IHM (500 LT) PRESION DE TRABAJO :125 PSI (8.8 BAR). | E16: 1 | F16: 5634.63 | G16: =F16*16% -> 901.5408 | H16: =F16+G16 -> 6536.1708 | I16: =H16*E16 -> 6536.1708 | K16: =+($L$8/$K$8)*F16 -> 6204.3935 | M16: =#REF! -> #REF! | N16: =K16 -> 6204.3935 | O16: =N16*19% -> 1178.8348 | P16: =N16+O16 -> 7383.2282 | Q16: =P16*M16 -> #REF! | R16: =(K16*23%)+K16 -> 7631.404 | T16: http://www.dane.gov.co/index.php/estadisticas-por-tema/precios-y-costos/indice-de-precios-al-consumidor-ipc
B17: ='[2]ANEXO 1 -V. UNITARIOS '!B14 -> 8 | C17: ='Anexo1 cotizaciones2026'!C17 -> SERVICIO MANTENIMIENTO PREVENTIVO Y CORRECTIVO MOTOBOMBAS CENTRIFUGAS DE AGUA POTABLE MARCA IHM POTENCIA: 12,5 HP MOTOR ELECTRICO TRIFASICO RPM 3580. | E17: 1 | F17: 5634.63 | G17: =F17*16% -> 901.5408 | H17: =F17+G17 -> 6536.1708 | I17: =H17*E17 -> 6536.1708 | K17: =+($L$8/$K$8)*F17 -> 6204.3935 | M17: =#REF! -> #REF! | N17: =K17 -> 6204.3935 | O17: =N17*19% -> 1178.8348 | P17: =N17+O17 -> 7383.2282 | Q17: =P17*M17 -> #REF! | R17: =(K17*23%)+K17 -> 7631.404
B18: ='[2]ANEXO 1 -V. UNITARIOS '!B15 -> 9 | C18: ='Anexo1 cotizaciones2026'!C18 -> SERVICIO MANTENIMIENTO PREVENTIVO Y CORRECTIVO DE TANQUES PRESURIZADOS HIDROACUMULADOR CON MEMBRANA MARCA IHM LA100H VOLUMEN 100 LT PRESION DE TRABAJO :150 PSI | E18: 1 | F18: 5634.63 | G18: =F18*16% -> 901.5408 | H18: =F18+G18 -> 6536.1708 | I18: =H18*E18 -> 6536.1708 | K18: =+($L$8/$K$8)*F18 -> 6204.3935 | M18: =#REF! -> #REF! | N18: =K18 -> 6204.3935 | O18: =N18*19% -> 1178.8348 | P18: =N18+O18 -> 7383.2282 | Q18: =P18*M18 -> #REF! | R18: =(K18*23%)+K18 -> 7631.404
B19: ='[2]ANEXO 1 -V. UNITARIOS '!B16 -> 10 | C19: ='Anexo1 cotizaciones2026'!C19 -> SERVICIO MANTENIMIENTO PREVENTIVO Y CORRECTIVO MOTOBOMBAS CENTRIFUGAS DE AGUA POTABLE MARCA BARNES POTENCIA: 10 HP MOTOR ELECTRICO TRIFASICO RPM 3500. | E19: 1 | F19: 5634.63 | G19: =F19*16% -> 901.5408 | H19: =F19+G19 -> 6536.1708 | I19: =H19*E19 -> 6536.1708 | K19: =+($L$8/$K$8)*F19 -> 6204.3935 | M19: =#REF! -> #REF! | N19: =K19 -> 6204.3935 | O19: =N19*19% -> 1178.8348 | P19: =N19+O19 -> 7383.2282 | Q19: =P19*M19 -> #REF! | R19: =(K19*23%)+K19 -> 7631.404
B20: ='[2]ANEXO 1 -V. UNITARIOS '!B17 -> 11 | C20: ='Anexo1 cotizaciones2026'!C20 -> SERVICIO MANTENIMIENTO PREVENTIVO Y CORRECTIVO MOTOBOMBAS CENTRIFUGAS DE AGUA POTABLE MARCA BARNES POTENCIA: 1.0 HP MOTOR ELECTRICO BIFASICO RPM 3450. | E20: 1 | F20: 5634.63 | G20: =F20*16% -> 901.5408 | H20: =F20+G20 -> 6536.1708 | I20: =H20*E20 -> 6536.1708 | K20: =+($L$8/$K$8)*F20 -> 6204.3935 | M20: =#REF! -> #REF! | N20: =K20 -> 6204.3935 | O20: =N20*19% -> 1178.8348 | P20: =N20+O20 -> 7383.2282 | Q20: =P20*M20 -> #REF! | R20: =(K20*23%)+K20 -> 7631.404
B21: ='[2]ANEXO 1 -V. UNITARIOS '!B18 -> 12 | C21: ='Anexo1 cotizaciones2026'!C21 -> SERVICIO DE LAVADO Y LIMPIEZA DE POZOS DE EYECCION | E21: 1 | F21: 5606.6 | G21: =F21*16% -> 897.056 | H21: =F21+G21 -> 6503.656 | I21: =H21*E21 -> 6503.656 | K21: =+($L$8/$K$8)*F21 -> 6173.5291 | M21: =#REF! -> #REF! | N21: =K21 -> 6173.5291 | O21: =N21*19% -> 1172.9705 | P21: =N21+O21 -> 7346.4996 | Q21: =P21*M21 -> #REF! | R21: =(K21*23%)+K21 -> 7593.4408
B22: ='[2]ANEXO 1 -V. UNITARIOS '!B19 -> 13 | C22: ='Anexo1 cotizaciones2026'!C22 -> SERVICIO MANTENIMIENTO PREVENTIVO Y CORRECTIVO ELECTROBOMBAS SUMERGIBLES AGUAS LLUVIAS Y AGUAS NEGRAS MARCA IHM POTENCIA: 2 HP | E22: 1 | F22: 5634.7 | G22: =F22*16% -> 901.552 | H22: =F22+G22 -> 6536.252 | I22: =H22*E22 -> 6536.252 | K22: =+($L$8/$K$8)*F22 -> 6204.4705 | M22: =#REF! -> #REF! | N22: =K22 -> 6204.4705 | O22: =N22*19% -> 1178.8494 | P22: =N22+O22 -> 7383.3199 | Q22: =P22*M22 -> #REF! | R22: =(K22*23%)+K22 -> 7631.4988
B23: ='[2]ANEXO 1 -V. UNITARIOS '!B20 -> 14 | C23: ='Anexo1 cotizaciones2026'!C23 -> SERVICIO MANTENIMIENTO PREVENTIVO Y CORRECTIVO MOTOBOMBA CENTRIFUGA MARCA BARNES POTENCIA: 6.6 HP MOTOR ELECTRICO 220 V | E23: 1 | F23: 5634.63 | G23: =F23*16% -> 901.5408 | H23: =F23+G23 -> 6536.1708 | I23: =H23*E23 -> 6536.1708 | K23: =+($L$8/$K$8)*F23 -> 6204.3935 | M23: =#REF! -> #REF! | N23: =K23 -> 6204.3935 | O23: =N23*19% -> 1178.8348 | P23: =N23+O23 -> 7383.2282 | Q23: =P23*M23 -> #REF! | R23: =(K23*23%)+K23 -> 7631.404
B24: ='[2]ANEXO 1 -V. UNITARIOS '!B21 -> 15 | C24: ='Anexo1 cotizaciones2026'!C24 -> SERVICIO MANTENIMIENTO PREVENTIVO Y CORRECTIVO DE TANQUE PRESURIZADO HIDROACUMULADOR CON MMEMBRANA MARCAIHM CAPACIDAD 300 L | E24: 1 | F24: 5634.63 | G24: =F24*16% -> 901.5408 | H24: =F24+G24 -> 6536.1708 | I24: =H24*E24 -> 6536.1708 | K24: =+($L$8/$K$8)*F24 -> 6204.3935 | M24: =#REF! -> #REF! | N24: =K24 -> 6204.3935 | O24: =N24*19% -> 1178.8348 | P24: =N24+O24 -> 7383.2282 | Q24: =P24*M24 -> #REF! | R24: =(K24*23%)+K24 -> 7631.404
B25: ='[2]ANEXO 1 -V. UNITARIOS '!B22 -> 16 | C25: ='Anexo1 cotizaciones2026'!C25 -> SERVICIO MANTENIMIENTO PREVENTIVO Y CORRECTIVO DE MOTOBOMBA TIPO PEDROLLO POTENCIA 1/2 HP 120 V | E25: 1 | F25: 5634.63 | G25: =F25*16% -> 901.5408 | H25: =F25+G25 -> 6536.1708 | I25: =H25*E25 -> 6536.1708 | K25: =+($L$8/$K$8)*F25 -> 6204.3935 | M25: =#REF! -> #REF! | N25: =K25 -> 6204.3935 | O25: =N25*19% -> 1178.8348 | P25: =N25+O25 -> 7383.2282 | Q25: =P25*M25 -> #REF! | R25: =(K25*23%)+K25 -> 7631.404
B26: ='[2]ANEXO 1 -V. UNITARIOS '!B23 -> 17 | C26: ='Anexo1 cotizaciones2026'!C26 -> SERVICIO MANTENIMIENTO PREVENTIVO Y CORRECTIVO DE MOTOBOMBA TIPO HIDRO FLOW POTENCIA 1 HP | E26: 1 | F26: 5634.63 | G26: =F26*16% -> 901.5408 | H26: =F26+G26 -> 6536.1708 | I26: =H26*E26 -> 6536.1708 | K26: =+($L$8/$K$8)*F26 -> 6204.3935 | M26: =#REF! -> #REF! | N26: =K26 -> 6204.3935 | O26: =N26*19% -> 1178.8348 | P26: =N26+O26 -> 7383.2282 | Q26: =P26*M26 -> #REF! | R26: =(K26*23%)+K26 -> 7631.404
B27: ='[2]ANEXO 1 -V. UNITARIOS '!B24 -> TOTALES | I27: =SUM(I10:I21) -> 78401.535 | Q27: =SUM(Q10:Q21) -> #REF!
B28: 1. Para traer a valor presente los precios unitarios, se toma el índice de serie del mes vigente dividido por el índice de serie del mes y año en que fue efectuada la compra. Este resultado se multiplica por el precio de la misma.
B29: 2. Para realizar la proyección se tomó el valor unitario antes de IVA.
C33: LISTADO DE REPUESTOS RECURRENTES
B34: LISTADO DE REPUESTOS RECURRENTES
B35: ÍTEM | C35: REPUESTO | D35: UNIDAD DE MEDIDA | E35: CANTIDAD REFERENTE | F35: VALOR UNITARIO SIN IVA | H35: VALOR UNITARIO SIN IVA | I35: IVA | K35: PROYECCIÓN VALOR UNITARIO SIN IVA INCLUIDO (IPC / Indices - Serie de empalme) | M35: VALOR UNITARIO CON IVA | O35: VALOR UNITARIO SIN IVA | P35: IVA | Q35: VALOR UNITARIO CON IVA | V35: VALOR TOTAL MANTENIMIENTOS CON IVA
B36: 1 | C36: ABRAZADERA EN U DE 6" | D36: UN | E36: 1 | F36: 24421.29 | H36: 24653.05 | I36: =ROUND(H36*19%,0) -> 4684 | K36: =+($L$8/$K$8)*F36 -> 26890.726 | N36: =K36 -> 26890.726 | O36: =ROUND(AVERAGE(K36,H36),0) -> 25772 | P36: =ROUND(O36*19%,0) -> 4897 | Q36: =+ROUND(O36+P36,0) -> 30669 | T36: =+(H36-K36)/K36 -> -0.083213673 | V36: =N36*E36 -> 26890.726
B37: 2 | C37: ADAPTADOR BRIDA 4" | D37: UN | E37: 1 | F37: 3726.7 | I37: =ROUND(H37*19%,0) -> 0 | K37: =+($L$8/$K$8)*F37 -> 4103.5371 | M37: =+ROUND(+K37+#REF!,0) -> #REF! | N37: =K37 -> 4103.5371 | O37: =ROUND(AVERAGE(K37,H37),0) -> 4104 | P37: =ROUND(O37*19%,0) -> 780 | Q37: =+ROUND(O37+P37,0) -> 4884 | T37: =+(H37-K37)/K37 -> -1 | V37: =N37*E37 -> 4103.5371
B38: 3 | C38: ADAPTADOR MACHO DE 1 1/2" | D38: UN | E38: 1 | F38: 1249.31 | I38: =ROUND(H38*19%,0) -> 0 | K38: =+($L$8/$K$8)*F38 -> 1375.6379 | M38: =+ROUND(+K38+#REF!,0) -> #REF! | N38: =K38 -> 1375.6379 | O38: =ROUND(AVERAGE(K38,H38),0) -> 1376 | P38: =ROUND(O38*19%,0) -> 261 | Q38: =+ROUND(O38+P38,0) -> 1637 | T38: =+(H38-K38)/K38 -> -1 | V38: =N38*E38 -> 1375.6379
B39: 4 | C39: ADAPTADOR MACHO DE 2" | D39: UN | E39: 1 | F39: 2213.44 | I39: =ROUND(H39*19%,0) -> 0 | K39: =+($L$8/$K$8)*F39 -> 2437.259 | M39: =+ROUND(+K39+#REF!,0) -> #REF! | N39: =K39 -> 2437.259 | O39: =ROUND(AVERAGE(K39,H39),0) -> 2437 | P39: =ROUND(O39*19%,0) -> 463 | Q39: =+ROUND(O39+P39,0) -> 2900 | T39: =+(H39-K39)/K39 -> -1 | V39: =N39*E39 -> 2437.259
B40: 5 | C40: BORNERA PARA MOTOR DE 10 HP | D40: UN | E40: 1 | F40: 26735.9 | I40: =ROUND(H40*19%,0) -> 0 | K40: =+($L$8/$K$8)*F40 -> 29439.385 | M40: =+ROUND(+K40+#REF!,0) -> #REF! | N40: =K40 -> 29439.385 | O40: =ROUND(AVERAGE(K40,H40),0) -> 29439 | P40: =ROUND(O40*19%,0) -> 5593 | Q40: =+ROUND(O40+P40,0) -> 35032 | T40: =+(H40-K40)/K40 -> -1 | V40: =N40*E40 -> 29439.385
B41: 6 | C41: BUSHING DE 1" X 1/2" | D41: UN | E41: 1 | F41: 5342.37 | I41: =ROUND(H41*19%,0) -> 0 | K41: =+($L$8/$K$8)*F41 -> 5882.5807 | M41: =+ROUND(+K41+#REF!,0) -> #REF! | N41: =K41 -> 5882.5807 | O41: =ROUND(AVERAGE(K41,H41),0) -> 5883 | P41: =ROUND(O41*19%,0) -> 1118 | Q41: =+ROUND(O41+P41,0) -> 7001 | T41: =+(H41-K41)/K41 -> -1 | V41: =N41*E41 -> 5882.5807
B42: 7 | C42: CABLE ENCAUCHETADO 4 x 12 | D42: ML | E42: 1 | F42: 2900.28 | I42: =ROUND(H42*19%,0) -> 0 | K42: =+($L$8/$K$8)*F42 -> 3193.551 | M42: =+ROUND(+K42+#REF!,0) -> #REF! | N42: =K42 -> 3193.551 | O42: =ROUND(AVERAGE(K42,H42),0) -> 3194 | P42: =ROUND(O42*19%,0) -> 607 | Q42: =+ROUND(O42+P42,0) -> 3801 | T42: =+(H42-K42)/K42 -> -1 | V42: =N42*E42 -> 3193.551 | Y42: valores historicos actualizados ok
B43: 8 | C43: CHEQUE CORTINA HELBERT DE 1 1/2" | D43: UN | E43: 1 | F43: 40855.29 | I43: =ROUND(H43*19%,0) -> 0 | K43: =+($L$8/$K$8)*F43 -> 44986.502 | M43: =+ROUND(+K43+#REF!,0) -> #REF! | N43: =K43 -> 44986.502 | O43: =ROUND(AVERAGE(K43,H43),0) -> 44987 | P43: =ROUND(O43*19%,0) -> 8548 | Q43: =+ROUND(O43+P43,0) -> 53535 | T43: =+(H43-K43)/K43 -> -1 | V43: =N43*E43 -> 44986.502
B44: 9 | C44: CHEQUE HIDRO HELBERT DE 2" | D44: UN | E44: 1 | F44: 47341.55 | I44: =ROUND(H44*19%,0) -> 0 | K44: =+($L$8/$K$8)*F44 -> 52128.641 | M44: =+ROUND(+K44+#REF!,0) -> #REF! | N44: =K44 -> 52128.641 | O44: =ROUND(AVERAGE(K44,H44),0) -> 52129 | P44: =ROUND(O44*19%,0) -> 9905 | Q44: =+ROUND(O44+P44,0) -> 62034 | T44: =+(H44-K44)/K44 -> -1 | V44: =N44*E44 -> 52128.641
B45: 10 | C45: CODO PVC 1" | D45: UN | E45: 1 | F45: 887.89 | I45: =ROUND(H45*19%,0) -> 0 | K45: =+($L$8/$K$8)*F45 -> 977.67181 | M45: =+ROUND(+K45+#REF!,0) -> #REF! | N45: =K45 -> 977.67181 | O45: =ROUND(AVERAGE(K45,H45),0) -> 978 | P45: =ROUND(O45*19%,0) -> 186 | Q45: =+ROUND(O45+P45,0) -> 1164 | T45: =+(H45-K45)/K45 -> -1 | V45: =N45*E45 -> 977.67181
B46: 11 | C46: CODO PVC DE 1 1/2" | D46: UN | E46: 1 | F46: 1500.83 | I46: =ROUND(H46*19%,0) -> 0 | K46: =+($L$8/$K$8)*F46 -> 1652.5912 | M46: =+ROUND(+K46+#REF!,0) -> #REF! | N46: =K46 -> 1652.5912 | O46: =ROUND(AVERAGE(K46,H46),0) -> 1653 | P46: =ROUND(O46*19%,0) -> 314 | Q46: =+ROUND(O46+P46,0) -> 1967 | T46: =+(H46-K46)/K46 -> -1 | V46: =N46*E46 -> 1652.5912
B47: 12 | C47: COPA RANURADA DE 4" X 2" | D47: UN | E47: 1 | F47: 45154.9 | H47: =+'[3]ANEXO 1 -V. UNITARIOS '!Y35 -> 0 | I47: =ROUND(H47*19%,0) -> 0 | K47: =+($L$8/$K$8)*F47 -> 49720.881 | M47: =+ROUND(+K47+#REF!,0) -> #REF! | N47: =K47 -> 49720.881 | O47: =ROUND(AVERAGE(K47,H47),0) -> 24860 | P47: =ROUND(O47*19%,0) -> 4723 | Q47: =+ROUND(O47+P47,0) -> 29583 | T47: =+(H47-K47)/K47 -> -1 | V47: =N47*E47 -> 49720.881
B48: 13 | C48: COPA RANURADA DE 4" x 3" | D48: UN | E48: 1 | F48: 48461.59 | H48: =+'[3]ANEXO 1 -V. UNITARIOS '!Y36 -> 0 | I48: =ROUND(H48*19%,0) -> 0 | K48: =+($L$8/$K$8)*F48 -> 53361.937 | M48: =+ROUND(+K48+#REF!,0) -> #REF! | N48: =K48 -> 53361.937 | O48: =ROUND(AVERAGE(K48,H48),0) -> 26681 | P48: =ROUND(O48*19%,0) -> 5069 | Q48: =+ROUND(O48+P48,0) -> 31750 | T48: =+(H48-K48)/K48 -> -1 | V48: =N48*E48 -> 53361.937
B49: 14 | C49: COUPLIN DE 2" | D49: UN | E49: 1 | F49: 24294.57 | H49: =+'[3]ANEXO 1 -V. UNITARIOS '!Y37 -> 0 | I49: =ROUND(H49*19%,0) -> 0 | K49: =+($L$8/$K$8)*F49 -> 26751.192 | M49: =+ROUND(+K49+#REF!,0) -> #REF! | N49: =K49 -> 26751.192 | O49: =ROUND(AVERAGE(K49,H49),0) -> 13376 | P49: =ROUND(O49*19%,0) -> 2541 | Q49: =+ROUND(O49+P49,0) -> 15917 | T49: =+(H49-K49)/K49 -> -1 | V49: =N49*E49 -> 26751.192
B50: 15 | C50: COUPLIN DE 6" | D50: UN | E50: 1 | F50: 48589.13 | H50: =+'[3]ANEXO 1 -V. UNITARIOS '!Y38 -> 0 | I50: =ROUND(H50*19%,0) -> 0 | K50: =+($L$8/$K$8)*F50 -> 53502.374 | M50: =+ROUND(+K50+#REF!,0) -> #REF! | N50: =K50 -> 53502.374 | O50: =ROUND(AVERAGE(K50,H50),0) -> 26751 | P50: =ROUND(O50*19%,0) -> 5083 | Q50: =+ROUND(O50+P50,0) -> 31834 | T50: =+(H50-K50)/K50 -> -1 | V50: =N50*E50 -> 53502.374
B51: 16 | C51: FLOTADOR ELECTRICO | D51: UN | E51: 1 | F51: 37599.57 | H51: =+'[3]ANEXO 1 -V. UNITARIOS '!Y39 -> 0 | I51: =ROUND(H51*19%,0) -> 0 | K51: =+($L$8/$K$8)*F51 -> 41401.57 | M51: =+ROUND(+K51+#REF!,0) -> #REF! | N51: =K51 -> 41401.57 | O51: =ROUND(AVERAGE(K51,H51),0) -> 20701 | P51: =ROUND(O51*19%,0) -> 3933 | Q51: =+ROUND(O51+P51,0) -> 24634 | T51: =+(H51-K51)/K51 -> -1 | V51: =N51*E51 -> 41401.57
B52: 17 | C52: MANOMETRO GLICERINA 0-150L | D52: UN | E52: 1 | F52: 17426.09 | H52: =+'[3]ANEXO 1 -V. UNITARIOS '!Y40 -> 0 | I52: =ROUND(H52*19%,0) -> 0 | K52: =+($L$8/$K$8)*F52 -> 19188.184 | M52: =+ROUND(+K52+#REF!,0) -> #REF! | N52: =K52 -> 19188.184 | O52: =ROUND(AVERAGE(K52,H52),0) -> 9594 | P52: =ROUND(O52*19%,0) -> 1823 | Q52: =+ROUND(O52+P52,0) -> 11417 | T52: =+(H52-K52)/K52 -> -1 | V52: =N52*E52 -> 19188.184
B53: 18 | C53: NIPLE INOX 1/2" X 11 CM SCH 40 | D53: ML | E53: 1 | F53: 8305.44 | H53: =+'[3]ANEXO 1 -V. UNITARIOS '!Y41 -> 0 | I53: =ROUND(H53*19%,0) -> 0 | K53: =+($L$8/$K$8)*F53 -> 9145.2709 | M53: =+ROUND(+K53+#REF!,0) -> #REF! | N53: =K53 -> 9145.2709 | O53: =ROUND(AVERAGE(K53,H53),0) -> 4573 | P53: =ROUND(O53*19%,0) -> 869 | Q53: =+ROUND(O53+P53,0) -> 5442 | T53: =+(H53-K53)/K53 -> -1 | V53: =N53*E53 -> 9145.2709
B54: 19 | C54: REGISTRO DE 1 1/2" | D54: UN | E54: 1 | F54: 33348.67 | H54: =+'[3]ANEXO 1 -V. UNITARIOS '!Y42 -> 0 | I54: =ROUND(H54*19%,0) -> 0 | K54: =+($L$8/$K$8)*F54 -> 36720.826 | M54: =+ROUND(+K54+#REF!,0) -> #REF! | N54: =K54 -> 36720.826 | O54: =ROUND(AVERAGE(K54,H54),0) -> 18360 | P54: =ROUND(O54*19%,0) -> 3488 | Q54: =+ROUND(O54+P54,0) -> 21848 | T54: =+(H54-K54)/K54 -> -1 | V54: =N54*E54 -> 36720.826
B55: 20 | C55: TEE DE 4" RANURADA | D55: UN | E55: 1 | F55: 67691.06 | H55: =+'[3]ANEXO 1 -V. UNITARIOS '!Y43 -> 0 | I55: =ROUND(H55*19%,0) -> 0 | K55: =+($L$8/$K$8)*F55 -> 74535.856 | M55: =+ROUND(+K55+#REF!,0) -> #REF! | N55: =K55 -> 74535.856 | O55: =ROUND(AVERAGE(K55,H55),0) -> 37268 | P55: =ROUND(O55*19%,0) -> 7081 | Q55: =+ROUND(O55+P55,0) -> 44349 | T55: =+(H55-K55)/K55 -> -1 | V55: =N55*E55 -> 74535.856
B56: 21 | C56: TUBERIA EN ACERO INOX DE 6" SHC 40 | D56: ML | E56: 1 | F56: 402186.7 | H56: =+'[3]ANEXO 1 -V. UNITARIOS '!Y44 -> 0 | I56: =ROUND(H56*19%,0) -> 0 | K56: =+($L$8/$K$8)*F56 -> 442855.08 | M56: =+ROUND(+K56+#REF!,0) -> #REF! | N56: =K56 -> 442855.08 | O56: =ROUND(AVERAGE(K56,H56),0) -> 221428 | P56: =ROUND(O56*19%,0) -> 42071 | Q56: =+ROUND(O56+P56,0) -> 263499 | T56: =+(H56-K56)/K56 -> -1 | V56: =N56*E56 -> 442855.08
B57: 22 | C57: UNION DRESER DE 3" | D57: UN | E57: 1 | F57: 31544.04 | H57: =+'[3]ANEXO 1 -V. UNITARIOS '!Y45 -> 0 | I57: =ROUND(H57*19%,0) -> 0 | K57: =+($L$8/$K$8)*F57 -> 34733.715 | M57: =+ROUND(+K57+#REF!,0) -> #REF! | N57: =K57 -> 34733.715 | O57: =ROUND(AVERAGE(K57,H57),0) -> 17367 | P57: =ROUND(O57*19%,0) -> 3300 | Q57: =+ROUND(O57+P57,0) -> 20667 | T57: =+(H57-K57)/K57 -> -1 | V57: =N57*E57 -> 34733.715
B58: 23 | C58: UNION RANURADA DE 6" | D58: UN | E58: 1 | F58: 58891.81 | H58: =+'[3]ANEXO 1 -V. UNITARIOS '!Y46 -> 0 | I58: =ROUND(H58*19%,0) -> 0 | K58: =+($L$8/$K$8)*F58 -> 64846.842 | M58: =+ROUND(+K58+#REF!,0) -> #REF! | N58: =K58 -> 64846.842 | O58: =ROUND(AVERAGE(K58,H58),0) -> 32423 | P58: =ROUND(O58*19%,0) -> 6160 | Q58: =+ROUND(O58+P58,0) -> 38583 | T58: =+(H58-K58)/K58 -> -1 | V58: =N58*E58 -> 64846.842
... B60: 25 | C60: VALVULA EN BRONCE DE 3" | D60: UN | E60: 1 | F60: 103663 | H60: =+'[3]ANEXO 1 -V. UNITARIOS '!Y48 -> 0 | I60: =ROUND(H60*19%,0) -> 0 | K60: =+($L$8/$K$8)*F60 -> 114145.21 | M60: =+ROUND(+K60+#REF!,0) -> #REF! | N60: =K60 -> 114145.21 | O60: =ROUND(AVERAGE(K60,H60),0) -> 57073 | P60: =ROUND(O60*19%,0) -> 10844 | Q60: =+ROUND(O60+P60,0) -> 67917 | T60: =+(H60-K60)/K60 -> -1 | V60: =N60*E60 -> 114145.21
B61: SUBTOTALES | V61: =SUM(V36:V60) -> 1414003.8
C67: Nota: Todos los bienes y servicios deben cumplir las específicaciones técnicas establecidas por la Entidad
C69: Fecha de elaboración: | D69: 45313
C70: Estudio del Sector No:

Sheet ANEX 2 PROYEC 2026-2027-2028
A1: ANEXO 2 - CONSOLIDADO VIGENCIAS 2026, 2027, 2028 PROYECCION VIGENCIAS
D3: PRESTAR EL SERVICIO DE MANTENIMIENTO PREVENTIVO Y CORRECTIVO TÉCNICO INTEGRAL ESPECIALIZADO CON SUMINISTRO DE INSUMOS Y BOLSA DE REPUESTOS PARA MOTORES, MOTOBOMBAS, REDES DE SUMINISTRO DE AGUA POTABLE, REDES CONTRA INCENDIOS, ELECTROBOMBAS SUMERGIBLES Y POZOS DE EYECCIÓN INSTALADOS EN LAS SEDES DEL NIVEL CENTRAL DE LA FISCALÍA GENERAL DE LA NACIÓN.
I5: 1 mes | M5: PROYECCION | O5: 0.044 | P5: 12 meses | S5: PROYECCION | U5: 0.03 | V5: 11 meses
E8: VIGENCIA 2026 | K8: VIGENCIA 2027 | R8: VIGENCIA 2028
A10: ITEM | B10: NECESIDAD | D10: CANTIDAD EQUIPOS | E10: CANTIDAD DE MANTENIMIENTOS 2026 ( a diciembre2026) | F10: VALOR UNITARIO SIN IVA | G10: IVA | H10: VALOR UNITARIO IVA INCLUIDO | I10: VALOR TOTAL MANTENIMIENTO PREVENTIVO Y CORRECTIVO IVA INCLUIDO | K10: CANTIDAD EQUIPOS | L10: CANTIDAD DE MANTENIMIENTOS 2027 | M10: VALOR UNITARIO SIN IVA | N10: IVA | O10: VALOR UNITARIO IVA INCLUIDO | P10: VALOR TOTAL MANTENIMIENTO PREVENTIVO Y CORRECTIVO IVA INCLUIDO | R10: CANTIDAD EQUIPOS | S10: CANTIDAD DE MANTENIMIENTOS 2028 | T10: VALOR UNITARIO SIN IVA | U10: IVA | V10: VALOR UNITARIO IVA INCLUIDO | W10: VALOR TOTAL MANTENIMIENTO PREVENTIVO Y CORRECTIVO IVA INCLUIDO | Y10: VALOR TOTAL MANTENIMIENTO PREVENTIVO Y CORRECTIVO IVA INCLUIDO VIGENCIA 2026,2027 ,2028
A14: 1 | B14: SERVICIO MANTENIMIENTO PREVENTIVO Y CORRECTIVO MOTOBOMBAS CENTRIFUGAS - CONTRA INCENDIO MARCA FAIRBANKS MORSE POTENCIA: 60 HP MOTOR ELECTRICO TRIFASICO MODELO 6219 A RPM 3560. | C14: MENSUAL | D14: 2 | E14: 1 | F14: 7631.4 | G14: =+ROUND(F14*19%,2) -> 1449.97 | H14: =+ROUND(F14+G14,2) -> 9081.37 | I14: =ROUND(H14*E14*D14,2) -> 18162.74 | K14: 2 | L14: 12 | M14: =+ROUND(F14+(F14*$O$5),2) -> 7967.18 | N14: =+ROUND(M14*19%,2) -> 1513.76 | O14: =+ROUND(M14+N14,2) -> 9480.94 | P14: =ROUND(O14*L14*K14,2) -> 227542.56 | R14: 2 | S14: 11 | T14: =+ROUND(M14+(M14*$U$5),2) -> 8206.2 | U14: =+ROUND(T14*19%,2) -> 1559.18 | V14: =+ROUND(T14+U14,2) -> 9765.38 | W14: =ROUND(V14*S14*R14,2) -> 214838.36 | Y14: =ROUND(I14+P14+W14,2) -> 460543.66
A15: 2 | B15: SERVICIO MANTENIMIENTO PREVENTIVO Y CORRECTIVO MOTOBOMBA CENTRIFUGA - CONTRA INCENDIO MARCA PPATERSSON POTENCIA 125 HP MOTOR ELECTRICO TRIFASICO MODELO MD404TSTDS1400BABAN RPM560 | C15: MENSUAL | D15: 1 | E15: 1 | F15: 7631.4 | G15: =+ROUND(F15*19%,2) -> 1449.97 | H15: =+ROUND(F15+G15,2) -> 9081.37 | I15: =ROUND(H15*E15*D15,2) -> 9081.37 | K15: 1 | L15: 12 | M15: =+ROUND(F15+(F15*$O$5),2) -> 7967.18 | N15: =+ROUND(M15*19%,2) -> 1513.76 | O15: =+ROUND(M15+N15,2) -> 9480.94 | P15: =ROUND(O15*L15*K15,2) -> 113771.28 | R15: 1 | S15: 11 | T15: =+ROUND(M15+(M15*$U$5),2) -> 8206.2 | U15: =+ROUND(T15*19%,2) -> 1559.18 | V15: =+ROUND(T15+U15,2) -> 9765.38 | W15: =ROUND(V15*S15*R15,2) -> 107419.18 | Y15: =ROUND(I15+P15+W15,2) -> 230271.83
A16: 3 | B16: SERVICIO MANTENIMIENTO PREVENTIVO Y CORRECTIVO MOTOBOMBA JOCKEY CONTRA INCENDIO MULTIETAPAS VERTICAL MARCA BALDOR POTENCIA: 5 HP MOTOR ELECTRICO TRIFASICO RPM 3450. | C16: MENSUAL | D16: 1 | E16: 1 | F16: 7631.4 | G16: =+ROUND(F16*19%,2) -> 1449.97 | H16: =+ROUND(F16+G16,2) -> 9081.37 | I16: =ROUND(H16*E16*D16,2) -> 9081.37 | K16: 1 | L16: 12 | M16: =+ROUND(F16+(F16*$O$5),2) -> 7967.18 | N16: =+ROUND(M16*19%,2) -> 1513.76 | O16: =+ROUND(M16+N16,2) -> 9480.94 | P16: =ROUND(O16*L16*K16,2) -> 113771.28 | R16: 1 | S16: 11 | T16: =+ROUND(M16+(M16*$U$5),2) -> 8206.2 | U16: =+ROUND(T16*19%,2) -> 1559.18 | V16: =+ROUND(T16+U16,2) -> 9765.38 | W16: =ROUND(V16*S16*R16,2) -> 107419.18 | Y16: =ROUND(I16+P16+W16,2) -> 230271.83
A17: 4 | B17: SERVICIO MANTENIMIENTO PREVENTIVO Y CORRECTIVO MOTOBOMBA JOCKEY CONTRA INCENDIO MULTIETAPAS VERTICAL MARCA AURORA PUMP POTENCIA: 3 HP MOTOR ELECTRICO TRIFASICO RPM 3461. | C17: MENSUAL | D17: 1 | E17: 1 | F17: 7631.4 | G17: =+ROUND(F17*19%,2) -> 1449.97 | H17: =+ROUND(F17+G17,2) -> 9081.37 | I17: =ROUND(H17*E17*D17,2) -> 9081.37 | K17: 1 | L17: 12 | M17: =+ROUND(F17+(F17*$O$5),2) -> 7967.18 | N17: =+ROUND(M17*19%,2) -> 1513.76 | O17: =+ROUND(M17+N17,2) -> 9480.94 | P17: =ROUND(O17*L17*K17,2) -> 113771.28 | R17: 1 | S17: 11 | T17: =+ROUND(M17+(M17*$U$5),2) -> 8206.2 | U17: =+ROUND(T17*19%,2) -> 1559.18 | V17: =+ROUND(T17+U17,2) -> 9765.38 | W17: =ROUND(V17*S17*R17,2) -> 107419.18 | Y17: =ROUND(I17+P17+W17,2) -> 230271.83
A18: 5 | B18: SERVICIO MANTENIMIENTO PREVENTIVO Y CORRECTIVO MOTOBOMBAS CENTRIFUGAS DE AGUA PPOTABLE MARCA IHM POTENCIA: 9 HP MOTOR ELECTRICO TRIFASICO RPM 3520. | C18: MENSUAL | D18: 2 | E18: 1 | F18: 7631.4 | G18: =+ROUND(F18*19%,2) -> 1449.97 | H18: =+ROUND(F18+G18,2) -> 9081.37 | I18: =ROUND(H18*E18*D18,2) -> 18162.74 | K18: 2 | L18: 12 | M18: =+ROUND(F18+(F18*$O$5),2) -> 7967.18 | N18: =+ROUND(M18*19%,2) -> 1513.76 | O18: =+ROUND(M18+N18,2) -> 9480.94 | P18: =ROUND(O18*L18*K18,2) -> 227542.56 | R18: 2 | S18: 11 | T18: =+ROUND(M18+(M18*$U$5),2) -> 8206.2 | U18: =+ROUND(T18*19%,2) -> 1559.18 | V18: =+ROUND(T18+U18,2) -> 9765.38 | W18: =ROUND(V18*S18*R18,2) -> 214838.36 | Y18: =ROUND(I18+P18+W18,2) -> 460543.66
A19: 6 | B19: SERVICIO MANTENIMIENTO PREVENTIVO Y CORRECTIVO MOTOBOMBAS CENTRIFUGAS DE AGUA POTABLE MARCA BARNES POTENCIA: 10 HP MOTOR ELECTRICO TRIFASICO RPM 3480 | C19: MENSUAL | D19: 1 | E19: 1 | F19: 7631.4 | G19: =+ROUND(F19*19%,2) -> 1449.97 | H19: =+ROUND(F19+G19,2) -> 9081.37 | I19: =ROUND(H19*E19*D19,2) -> 9081.37 | K19: 1 | L19: 12 | M19: =+ROUND(F19+(F19*$O$5),2) -> 7967.18 | N19: =+ROUND(M19*19%,2) -> 1513.76 | O19: =+ROUND(M19+N19,2) -> 9480.94 | P19: =ROUND(O19*L19*K19,2) -> 113771.28 | R19: 1 | S19: 11 | T19: =+ROUND(M19+(M19*$U$5),2) -> 8206.2 | U19: =+ROUND(T19*19%,2) -> 1559.18 | V19: =+ROUND(T19+U19,2) -> 9765.38 | W19: =ROUND(V19*S19*R19,2) -> 107419.18 | Y19: =ROUND(I19+P19+W19,2) -> 230271.83
A20: 7 | B20: SERVICIO MANTENIMIENTO PREVENTIVO DE TANQUES PRESURIZADOS HIDRONEUMATICOS MARCA IHM (500 LT) PRESION DE TRABAJO :125 PSI (8.8 BAR). | C20: MENSUAL | D20: 2 | E20: 1 | F20: 7631.4 | G20: =+ROUND(F20*19%,2) -> 1449.97 | H20: =+ROUND(F20+G20,2) -> 9081.37 | I20: =ROUND(H20*E20*D20,2) -> 18162.74 | K20: 2 | L20: 12 | M20: =+ROUND(F20+(F20*$O$5),2) -> 7967.18 | N20: =+ROUND(M20*19%,2) -> 1513.76 | O20: =+ROUND(M20+N20,2) -> 9480.94 | P20: =ROUND(O20*L20*K20,2) -> 227542.56 | R20: 2 | S20: 11 | T20: =+ROUND(M20+(M20*$U$5),2) -> 8206.2 | U20: =+ROUND(T20*19%,2) -> 1559.18 | V20: =+ROUND(T20+U20,2) -> 9765.38 | W20: =ROUND(V20*S20*R20,2) -> 214838.36 | Y20: =ROUND(I20+P20+W20,2) -> 460543.66
A21: 8 | B21: SERVICIO MANTENIMIENTO PREVENTIVO Y CORRECTIVO MOTOBOMBAS CENTRIFUGAS DE AGUA POTABLE MARCA IHM POTENCIA: 12,5 HP MOTOR ELECTRICO TRIFASICO RPM 3580. | C21: MENSUAL | D21: 3 | E21: 1 | F21: 7631.4 | G21: =+ROUND(F21*19%,2) -> 1449.97 | H21: =+ROUND(F21+G21,2) -> 9081.37 | I21: =ROUND(H21*E21*D21,2) -> 27244.11 | K21: 3 | L21: 12 | M21: =+ROUND(F21+(F21*$O$5),2) -> 7967.18 | N21: =+ROUND(M21*19%,2) -> 1513.76 | O21: =+ROUND(M21+N21,2) -> 9480.94 | P21: =ROUND(O21*L21*K21,2) -> 341313.84 | R21: 3 | S21: 11 | T21: =+ROUND(M21+(M21*$U$5),2) -> 8206.2 | U21: =+ROUND(T21*19%,2) -> 1559.18 | V21: =+ROUND(T21+U21,2) -> 9765.38 | W21: =ROUND(V21*S21*R21,2) -> 322257.54 | Y21: =ROUND(I21+P21+W21,2) -> 690815.49
A22: 9 | B22: SERVICIO MANTENIMIENTO PREVENTIVO Y CORRECTIVO DE TANQUES PRESURIZADOS HIDROACUMULADOR CON MEMBRANA MARCA IHM LA100H VOLUMEN 100 LT PRESION DE TRABAJO :150 PSI | C22: MENSUAL | D22: 1 | E22: 1 | F22: 7631.4 | G22: =+ROUND(F22*19%,2) -> 1449.97 | H22: =+ROUND(F22+G22,2) -> 9081.37 | I22: =ROUND(H22*E22*D22,2) -> 9081.37 | K22: 1 | L22: 12 | M22: =+ROUND(F22+(F22*$O$5),2) -> 7967.18 | N22: =+ROUND(M22*19%,2) -> 1513.76 | O22: =+ROUND(M22+N22,2) -> 9480.94 | P22: =ROUND(O22*L22*K22,2) -> 113771.28 | R22: 1 | S22: 11 | T22: =+ROUND(M22+(M22*$U$5),2) -> 8206.2 | U22: =+ROUND(T22*19%,2) -> 1559.18 | V22: =+ROUND(T22+U22,2) -> 9765.38 | W22: =ROUND(V22*S22*R22,2) -> 107419.18 | Y22: =ROUND(I22+P22+W22,2) -> 230271.83
A23: 10 | B23: SERVICIO MANTENIMIENTO PREVENTIVO Y CORRECTIVO MOTOBOMBAS CENTRIFUGAS DE AGUA POTABLE MARCA BARNES POTENCIA: 10 HP MOTOR ELECTRICO TRIFASICO RPM 3500. | C23: MENSUAL | D23: 2 | E23: 1 | F23: 7631.4 | G23: =+ROUND(F23*19%,2) -> 1449.97 | H23: =+ROUND(F23+G23,2) -> 9081.37 | I23: =ROUND(H23*E23*D23,2) -> 18162.74 | K23: 2 | L23: 12 | M23: =+ROUND(F23+(F23*$O$5),2) -> 7967.18 | N23: =+ROUND(M23*19%,2) -> 1513.76 | O23: =+ROUND(M23+N23,2) -> 9480.94 | P23: =ROUND(O23*L23*K23,2) -> 227542.56 | R23: 2 | S23: 11 | T23: =+ROUND(M23+(M23*$U$5),2) -> 8206.2 | U23: =+ROUND(T23*19%,2) -> 1559.18 | V23: =+ROUND(T23+U23,2) -> 9765.38 | W23: =ROUND(V23*S23*R23,2) -> 214838.36 | Y23: =ROUND(I23+P23+W23,2) -> 460543.66
A24: 11 | B24: SERVICIO MANTENIMIENTO PREVENTIVO Y CORRECTIVO MOTOBOMBAS CENTRIFUGAS DE AGUA POTABLE MARCA BARNES POTENCIA: 1.0 HP MOTOR ELECTRICO BIFASICO RPM 3450. | C24: MENSUAL | D24: 2 | E24: 1 | F24: 7631.4 | G24: =+ROUND(F24*19%,2) -> 1449.97 | H24: =+ROUND(F24+G24,2) -> 9081.37 | I24: =ROUND(H24*E24*D24,2) -> 18162.74 | K24: 2 | L24: 12 | M24: =+ROUND(F24+(F24*$O$5),2) -> 7967.18 | N24: =+ROUND(M24*19%,2) -> 1513.76 | O24: =+ROUND(M24+N24,2) -> 9480.94 | P24: =ROUND(O24*L24*K24,2) -> 227542.56 | R24: 2 | S24: 11 | T24: =+ROUND(M24+(M24*$U$5),2) -> 8206.2 | U24: =+ROUND(T24*19%,2) -> 1559.18 | V24: =+ROUND(T24+U24,2) -> 9765.38 | W24: =ROUND(V24*S24*R24,2) -> 214838.36 | Y24: =ROUND(I24+P24+W24,2) -> 460543.66
A25: 12 | B25: SERVICIO DE LAVADO Y LIMPIEZA DE POZOS DE EYECCION | C25: MENSUAL | D25: 20 | E25: 1 | F25: 7631.4 | G25: =+ROUND(F25*19%,2) -> 1449.97 | H25: =+ROUND(F25+G25,2) -> 9081.37 | I25: =ROUND(H25*E25*D25,2) -> 181627.4 | K25: 20 | L25: 12 | M25: =+ROUND(F25+(F25*$O$5),2) -> 7967.18 | N25: =+ROUND(M25*19%,2) -> 1513.76 | O25: =+ROUND(M25+N25,2) -> 9480.94 | P25: =ROUND(O25*L25*K25,2) -> 2275425.6 | R25: 20 | S25: 11 | T25: =+ROUND(M25+(M25*$U$5),2) -> 8206.2 | U25: =+ROUND(T25*19%,2) -> 1559.18 | V25: =+ROUND(T25+U25,2) -> 9765.38 | W25: =ROUND(V25*S25*R25,2) -> 2148383.6 | Y25: =ROUND(I25+P25+W25,2) -> 4605436.6
... A30: 17 | B30: SERVICIO MANTENIMIENTO PREVENTIVO Y CORRECTIVO DE MOTOBOMBA TIPO HIDRO FLOW POTENCIA 1 HP | C30: MENSUAL | D30: 1 | E30: 1 | F30: 7631.4 | G30: =+ROUND(F30*19%,2) -> 1449.97 | H30: =+ROUND(F30+G30,2) -> 9081.37 | I30: =ROUND(H30*E30*D30,2) -> 9081.37 | K30: 1 | L30: 12 | M30: =+ROUND(F30+(F30*$O$5),2) -> 7967.18 | N30: =+ROUND(M30*19%,2) -> 1513.76 | O30: =+ROUND(M30+N30,2) -> 9480.94 | P30: =ROUND(O30*L30*K30,2) -> 113771.28 | R30: 1 | S30: 11 | T30: =+ROUND(M30+(M30*$U$5),2) -> 8206.2 | U30: =+ROUND(T30*19%,2) -> 1559.18 | V30: =+ROUND(T30+U30,2) -> 9765.38 | W30: =ROUND(V30*S30*R30,2) -> 107419.18 | Y30: =ROUND(I30+P30+W30,2) -> 230271.83
A31: TOTAL MANTENIMIENTOS | F31: TOTAL VIGENCIA 2026 | I31: =ROUND(SUM(I14:I30),2) -> 808241.93 | M31: TOTAL VIGENCIA 2027 | P31: =ROUND(SUM(P14:P30),2) -> 10125644 | T31: TOTAL VIGENCIA 2028 | W31: =ROUND(SUM(W14:W30),2) -> 9560307 | Y31: =ROUND(I31+P31+W31,2) -> 20494193
B33: LISTA DE REPUESTOS RECURRENTES - VALORES UNITARIOS (SEGÚN ESPECIFICACIONES TÉCNICAS)
B35: LISTA REPUESTOS RECURRENTES | C35: MEDIDA | E35: PRESUPUESTO TOTAL ASIGNADO VIGENCIA 2026 (1 MES) | M35: PRESUPUESTO TOTAL ASIGNADO VIGENCIA 2027 12 MESES | P35: 0.044 | T35: PRESUPUESTO TOTAL ASIGNADO VIGENCIA 2028 11 MESES | W35: 0.03
A36: 1 | B36: ABRAZADERA EN U DE 6" | E36: 1 | F36: ='Anexo 1 HISTORICOS'!V36 -> 26890.726 | G36: =+ROUND(F36*19%,2) -> 5109.24 | H36: =+ROUND(F36+G36,2) -> 31999.97 | M36: =ROUND(F36+(F36*$P$35),2) -> 28073.92 | N36: =+ROUND(M36*19%,2) -> 5334.04 | O36: =+ROUND(M36+N36,2) -> 33407.96 | T36: =ROUND(M36+(M36*$W$35),2) -> 28916.14 | U36: =+ROUND(T36*19%,2) -> 5494.07 | V36: =+ROUND(T36+U36,2) -> 34410.21 | Y36: =ROUND(H36+O36+V36,2) -> 99818.14
A37: =A36+1 -> 2 | B37: ADAPTADOR BRIDA 4" | E37: 1 | F37: ='Anexo 1 HISTORICOS'!V37 -> 4103.5371 | G37: =+ROUND(F37*19%,2) -> 779.67 | H37: =+ROUND(F37+G37,2) -> 4883.21 | M37: =ROUND(F37+(F37*$P$35),2) -> 4284.09 | N37: =+ROUND(M37*19%,2) -> 813.98 | O37: =+ROUND(M37+N37,2) -> 5098.07 | T37: =ROUND(M37+(M37*$W$35),2) -> 4412.61 | U37: =+ROUND(T37*19%,2) -> 838.4 | V37: =+ROUND(T37+U37,2) -> 5251.01 | Y37: =ROUND(H37+O37+V37,2) -> 15232.29
A38: =A37+1 -> 3 | B38: ADAPTADOR MACHO DE 1 1/2" | E38: 1 | F38: ='Anexo 1 HISTORICOS'!V38 -> 1375.6379 | G38: =+ROUND(F38*19%,2) -> 261.37 | H38: =+ROUND(F38+G38,2) -> 1637.01 | M38: =ROUND(F38+(F38*$P$35),2) -> 1436.17 | N38: =+ROUND(M38*19%,2) -> 272.87 | O38: =+ROUND(M38+N38,2) -> 1709.04 | T38: =ROUND(M38+(M38*$W$35),2) -> 1479.26 | U38: =+ROUND(T38*19%,2) -> 281.06 | V38: =+ROUND(T38+U38,2) -> 1760.32 | Y38: =ROUND(H38+O38+V38,2) -> 5106.37
A39: =A38+1 -> 4 | B39: ADAPTADOR MACHO DE 2" | E39: 1 | F39: ='Anexo 1 HISTORICOS'!V39 -> 2437.259 | G39: =+ROUND(F39*19%,2) -> 463.08 | H39: =+ROUND(F39+G39,2) -> 2900.34 | M39: =ROUND(F39+(F39*$P$35),2) -> 2544.5 | N39: =+ROUND(M39*19%,2) -> 483.46 | O39: =+ROUND(M39+N39,2) -> 3027.96 | T39: =ROUND(M39+(M39*$W$35),2) -> 2620.84 | U39: =+ROUND(T39*19%,2) -> 497.96 | V39: =+ROUND(T39+U39,2) -> 3118.8 | Y39: =ROUND(H39+O39+V39,2) -> 9047.1
A40: =A39+1 -> 5 | B40: BORNERA PARA MOTOR DE 10 HP | E40: 1 | F40: ='Anexo 1 HISTORICOS'!V40 -> 29439.385 | G40: =+ROUND(F40*19%,2) -> 5593.48 | H40: =+ROUND(F40+G40,2) -> 35032.87 | M40: =ROUND(F40+(F40*$P$35),2) -> 30734.72 | N40: =+ROUND(M40*19%,2) -> 5839.6 | O40: =+ROUND(M40+N40,2) -> 36574.32 | T40: =ROUND(M40+(M40*$W$35),2) -> 31656.76 | U40: =+ROUND(T40*19%,2) -> 6014.78 | V40: =+ROUND(T40+U40,2) -> 37671.54 | Y40: =ROUND(H40+O40+V40,2) -> 109278.73
A41: =A40+1 -> 6 | B41: BUSHING DE 1" X 1/2" | E41: 1 | F41: ='Anexo 1 HISTORICOS'!V41 -> 5882.5807 | G41: =+ROUND(F41*19%,2) -> 1117.69 | H41: =+ROUND(F41+G41,2) -> 7000.27 | M41: =ROUND(F41+(F41*$P$35),2) -> 6141.41 | N41: =+ROUND(M41*19%,2) -> 1166.87 | O41: =+ROUND(M41+N41,2) -> 7308.28 | T41: =ROUND(M41+(M41*$W$35),2) -> 6325.65 | U41: =+ROUND(T41*19%,2) -> 1201.87 | V41: =+ROUND(T41+U41,2) -> 7527.52 | Y41: =ROUND(H41+O41+V41,2) -> 21836.07
A42: =A41+1 -> 7 | B42: CABLE ENCAUCHETADO 4x12 | E42: 1 | F42: ='Anexo 1 HISTORICOS'!V42 -> 3193.551 | G42: =+ROUND(F42*19%,2) -> 606.77 | H42: =+ROUND(F42+G42,2) -> 3800.32 | M42: =ROUND(F42+(F42*$P$35),2) -> 3334.07 | N42: =+ROUND(M42*19%,2) -> 633.47 | O42: =+ROUND(M42+N42,2) -> 3967.54 | T42: =ROUND(M42+(M42*$W$35),2) -> 3434.09 | U42: =+ROUND(T42*19%,2) -> 652.48 | V42: =+ROUND(T42+U42,2) -> 4086.57 | Y42: =ROUND(H42+O42+V42,2) -> 11854.43
A43: =A42+1 -> 8 | B43: CHEQUE CORTINA HELBERT DE 1 1/2" | E43: 1 | F43: ='Anexo 1 HISTORICOS'!V43 -> 44986.502 | G43: =+ROUND(F43*19%,2) -> 8547.44 | H43: =+ROUND(F43+G43,2) -> 53533.94 | M43: =ROUND(F43+(F43*$P$35),2) -> 46965.91 | N43: =+ROUND(M43*19%,2) -> 8923.52 | O43: =+ROUND(M43+N43,2) -> 55889.43 | T43: =ROUND(M43+(M43*$W$35),2) -> 48374.89 | U43: =+ROUND(T43*19%,2) -> 9191.23 | V43: =+ROUND(T43+U43,2) -> 57566.12 | Y43: =ROUND(H43+O43+V43,2) -> 166989.49
A44: =A43+1 -> 9 | B44: CHEQUE HIDRO HELBERT DE 2" | E44: 1 | F44: ='Anexo 1 HISTORICOS'!V44 -> 52128.641 | G44: =+ROUND(F44*19%,2) -> 9904.44 | H44: =+ROUND(F44+G44,2) -> 62033.08 | M44: =ROUND(F44+(F44*$P$35),2) -> 54422.3 | N44: =+ROUND(M44*19%,2) -> 10340.24 | O44: =+ROUND(M44+N44,2) -> 64762.54 | T44: =ROUND(M44+(M44*$W$35),2) -> 56054.97 | U44: =+ROUND(T44*19%,2) -> 10650.44 | V44: =+ROUND(T44+U44,2) -> 66705.41 | Y44: =ROUND(H44+O44+V44,2) -> 193501.03
A45: =A44+1 -> 10 | B45: CODO PVC 1" | E45: 1 | F45: ='Anexo 1 HISTORICOS'!V45 -> 977.67181 | G45: =+ROUND(F45*19%,2) -> 185.76 | H45: =+ROUND(F45+G45,2) -> 1163.43 | M45: =ROUND(F45+(F45*$P$35),2) -> 1020.69 | N45: =+ROUND(M45*19%,2) -> 193.93 | O45: =+ROUND(M45+N45,2) -> 1214.62 | T45: =ROUND(M45+(M45*$W$35),2) -> 1051.31 | U45: =+ROUND(T45*19%,2) -> 199.75 | V45: =+ROUND(T45+U45,2) -> 1251.06 | Y45: =ROUND(H45+O45+V45,2) -> 3629.11
A46: =A45+1 -> 11 | B46: CODO PVC DE 1 1/2" | E46: 1 | F46: ='Anexo 1 HISTORICOS'!V46 -> 1652.5912 | G46: =+ROUND(F46*19%,2) -> 313.99 | H46: =+ROUND(F46+G46,2) -> 1966.58 | M46: =ROUND(F46+(F46*$P$35),2) -> 1725.31 | N46: =+ROUND(M46*19%,2) -> 327.81 | O46: =+ROUND(M46+N46,2) -> 2053.12 | T46: =ROUND(M46+(M46*$W$35),2) -> 1777.07 | U46: =+ROUND(T46*19%,2) -> 337.64 | V46: =+ROUND(T46+U46,2) -> 2114.71 | Y46: =ROUND(H46+O46+V46,2) -> 6134.41
A47: =A46+1 -> 12 | B47: COPA RANURADA DE 4" X 2" | E47: 1 | F47: ='Anexo 1 HISTORICOS'!V47 -> 49720.881 | G47: =+ROUND(F47*19%,2) -> 9446.97 | H47: =+ROUND(F47+G47,2) -> 59167.85 | M47: =ROUND(F47+(F47*$P$35),2) -> 51908.6 | N47: =+ROUND(M47*19%,2) -> 9862.63 | O47: =+ROUND(M47+N47,2) -> 61771.23 | T47: =ROUND(M47+(M47*$W$35),2) -> 53465.86 | U47: =+ROUND(T47*19%,2) -> 10158.51 | V47: =+ROUND(T47+U47,2) -> 63624.37 | Y47: =ROUND(H47+O47+V47,2) -> 184563.45
A48: =A47+1 -> 13 | B48: COPA RANURADA DE 4" x 3" | E48: 1 | F48: ='Anexo 1 HISTORICOS'!V48 -> 53361.937 | G48: =+ROUND(F48*19%,2) -> 10138.77 | H48: =+ROUND(F48+G48,2) -> 63500.71 | M48: =ROUND(F48+(F48*$P$35),2) -> 55709.86 | N48: =+ROUND(M48*19%,2) -> 10584.87 | O48: =+ROUND(M48+N48,2) -> 66294.73 | T48: =ROUND(M48+(M48*$W$35),2) -> 57381.16 | U48: =+ROUND(T48*19%,2) -> 10902.42 | V48: =+ROUND(T48+U48,2) -> 68283.58 | Y48: =ROUND(H48+O48+V48,2) -> 198079.02
... A60: =A59+1 -> 25 | B60: VALVULA EN BRONCE DE 3" | E60: 1 | F60: ='Anexo 1 HISTORICOS'!V60 -> 114145.21 | G60: =+ROUND(F60*19%,2) -> 21687.59 | H60: =+ROUND(F60+G60,2) -> 135832.8 | M60: =ROUND(F60+(F60*$P$35),2) -> 119167.6 | N60: =+ROUND(M60*19%,2) -> 22641.84 | O60: =+ROUND(M60+N60,2) -> 141809.44 | T60: =ROUND(M60+(M60*$W$35),2) -> 122742.63 | U60: =+ROUND(T60*19%,2) -> 23321.1 | V60: =+ROUND(T60+U60,2) -> 146063.73 | Y60: =ROUND(H60+O60+V60,2) -> 423705.97
H61: =SUM(H36:H60) -> 1682664.5 | O61: =SUM(O36:O60) -> 1756701.7 | V61: =SUM(V36:V60) -> 1809402.8 | Y61: =SUM(Y36:Y60) -> 5248769
B63: TOTAL MANTENIMIENTOS + VALORES UNITARIOS DE REPUESTOS RECURRENTES | H63: =I31+H61 -> 2490906.4 | O63: =P31+O61 -> 11882346 | V63: =W31+V61 -> 11369710 | Y63: =Y31+Y61 -> 25742962
B65: TOTAL MANTENIMIENTOS + VALORES UNITARIOS DE REPUESTOS RECURRENTES
A67: 1. PARA LA VIGENCIA 2026 NO SE INCLUYE BOLSA DE REPUESTOS.
A68: 2. En el presente análisis se aplicó el procedimiento de aproximación generalmente aceptado por las reglas matemáticas denominado redondeo a dos decimales, esto es, si el tercer decimal es menor que 5, el segundo decimal se mantiene; si el tercer decimal es igual o mayor que 5, el segundo decimal se incrementa en uno
A69: 3. Para la vigencia 2027 se aplicó una proyección de aumento del IPC equivalente al 4,4 % respecto a los valores correspondientes a la vigencia 2026. En todo caso, esta proyección debe ser actualizada en cada vigencia en la misma proporción de su aumento real .
A70: 4. NOTA: Los valores que serán objeto de oferta, son los que corresponden única y exclusivamente a mantenimientos y a la lista de repuestos
B73: Fecha de elaboración: 6 agosto 2026
B75: Estudio del Sector No. 437

Sheet ANEXO 2  historicovs cotizacio 
A1: ANEXO 2 - VIGENCIA 2026
G3: ESTUDIO DE MERCADO DEFINITIVO PROYECCION COSTOS HISTORICOS Y COTIZACIONES
G4: PRESTAR EL SERVICIO DE MANTENIMIENTO PREVENTIVO Y CORRECTIVO TÉCNICO INTEGRAL ESPECIALIZADO CON SUMINISTRO DE INSUMOS Y BOLSA DE REPUESTOS PARA MOTORES, MOTOBOMBAS, REDES DE SUMINISTRO DE AGUA POTABLE, REDES CONTRA INCENDIOS, ELECTROBOMBAS SUMERGIBLES Y POZOS DE EYECCIÓN INSTALADOS EN LAS SEDES DEL NIVEL CENTRAL DE LA FISCALÍA GENERAL DE LA NACIÓN.
A6: ITEM | B6: NECESIDAD | C6: CANTIDAD EQUIPOS | D6: CANTIDAD MANTENIMIENTOS | F6: CONTRATO No. FGN-NC-IPSE-0052- 2024 | J6: COTIZACIONES 2026 | O6: PRECIO FINAL SELECCIONADO PROCESO 2026
F7: VALOR UNITARIO SIN IVA | G7: IVA | H7: VALOR UNITARIO IVA INCLUIDO | J7: VALOR UNITARIO SIN IVA | K7: IVA | L7: VALOR UNITARIO IVA INCLUIDO | O7: VALOR UNITARIO SIN IVA | P7: IVA | Q7: VALOR TOTAL MANTENIMIENTO PREVENTIVO Y CORRECTIVO IVA INCLUIDO | R7: VALOR TOTAL MANTENIMIENTO PREVENTIVO Y CORRECTIVO IVA INCLUIDO
A9: 1 | B9: SERVICIO MANTENIMIENTO PREVENTIVO Y CORRECTIVO MOTOBOMBAS CENTRIFUGAS - CONTRA INCENDIO MARCA FAIRBANKS MORSE POTENCIA: 60 HP MOTOR ELECTRICO TRIFASICO MODELO 6219 A RPM 3560. | C9: 2 | D9: 1 | F9: ='Anexo 1 HISTORICOS'!N10 -> 6204.3935 | G9: =+ROUND(F9*19%,2) -> 1178.83 | H9: =ROUND(+F9+G9,2) -> 7383.22 | J9: ='Anexo1 cotizaciones2026'!AG10 -> #DIV/0! | K9: =+ROUND(J9*19%,2) -> #DIV/0! | L9: =ROUND(+J9+K9,2) -> #DIV/0! | O9: =ROUND(AVERAGE(+F9),2) -> 6204.39 | P9: =+ROUND(O9*19%,2) -> 1178.83 | Q9: =ROUND(O9+P9,2) -> 7383.22 | R9: =ROUND(Q9*D9*C9,2) -> 14766.44
A10: 2 | B10: SERVICIO MANTENIMIENTO PREVENTIVO Y CORRECTIVO MOTOBOMBA CENTRIFUGA - CONTRA INCENDIO MARCA PPATERSSON POTENCIA 125 HP MOTOR ELECTRICO TRIFASICO MODELO MD404TSTDS1400BABAN RPM560 | C10: 1 | D10: 1 | F10: ='Anexo 1 HISTORICOS'!N11 -> 6204.3935 | G10: =+ROUND(F10*19%,2) -> 1178.83 | H10: =ROUND(+F10+G10,2) -> 7383.22 | J10: ='Anexo1 cotizaciones2026'!AG11 -> #DIV/0! | K10: =+ROUND(J10*19%,2) -> #DIV/0! | L10: =ROUND(+J10+K10,2) -> #DIV/0! | O10: =ROUND(AVERAGE(+F10),2) -> 6204.39 | P10: =+ROUND(O10*19%,2) -> 1178.83 | Q10: =ROUND(O10+P10,2) -> 7383.22 | R10: =ROUND(Q10*D10*C10,2) -> 7383.22
A11: 3 | B11: SERVICIO MANTENIMIENTO PREVENTIVO Y CORRECTIVO MOTOBOMBA JOCKEY CONTRA INCENDIO MULTIETAPAS VERTICAL MARCA BALDOR POTENCIA: 5 HP MOTOR ELECTRICO TRIFASICO RPM 3450. | C11: 1 | D11: 1 | F11: ='Anexo 1 HISTORICOS'!N12 -> 6204.3935 | G11: =+ROUND(F11*19%,2) -> 1178.83 | H11: =ROUND(+F11+G11,2) -> 7383.22 | J11: ='Anexo1 cotizaciones2026'!AG12 -> #DIV/0! | K11: =+ROUND(J11*19%,2) -> #DIV/0! | L11: =ROUND(+J11+K11,2) -> #DIV/0! | O11: =ROUND(AVERAGE(+F11),2) -> 6204.39 | P11: =+ROUND(O11*19%,2) -> 1178.83 | Q11: =ROUND(O11+P11,2) -> 7383.22 | R11: =ROUND(Q11*D11*C11,2) -> 7383.22
A12: 4 | B12: SERVICIO MANTENIMIENTO PREVENTIVO Y CORRECTIVO MOTOBOMBA JOCKEY CONTRA INCENDIO MULTIETAPAS VERTICAL MARCA AURORA PUMP POTENCIA: 3 HP MOTOR ELECTRICO TRIFASICO RPM 3461. | C12: 1 | D12: 1 | F12: ='Anexo 1 HISTORICOS'!N13 -> 6204.3935 | G12: =+ROUND(F12*19%,2) -> 1178.83 | H12: =ROUND(+F12+G12,2) -> 7383.22 | J12: ='Anexo1 cotizaciones2026'!AG13 -> #DIV/0! | K12: =+ROUND(J12*19%,2) -> #DIV/0! | L12: =ROUND(+J12+K12,2) -> #DIV/0! | O12: =ROUND(AVERAGE(+F12),2) -> 6204.39 | P12: =+ROUND(O12*19%,2) -> 1178.83 | Q12: =ROUND(O12+P12,2) -> 7383.22 | R12: =ROUND(Q12*D12*C12,2) -> 7383.22
A13: 5 | B13: SERVICIO MANTENIMIENTO PREVENTIVO Y CORRECTIVO MOTOBOMBAS CENTRIFUGAS DE AGUA PPOTABLE MARCA IHM POTENCIA: 9 HP MOTOR ELECTRICO TRIFASICO RPM 3520. | C13: 2 | D13: 1 | F13: ='Anexo 1 HISTORICOS'!N14 -> 6204.3935 | G13: =+ROUND(F13*19%,2) -> 1178.83 | H13: =ROUND(+F13+G13,2) -> 7383.22 | J13: ='Anexo1 cotizaciones2026'!AG14 -> #DIV/0! | K13: =+ROUND(J13*19%,2) -> #DIV/0! | L13: =ROUND(+J13+K13,2) -> #DIV/0! | O13: =ROUND(AVERAGE(+F13),2) -> 6204.39 | P13: =+ROUND(O13*19%,2) -> 1178.83 | Q13: =ROUND(O13+P13,2) -> 7383.22 | R13: =ROUND(Q13*D13*C13,2) -> 14766.44
A14: 6 | B14: SERVICIO MANTENIMIENTO PREVENTIVO Y CORRECTIVO MOTOBOMBAS CENTRIFUGAS DE AGUA POTABLE MARCA BARNES POTENCIA: 10 HP MOTOR ELECTRICO TRIFASICO RPM 3480 | C14: 1 | D14: 1 | F14: ='Anexo 1 HISTORICOS'!N15 -> 6204.3935 | G14: =+ROUND(F14*19%,2) -> 1178.83 | H14: =ROUND(+F14+G14,2) -> 7383.22 | J14: ='Anexo1 cotizaciones2026'!AG15 -> #DIV/0! | K14: =+ROUND(J14*19%,2) -> #DIV/0! | L14: =ROUND(+J14+K14,2) -> #DIV/0! | O14: =ROUND(AVERAGE(+F14),2) -> 6204.39 | P14: =+ROUND(O14*19%,2) -> 1178.83 | Q14: =ROUND(O14+P14,2) -> 7383.22 | R14: =ROUND(Q14*D14*C14,2) -> 7383.22
A15: 7 | B15: SERVICIO MANTENIMIENTO PREVENTIVO DE TANQUES PRESURIZADOS HIDRONEUMATICOS MARCA IHM (500 LT) PRESION DE TRABAJO :125 PSI (8.8 BAR). | C15: 2 | D15: 1 | F15: ='Anexo 1 HISTORICOS'!N16 -> 6204.3935 | G15: =+ROUND(F15*19%,2) -> 1178.83 | H15: =ROUND(+F15+G15,2) -> 7383.22 | J15: ='Anexo1 cotizaciones2026'!AG16 -> #DIV/0! | K15: =+ROUND(J15*19%,2) -> #DIV/0! | L15: =ROUND(+J15+K15,2) -> #DIV/0! | O15: =ROUND(AVERAGE(+F15),2) -> 6204.39 | P15: =+ROUND(O15*19%,2) -> 1178.83 | Q15: =ROUND(O15+P15,2) -> 7383.22 | R15: =ROUND(Q15*D15*C15,2) -> 14766.44
A16: 8 | B16: SERVICIO MANTENIMIENTO PREVENTIVO Y CORRECTIVO MOTOBOMBAS CENTRIFUGAS DE AGUA POTABLE MARCA IHM POTENCIA: 12,5 HP MOTOR ELECTRICO TRIFASICO RPM 3580. | C16: 3 | D16: 1 | F16: ='Anexo 1 HISTORICOS'!N17 -> 6204.3935 | G16: =+ROUND(F16*19%,2) -> 1178.83 | H16: =ROUND(+F16+G16,2) -> 7383.22 | J16: ='Anexo1 cotizaciones2026'!AG17 -> #DIV/0! | K16: =+ROUND(J16*19%,2) -> #DIV/0! | L16: =ROUND(+J16+K16,2) -> #DIV/0! | O16: =ROUND(AVERAGE(+F16),2) -> 6204.39 | P16: =+ROUND(O16*19%,2) -> 1178.83 | Q16: =ROUND(O16+P16,2) -> 7383.22 | R16: =ROUND(Q16*D16*C16,2) -> 22149.66
A17: 9 | B17: SERVICIO MANTENIMIENTO PREVENTIVO Y CORRECTIVO DE TANQUES PRESURIZADOS HIDROACUMULADOR CON MEMBRANA MARCA IHM LA100H VOLUMEN 100 LT PRESION DE TRABAJO :150 PSI | C17: 1 | D17: 1 | F17: ='Anexo 1 HISTORICOS'!N18 -> 6204.3935 | G17: =+ROUND(F17*19%,2) -> 1178.83 | H17: =ROUND(+F17+G17,2) -> 7383.22 | J17: ='Anexo1 cotizaciones2026'!AG18 -> #DIV/0! | K17: =+ROUND(J17*19%,2) -> #DIV/0! | L17: =ROUND(+J17+K17,2) -> #DIV/0! | O17: =ROUND(AVERAGE(+F17),2) -> 6204.39 | P17: =+ROUND(O17*19%,2) -> 1178.83 | Q17: =ROUND(O17+P17,2) -> 7383.22 | R17: =ROUND(Q17*D17*C17,2) -> 7383.22
A18: 10 | B18: SERVICIO MANTENIMIENTO PREVENTIVO Y CORRECTIVO MOTOBOMBAS CENTRIFUGAS DE AGUA POTABLE MARCA BARNES POTENCIA: 10 HP MOTOR ELECTRICO TRIFASICO RPM 3500. | C18: 2 | D18: 1 | F18: ='Anexo 1 HISTORICOS'!N19 -> 6204.3935 | G18: =+ROUND(F18*19%,2) -> 1178.83 | H18: =ROUND(+F18+G18,2) -> 7383.22 | J18: ='Anexo1 cotizaciones2026'!AG19 -> #DIV/0! | K18: =+ROUND(J18*19%,2) -> #DIV/0! | L18: =ROUND(+J18+K18,2) -> #DIV/0! | O18: =ROUND(AVERAGE(+F18),2) -> 6204.39 | P18: =+ROUND(O18*19%,2) -> 1178.83 | Q18: =ROUND(O18+P18,2) -> 7383.22 | R18: =ROUND(Q18*D18*C18,2) -> 14766.44
A19: 11 | B19: SERVICIO MANTENIMIENTO PREVENTIVO Y CORRECTIVO MOTOBOMBAS CENTRIFUGAS DE AGUA POTABLE MARCA BARNES POTENCIA: 1.0 HP MOTOR ELECTRICO BIFASICO RPM 3450. | C19: 2 | D19: 1 | F19: ='Anexo 1 HISTORICOS'!N20 -> 6204.3935 | G19: =+ROUND(F19*19%,2) -> 1178.83 | H19: =ROUND(+F19+G19,2) -> 7383.22 | J19: ='Anexo1 cotizaciones2026'!AG20 -> #DIV/0! | K19: =+ROUND(J19*19%,2) -> #DIV/0! | L19: =ROUND(+J19+K19,2) -> #DIV/0! | O19: =ROUND(AVERAGE(+F19),2) -> 6204.39 | P19: =+ROUND(O19*19%,2) -> 1178.83 | Q19: =ROUND(O19+P19,2) -> 7383.22 | R19: =ROUND(Q19*D19*C19,2) -> 14766.44
A20: 12 | B20: SERVICIO DE LAVADO Y LIMPIEZA DE POZOS DE EYECCION | C20: 20 | D20: 1 | F20: ='Anexo 1 HISTORICOS'!N21 -> 6173.5291 | G20: =+ROUND(F20*19%,2) -> 1172.97 | H20: =ROUND(+F20+G20,2) -> 7346.5 | J20: ='Anexo1 cotizaciones2026'!AG21 -> #DIV/0! | K20: =+ROUND(J20*19%,2) -> #DIV/0! | L20: =ROUND(+J20+K20,2) -> #DIV/0! | O20: =ROUND(AVERAGE(+F20),2) -> 6173.53 | P20: =+ROUND(O20*19%,2) -> 1172.97 | Q20: =ROUND(O20+P20,2) -> 7346.5 | R20: =ROUND(Q20*D20*C20,2) -> 146930
... A25: 17 | B25: SERVICIO MANTENIMIENTO PREVENTIVO Y CORRECTIVO DE MOTOBOMBA TIPO HIDRO FLOW POTENCIA 1 HP | C25: 1 | D25: 1 | F25: ='Anexo 1 HISTORICOS'!N26 -> 6204.3935 | G25: =+ROUND(F25*19%,2) -> 1178.83 | H25: =ROUND(+F25+G25,2) -> 7383.22 | J25: ='Anexo1 cotizaciones2026'!AG26 -> #DIV/0! | K25: =+ROUND(J25*19%,2) -> #DIV/0! | L25: =ROUND(+J25+K25,2) -> #DIV/0! | O25: =ROUND(AVERAGE(+F25),2) -> 6204.39 | P25: =+ROUND(O25*19%,2) -> 1178.83 | Q25: =ROUND(O25+P25,2) -> 7383.22 | R25: =ROUND(Q25*D25*C25,2) -> 7383.22
B26: TOTAL MANTENIMIENTO PREVENTIVO Y CORRECTIVO IVA INCLUIDO | R26: =ROUND(SUM(R9:R25),2) -> 656376.78
B27: VALOR BOLSA DE PRODUCTOS EN EL 2021 NO SE REQUIERE BOLSA DE REPUESTOS (EL VALOR BOLSA DE PRODUCTOS NO ES OBJETO DE OFERTA, ES UN VALOR ESTÁNDAR QUE LA ENTIDAD ESTIMÓ PARA LA ADQUISICIÓN DE REPUESTOS E INSTALACIÓN, QUE SERA UTILIZADO DE ACUERDO A LA NECESIDAD QUE SE PRESENTE EN LA EJECUCIÓN DEL CONTRATO.)
B28: VALOR TOTAL PRESUPUESTO OFICIAL ESTIMADO VIGENCIA 2026
B29: LISTA REPUESTOS RECURRENTES
A30: 1 | B30: ABRAZADERA EN U DE 6" | C30: UN | D30: 1 | F30: ='Anexo 1 HISTORICOS'!V36 -> 26890.726 | G30: =+ROUND(F30*19%,2) -> 5109.24 | H30: =+ROUND(F30+G30,2) -> 31999.97 | J30: ='Anexo1 cotizaciones2026'!AG32 -> #DIV/0! | K30: =+ROUND(J30*19%,2) -> #DIV/0! | L30: =ROUND(+J30+K30,2) -> #DIV/0! | O30: =ROUND(AVERAGE(+F30,J30),2) -> #DIV/0! | P30: =+ROUND(O30*19%,2) -> #DIV/0! | Q30: =ROUND(O30+P30,2) -> #DIV/0! | R30: =ROUND(Q30*D30,2) -> #DIV/0!
A31: =A30+1 -> 2 | B31: ADAPTADOR BRIDA 4" | C31: UN | D31: 1 | F31: ='Anexo 1 HISTORICOS'!V37 -> 4103.5371 | G31: =+ROUND(F31*19%,2) -> 779.67 | H31: =+ROUND(F31+G31,2) -> 4883.21 | J31: ='Anexo1 cotizaciones2026'!AG33 -> #DIV/0! | K31: =+ROUND(J31*19%,2) -> #DIV/0! | L31: =ROUND(+J31+K31,2) -> #DIV/0! | O31: =ROUND(AVERAGE(+F31,J31),2) -> #DIV/0! | P31: =+ROUND(O31*19%,2) -> #DIV/0! | Q31: =ROUND(O31+P31,2) -> #DIV/0! | R31: =ROUND(Q31*D31,2) -> #DIV/0!
A32: =A31+1 -> 3 | B32: ADAPTADOR MACHO DE 1 1/2" | C32: UN | D32: 1 | F32: ='Anexo 1 HISTORICOS'!V38 -> 1375.6379 | G32: =+ROUND(F32*19%,2) -> 261.37 | H32: =+ROUND(F32+G32,2) -> 1637.01 | J32: ='Anexo1 cotizaciones2026'!AG34 -> #DIV/0! | K32: =+ROUND(J32*19%,2) -> #DIV/0! | L32: =ROUND(+J32+K32,2) -> #DIV/0! | O32: =ROUND(AVERAGE(+F32,J32),2) -> #DIV/0! | P32: =+ROUND(O32*19%,2) -> #DIV/0! | Q32: =ROUND(O32+P32,2) -> #DIV/0! | R32: =ROUND(Q32*D32,2) -> #DIV/0!
A33: =A32+1 -> 4 | B33: ADAPTADOR MACHO DE 2" | C33: UN | D33: 1 | F33: ='Anexo 1 HISTORICOS'!V39 -> 2437.259 | G33: =+ROUND(F33*19%,2) -> 463.08 | H33: =+ROUND(F33+G33,2) -> 2900.34 | J33: ='Anexo1 cotizaciones2026'!AG35 -> #DIV/0! | K33: =+ROUND(J33*19%,2) -> #DIV/0! | L33: =ROUND(+J33+K33,2) -> #DIV/0! | O33: =ROUND(AVERAGE(+F33,J33),2) -> #DIV/0! | P33: =+ROUND(O33*19%,2) -> #DIV/0! | Q33: =ROUND(O33+P33,2) -> #DIV/0! | R33: =ROUND(Q33*D33,2) -> #DIV/0!
A34: =A33+1 -> 5 | B34: BORNERA PARA MOTOR DE 10 HP | C34: UN | D34: 1 | F34: ='Anexo 1 HISTORICOS'!V40 -> 29439.385 | G34: =+ROUND(F34*19%,2) -> 5593.48 | H34: =+ROUND(F34+G34,2) -> 35032.87 | J34: ='Anexo1 cotizaciones2026'!AG36 -> #DIV/0! | K34: =+ROUND(J34*19%,2) -> #DIV/0! | L34: =ROUND(+J34+K34,2) -> #DIV/0! | O34: =ROUND(AVERAGE(+F34,J34),2) -> #DIV/0! | P34: =+ROUND(O34*19%,2) -> #DIV/0! | Q34: =ROUND(O34+P34,2) -> #DIV/0! | R34: =ROUND(Q34*D34,2) -> #DIV/0!
A35: =A34+1 -> 6 | B35: BUSHING DE 1" X 1/2" | C35: UN | D35: 1 | F35: ='Anexo 1 HISTORICOS'!V41 -> 5882.5807 | G35: =+ROUND(F35*19%,2) -> 1117.69 | H35: =+ROUND(F35+G35,2) -> 7000.27 | J35: ='Anexo1 cotizaciones2026'!AG37 -> #DIV/0! | K35: =+ROUND(J35*19%,2) -> #DIV/0! | L35: =ROUND(+J35+K35,2) -> #DIV/0! | O35: =ROUND(AVERAGE(+F35,J35),2) -> #DIV/0! | P35: =+ROUND(O35*19%,2) -> #DIV/0! | Q35: =ROUND(O35+P35,2) -> #DIV/0! | R35: =ROUND(Q35*D35,2) -> #DIV/0!
A36: =A35+1 -> 7 | B36: CABLE ENCAUCHETADO 4x12 | C36: ML | D36: 1 | F36: ='Anexo 1 HISTORICOS'!V42 -> 3193.551 | G36: =+ROUND(F36*19%,2) -> 606.77 | H36: =+ROUND(F36+G36,2) -> 3800.32 | J36: ='Anexo1 cotizaciones2026'!AG38 -> #DIV/0! | K36: =+ROUND(J36*19%,2) -> #DIV/0! | L36: =ROUND(+J36+K36,2) -> #DIV/0! | O36: =ROUND(AVERAGE(+F36,J36),2) -> #DIV/0! | P36: =+ROUND(O36*19%,2) -> #DIV/0! | Q36: =ROUND(O36+P36,2) -> #DIV/0! | R36: =ROUND(Q36*D36,2) -> #DIV/0!
A37: =A36+1 -> 8 | B37: CHEQUE CORTINA HELBERT DE 1 1/2" | C37: UN | D37: 1 | F37: ='Anexo 1 HISTORICOS'!V43 -> 44986.502 | G37: =+ROUND(F37*19%,2) -> 8547.44 | H37: =+ROUND(F37+G37,2) -> 53533.94 | J37: ='Anexo1 cotizaciones2026'!AG39 -> #DIV/0! | K37: =+ROUND(J37*19%,2) -> #DIV/0! | L37: =ROUND(+J37+K37,2) -> #DIV/0! | O37: =ROUND(AVERAGE(+F37,J37),2) -> #DIV/0! | P37: =+ROUND(O37*19%,2) -> #DIV/0! | Q37: =ROUND(O37+P37,2) -> #DIV/0! | R37: =ROUND(Q37*D37,2) -> #DIV/0!
A38: =A37+1 -> 9 | B38: CHEQUE HIDRO HELBERT DE 2" | C38: UN | D38: 1 | F38: ='Anexo 1 HISTORICOS'!V44 -> 52128.641 | G38: =+ROUND(F38*19%,2) -> 9904.44 | H38: =+ROUND(F38+G38,2) -> 62033.08 | J38: ='Anexo1 cotizaciones2026'!AG40 -> #DIV/0! | K38: =+ROUND(J38*19%,2) -> #DIV/0! | L38: =ROUND(+J38+K38,2) -> #DIV/0! | O38: =ROUND(AVERAGE(+F38,J38),2) -> #DIV/0! | P38: =+ROUND(O38*19%,2) -> #DIV/0! | Q38: =ROUND(O38+P38,2) -> #DIV/0! | R38: =ROUND(Q38*D38,2) -> #DIV/0!
A39: =A38+1 -> 10 | B39: CODO PVC 1" | C39: UN | D39: 1 | F39: ='Anexo 1 HISTORICOS'!V45 -> 977.67181 | G39: =+ROUND(F39*19%,2) -> 185.76 | H39: =+ROUND(F39+G39,2) -> 1163.43 | J39: ='Anexo1 cotizaciones2026'!AG41 -> #DIV/0! | K39: =+ROUND(J39*19%,2) -> #DIV/0! | L39: =ROUND(+J39+K39,2) -> #DIV/0! | O39: =ROUND(AVERAGE(+F39,J39),2) -> #DIV/0! | P39: =+ROUND(O39*19%,2) -> #DIV/0! | Q39: =ROUND(O39+P39,2) -> #DIV/0! | R39: =ROUND(Q39*D39,2) -> #DIV/0!
A40: =A39+1 -> 11 | B40: CODO PVC DE 1 1/2" | C40: UN | D40: 1 | F40: ='Anexo 1 HISTORICOS'!V46 -> 1652.5912 | G40: =+ROUND(F40*19%,2) -> 313.99 | H40: =+ROUND(F40+G40,2) -> 1966.58 | J40: ='Anexo1 cotizaciones2026'!AG42 -> #DIV/0! | K40: =+ROUND(J40*19%,2) -> #DIV/0! | L40: =ROUND(+J40+K40,2) -> #DIV/0! | O40: =ROUND(AVERAGE(+F40,J40),2) -> #DIV/0! | P40: =+ROUND(O40*19%,2) -> #DIV/0! | Q40: =ROUND(O40+P40,2) -> #DIV/0! | R40: =ROUND(Q40*D40,2) -> #DIV/0!
A41: =A40+1 -> 12 | B41: COPA RANURADA DE 4" X 2" | C41: UN | D41: 1 | F41: ='Anexo 1 HISTORICOS'!V47 -> 49720.881 | G41: =+ROUND(F41*19%,2) -> 9446.97 | H41: =+ROUND(F41+G41,2) -> 59167.85 | J41: ='Anexo1 cotizaciones2026'!AG43 -> #DIV/0! | K41: =+ROUND(J41*19%,2) -> #DIV/0! | L41: =ROUND(+J41+K41,2) -> #DIV/0! | O41: =ROUND(AVERAGE(+F41,J41),2) -> #DIV/0! | P41: =+ROUND(O41*19%,2) -> #DIV/0! | Q41: =ROUND(O41+P41,2) -> #DIV/0! | R41: =ROUND(Q41*D41,2) -> #DIV/0!
A42: =A41+1 -> 13 | B42: COPA RANURADA DE 4" x 3" | C42: UN | D42: 1 | F42: ='Anexo 1 HISTORICOS'!V48 -> 53361.937 | G42: =+ROUND(F42*19%,2) -> 10138.77 | H42: =+ROUND(F42+G42,2) -> 63500.71 | J42: ='Anexo1 cotizaciones2026'!AG44 -> #DIV/0! | K42: =+ROUND(J42*19%,2) -> #DIV/0! | L42: =ROUND(+J42+K42,2) -> #DIV/0! | O42: =ROUND(AVERAGE(+F42,J42),2) -> #DIV/0! | P42: =+ROUND(O42*19%,2) -> #DIV/0! | Q42: =ROUND(O42+P42,2) -> #DIV/0! | R42: =ROUND(Q42*D42,2) -> #DIV/0!
... A54: =A53+1 -> 25 | B54: VALVULA EN BRONCE DE 3" | C54: UN | D54: 1 | F54: ='Anexo 1 HISTORICOS'!V60 -> 114145.21 | G54: =+ROUND(F54*19%,2) -> 21687.59 | H54: =+ROUND(F54+G54,2) -> 135832.8 | J54: ='Anexo1 cotizaciones2026'!AG56 -> 0 | K54: =+ROUND(J54*19%,2) -> 0 | L54: =ROUND(+J54+K54,2) -> 0 | O54: =ROUND(AVERAGE(+F54,J54),2) -> 57072.61 | P54: =+ROUND(O54*19%,2) -> 10843.8 | Q54: =ROUND(O54+P54,2) -> 67916.41 | R54: =ROUND(Q54*D54,2) -> 67916.41
R55: =SUM(R30:R54) -> #DIV/0!
A56: 2. EN EL PRESENTE ANÁLISIS SE APLICÓ ELPROCEDIMIENTO DE APROXIMACIÓN GENERALMENTE ACEPTADO POR LAS REGLAS MATEMÁTICAS DENOMINADO REDONDEO, QUE CONSISTE EN ACERCAR LOS VALORES DECIMALES AL NÚMERO ENTERO MÁS APROXIMADO (A LA BAJA, CUANDO EL NUMERO DECIMAL SEA MENOR A 5 O A LA ALTA CUANDO EL NUMERO DECIMAL SEA IGUAL O MAYOR A 5.
A59: EL VALOR TOTAL PROYECTADO PARA EL PRESENTE PROCESO VIGENCIA 2026 ES DE | E59: =#REF! -> #REF!
B61: ='Anexo1 cotizaciones2026'!C60 -> Fecha de elaboración:
B63: ='Anexo1 cotizaciones2026'!C61 -> Estudio del Sector No.

Sheet   ANEXO 3 vig 2027(12 meses)  
A1: ANEXO 3 - VIGENCIA 2027
F3: ESTUDIO DE MERCADO DEFINITIVO
F4: SPRESTAR EL SERVICIO DE MANTENIMIENTO PREVENTIVO Y CORRECTIVO TÉCNICO INTEGRAL ESPECIALIZADO CON SUMINISTRO DE INSUMOS Y BOLSA DE REPUESTOS PARA MOTORES, MOTOBOMBAS, REDES DE SUMINISTRO DE AGUA POTABLE, REDES CONTRA INCENDIOS, ELECTROBOMBAS SUMERGIBLES Y POZOS DE EYECCIÓN INSTALADOS EN LAS SEDES DEL NIVEL CENTRAL DE LA FISCALÍA GENERAL DE LA NACIÓN.
D5: PROYECCION | F5: 0.044 | G5: 12 meses
A8: ITEM | B8: NECESIDAD | C8: CANTIDAD EQUIPOS | D8: CANTIDAD MANTENIMIENTOS 2027 | F8: PRESUPUESTO AÑO 2026 | K8: PRESUPUESTO PROYECTADO AL 2027
F9: VALOR UNITARIO SIN IVA | G9: IVA | H9: VALOR UNITARIO IVA INCLUIDO | K9: VALOR UNITARIO SIN IVA | L9: IVA | M9: VALOR UNITARIO IVA INCLUIDO | N9: VALOR TOTAL IVA INCLUIDO | O9: VALOR TOTAL MANTENIMIENTO IVA INCLUIDO * CANTIDAD EQUIPOS
A11: 1 | B11: ='Anexo1 cotizaciones2026'!C10 -> SERVICIO MANTENIMIENTO PREVENTIVO Y CORRECTIVO MOTOBOMBAS CENTRIFUGAS - CONTRA INCENDIO MARCA FAIRBANKS MORSE POTENCIA: 60 HP MOTOR ELECTRICO TRIFASICO MODELO 6219 A RPM 3560. | C11: 2 | D11: 12 | F11: ='ANEXO 2 historicovs cotizacio '!O9 -> 6204.39 | G11: =+ROUND(F11*19%,2) -> 1178.83 | H11: =ROUND(+F11+G11,2) -> 7383.22 | K11: =+ROUND(F11+(F11*$F$5),0) -> 6477 | L11: =+ROUND(K11*19%,2) -> 1230.63 | M11: =ROUND(K11+L11,2) -> 7707.63 | N11: =ROUND(M11*D11,2) -> 92491.56 | O11: =ROUND(+N11*C11,2) -> 184983.12
A12: 2 | B12: ='Anexo1 cotizaciones2026'!C11 -> SERVICIO MANTENIMIENTO PREVENTIVO Y CORRECTIVO MOTOBOMBA CENTRIFUGA - CONTRA INCENDIO MARCA PPATERSSON POTENCIA 125 HP MOTOR ELECTRICO TRIFASICO MODELO MD404TSTDS1400BABAN RPM560 | C12: 1 | D12: 12 | F12: ='ANEXO 2 historicovs cotizacio '!O10 -> 6204.39 | G12: =+ROUND(F12*19%,2) -> 1178.83 | H12: =ROUND(+F12+G12,2) -> 7383.22 | K12: =+ROUND(F12+(F12*$F$5),0) -> 6477 | L12: =+ROUND(K12*19%,2) -> 1230.63 | M12: =ROUND(K12+L12,2) -> 7707.63 | N12: =ROUND(M12*D12,2) -> 92491.56 | O12: =ROUND(+N12*C12,2) -> 92491.56
A13: 3 | B13: ='Anexo1 cotizaciones2026'!C12 -> SERVICIO MANTENIMIENTO PREVENTIVO Y CORRECTIVO MOTOBOMBA JOCKEY CONTRA INCENDIO MULTIETAPAS VERTICAL MARCA BALDOR POTENCIA: 5 HP MOTOR ELECTRICO TRIFASICO RPM 3450. | C13: 1 | D13: 12 | F13: ='ANEXO 2 historicovs cotizacio '!O11 -> 6204.39 | G13: =+ROUND(F13*19%,2) -> 1178.83 | H13: =ROUND(+F13+G13,2) -> 7383.22 | K13: =+ROUND(F13+(F13*$F$5),0) -> 6477 | L13: =+ROUND(K13*19%,2) -> 1230.63 | M13: =ROUND(K13+L13,2) -> 7707.63 | N13: =ROUND(M13*D13,2) -> 92491.56 | O13: =ROUND(+N13*C13,2) -> 92491.56
A14: 4 | B14: ='Anexo1 cotizaciones2026'!C13 -> SERVICIO MANTENIMIENTO PREVENTIVO Y CORRECTIVO MOTOBOMBA JOCKEY CONTRA INCENDIO MULTIETAPAS VERTICAL MARCA AURORA PUMP POTENCIA: 3 HP MOTOR ELECTRICO TRIFASICO RPM 3461. | C14: 1 | D14: 12 | F14: ='ANEXO 2 historicovs cotizacio '!O12 -> 6204.39 | G14: =+ROUND(F14*19%,2) -> 1178.83 | H14: =ROUND(+F14+G14,2) -> 7383.22 | K14: =+ROUND(F14+(F14*$F$5),0) -> 6477 | L14: =+ROUND(K14*19%,2) -> 1230.63 | M14: =ROUND(K14+L14,2) -> 7707.63 | N14: =ROUND(M14*D14,2) -> 92491.56 | O14: =ROUND(+N14*C14,2) -> 92491.56
A15: 5 | B15: ='Anexo1 cotizaciones2026'!C14 -> SERVICIO MANTENIMIENTO PREVENTIVO Y CORRECTIVO MOTOBOMBAS CENTRIFUGAS DE AGUA PPOTABLE MARCA IHM POTENCIA: 9 HP MOTOR ELECTRICO TRIFASICO RPM 3520. | C15: 2 | D15: 12 | F15: ='ANEXO 2 historicovs cotizacio '!O13 -> 6204.39 | G15: =+ROUND(F15*19%,2) -> 1178.83 | H15: =ROUND(+F15+G15,2) -> 7383.22 | K15: =+ROUND(F15+(F15*$F$5),0) -> 6477 | L15: =+ROUND(K15*19%,2) -> 1230.63 | M15: =ROUND(K15+L15,2) -> 7707.63 | N15: =ROUND(M15*D15,2) -> 92491.56 | O15: =ROUND(+N15*C15,2) -> 184983.12
A16: 6 | B16: ='Anexo1 cotizaciones2026'!C15 -> SERVICIO MANTENIMIENTO PREVENTIVO Y CORRECTIVO MOTOBOMBAS CENTRIFUGAS DE AGUA POTABLE MARCA BARNES POTENCIA: 10 HP MOTOR ELECTRICO TRIFASICO RPM 3480 | C16: 1 | D16: 12 | F16: ='ANEXO 2 historicovs cotizacio '!O14 -> 6204.39 | G16: =+ROUND(F16*19%,2) -> 1178.83 | H16: =ROUND(+F16+G16,2) -> 7383.22 | K16: =+ROUND(F16+(F16*$F$5),0) -> 6477 | L16: =+ROUND(K16*19%,2) -> 1230.63 | M16: =ROUND(K16+L16,2) -> 7707.63 | N16: =ROUND(M16*D16,2) -> 92491.56 | O16: =ROUND(+N16*C16,2) -> 92491.56
A17: 7 | B17: ='Anexo1 cotizaciones2026'!C16 -> SERVICIO MANTENIMIENTO PREVENTIVO DE TANQUES PRESURIZADOS HIDRONEUMATICOS MARCA IHM (500 LT) PRESION DE TRABAJO :125 PSI (8.8 BAR). | C17: 2 | D17: 12 | F17: ='ANEXO 2 historicovs cotizacio '!O15 -> 6204.39 | G17: =+ROUND(F17*19%,2) -> 1178.83 | H17: =ROUND(+F17+G17,2) -> 7383.22 | K17: =+ROUND(F17+(F17*$F$5),0) -> 6477 | L17: =+ROUND(K17*19%,2) -> 1230.63 | M17: =ROUND(K17+L17,2) -> 7707.63 | N17: =ROUND(M17*D17,2) -> 92491.56 | O17: =ROUND(+N17*C17,2) -> 184983.12
A18: 8 | B18: ='Anexo1 cotizaciones2026'!C17 -> SERVICIO MANTENIMIENTO PREVENTIVO Y CORRECTIVO MOTOBOMBAS CENTRIFUGAS DE AGUA POTABLE MARCA IHM POTENCIA: 12,5 HP MOTOR ELECTRICO TRIFASICO RPM 3580. | C18: 3 | D18: 12 | F18: ='ANEXO 2 historicovs cotizacio '!O16 -> 6204.39 | G18: =+ROUND(F18*19%,2) -> 1178.83 | H18: =ROUND(+F18+G18,2) -> 7383.22 | K18: =+ROUND(F18+(F18*$F$5),0) -> 6477 | L18: =+ROUND(K18*19%,2) -> 1230.63 | M18: =ROUND(K18+L18,2) -> 7707.63 | N18: =ROUND(M18*D18,2) -> 92491.56 | O18: =ROUND(+N18*C18,2) -> 277474.68
A19: 9 | B19: ='Anexo1 cotizaciones2026'!C18 -> SERVICIO MANTENIMIENTO PREVENTIVO Y CORRECTIVO DE TANQUES PRESURIZADOS HIDROACUMULADOR CON MEMBRANA MARCA IHM LA100H VOLUMEN 100 LT PRESION DE TRABAJO :150 PSI | C19: 1 | D19: 12 | F19: ='ANEXO 2 historicovs cotizacio '!O17 -> 6204.39 | G19: =+ROUND(F19*19%,2) -> 1178.83 | H19: =ROUND(+F19+G19,2) -> 7383.22 | K19: =+ROUND(F19+(F19*$F$5),0) -> 6477 | L19: =+ROUND(K19*19%,2) -> 1230.63 | M19: =ROUND(K19+L19,2) -> 7707.63 | N19: =ROUND(M19*D19,2) -> 92491.56 | O19: =ROUND(+N19*C19,2) -> 92491.56
A20: 10 | B20: ='Anexo1 cotizaciones2026'!C19 -> SERVICIO MANTENIMIENTO PREVENTIVO Y CORRECTIVO MOTOBOMBAS CENTRIFUGAS DE AGUA POTABLE MARCA BARNES POTENCIA: 10 HP MOTOR ELECTRICO TRIFASICO RPM 3500. | C20: 2 | D20: 12 | F20: ='ANEXO 2 historicovs cotizacio '!O18 -> 6204.39 | G20: =+ROUND(F20*19%,2) -> 1178.83 | H20: =ROUND(+F20+G20,2) -> 7383.22 | K20: =+ROUND(F20+(F20*$F$5),0) -> 6477 | L20: =+ROUND(K20*19%,2) -> 1230.63 | M20: =ROUND(K20+L20,2) -> 7707.63 | N20: =ROUND(M20*D20,2) -> 92491.56 | O20: =ROUND(+N20*C20,2) -> 184983.12
A21: 11 | B21: ='Anexo1 cotizaciones2026'!C20 -> SERVICIO MANTENIMIENTO PREVENTIVO Y CORRECTIVO MOTOBOMBAS CENTRIFUGAS DE AGUA POTABLE MARCA BARNES POTENCIA: 1.0 HP MOTOR ELECTRICO BIFASICO RPM 3450. | C21: 2 | D21: 12 | F21: ='ANEXO 2 historicovs cotizacio '!O19 -> 6204.39 | G21: =+ROUND(F21*19%,2) -> 1178.83 | H21: =ROUND(+F21+G21,2) -> 7383.22 | K21: =+ROUND(F21+(F21*$F$5),0) -> 6477 | L21: =+ROUND(K21*19%,2) -> 1230.63 | M21: =ROUND(K21+L21,2) -> 7707.63 | N21: =ROUND(M21*D21,2) -> 92491.56 | O21: =ROUND(+N21*C21,2) -> 184983.12
A22: 12 | B22: ='Anexo1 cotizaciones2026'!C21 -> SERVICIO DE LAVADO Y LIMPIEZA DE POZOS DE EYECCION | C22: 20 | D22: 12 | F22: ='ANEXO 2 historicovs cotizacio '!O20 -> 6173.53 | G22: =+ROUND(F22*19%,2) -> 1172.97 | H22: =ROUND(+F22+G22,2) -> 7346.5 | K22: =+ROUND(F22+(F22*$F$5),0) -> 6445 | L22: =+ROUND(K22*19%,2) -> 1224.55 | M22: =ROUND(K22+L22,2) -> 7669.55 | N22: =ROUND(M22*D22,2) -> 92034.6 | O22: =ROUND(+N22*C22,2) -> 1840692
... A27: 17 | B27: ='Anexo1 cotizaciones2026'!C26 -> SERVICIO MANTENIMIENTO PREVENTIVO Y CORRECTIVO DE MOTOBOMBA TIPO HIDRO FLOW POTENCIA 1 HP | C27: 1 | D27: 12 | F27: ='ANEXO 2 historicovs cotizacio '!O25 -> 6204.39 | G27: =+ROUND(F27*19%,2) -> 1178.83 | H27: =ROUND(+F27+G27,2) -> 7383.22 | K27: =+ROUND(F27+(F27*$F$5),0) -> 6477 | L27: =+ROUND(K27*19%,2) -> 1230.63 | M27: =ROUND(K27+L27,2) -> 7707.63 | N27: =ROUND(M27*D27,2) -> 92491.56 | O27: =ROUND(+N27*C27,2) -> 92491.56
B28: VALOR MANTENIMIENTO 2027 | O28: =SUM(O11:O27) -> 8222609.6
B29: VALOR BOLSA DE PRODUCTOS (EL VALOR BOLSA DE PRODUCTOS NO ES OBJETO DE OFERTA, ES UN VALOR ESTÁNDAR QUE LA ENTIDAD ESTIMÓ PARA LA ADQUISICIÓN DE REPUESTOS E INSTALACIÓN, QUE SERA UTILIZADO DE ACUERDO A LA NECESIDAD QUE SE PRESENTE EN LA EJECUCIÓN DEL CONTRATO.) | O29: =39169569-4203549 -> 34966020
B30: VALOR TOTAL PRESUPUESTO OFICIAL INCLUIDO BOLSA DE REPUESTOS ESTIMADO VIGENCIA 2027 | O30: =O28+O29 -> 43188630
A31: 1) Para la vigencia 2027 se aplicó una proyección de aumento del IPC equivalente al 4,4 % respecto a los valores correspondientes a la vigencia 2026. En todo caso, esta proyección debe ser actualizada en cada vigencia en la misma proporción de su aumento real .
A32: 2. En el presente análisis se aplicó el procedimiento de aproximación generalmente aceptado por las reglas matemáticas denominado redondeo a dos decimales, esto es, si el tercer decimal es menor que 5, el segundo decimal se mantiene; si el tercer decimal es igual o mayor que 5, el segundo decimal se incrementa en uno. | N32: =N28/12 -> 0 | O32: =O28/12 -> 685217.47
K33: VALOR PROYECTADO AL 2027
B34: LISTA REPUESTOS RECURRENTES | F34: VALOR UNITARIO SIN IVA | G34: IVA | H34: VALOR UNITARIO IVA INCLUIDO | K34: VALOR UNITARIO SIN IVA | L34: IVA | M34: VALOR UNITARIO IVA INCLUIDO
A35: 1 | B35: ABRAZADERA EN U DE 6" | C35: UN | D35: 1 | G35: =+ROUND(F35*19%,2) -> 0 | H35: =ROUND(F35+G35,2) -> 0 | K35: =+ROUND(F35+(F35*$F$5),0) -> 0 | L35: =+ROUND(K35*19%,2) -> 0 | M35: =ROUND(K35+L35,2) -> 0
A36: =A35+1 -> 2 | B36: ADAPTADOR BRIDA 4" | C36: UN | D36: 1 | G36: =+ROUND(F36*19%,2) -> 0 | H36: =ROUND(F36+G36,2) -> 0 | K36: =+ROUND(F36+(F36*$F$5),0) -> 0 | L36: =+ROUND(K36*19%,2) -> 0 | M36: =ROUND(K36+L36,2) -> 0
A37: =A36+1 -> 3 | B37: ADAPTADOR MACHO DE 1 1/2" | C37: UN | D37: 1 | G37: =+ROUND(F37*19%,2) -> 0 | H37: =ROUND(F37+G37,2) -> 0 | K37: =+ROUND(F37+(F37*$F$5),0) -> 0 | L37: =+ROUND(K37*19%,2) -> 0 | M37: =ROUND(K37+L37,2) -> 0
A38: =A37+1 -> 4 | B38: ADAPTADOR MACHO DE 2" | C38: UN | D38: 1 | G38: =+ROUND(F38*19%,2) -> 0 | H38: =ROUND(F38+G38,2) -> 0 | K38: =+ROUND(F38+(F38*$F$5),0) -> 0 | L38: =+ROUND(K38*19%,2) -> 0 | M38: =ROUND(K38+L38,2) -> 0
A39: =A38+1 -> 5 | B39: BORNERA PARA MOTOR DE 10 HP | C39: UN | D39: 1 | G39: =+ROUND(F39*19%,2) -> 0 | H39: =ROUND(F39+G39,2) -> 0 | K39: =+ROUND(F39+(F39*$F$5),0) -> 0 | L39: =+ROUND(K39*19%,2) -> 0 | M39: =ROUND(K39+L39,2) -> 0
A40: =A39+1 -> 6 | B40: BUSHING DE 1" X 1/2" | C40: UN | D40: 1 | G40: =+ROUND(F40*19%,2) -> 0 | H40: =ROUND(F40+G40,2) -> 0 | K40: =+ROUND(F40+(F40*$F$5),0) -> 0 | L40: =+ROUND(K40*19%,2) -> 0 | M40: =ROUND(K40+L40,2) -> 0
A41: =A40+1 -> 7 | B41: CABLE ENCAUCHETADO 4x12 | C41: ML | D41: 1 | G41: =+ROUND(F41*19%,2) -> 0 | H41: =ROUND(F41+G41,2) -> 0 | K41: =+ROUND(F41+(F41*$F$5),0) -> 0 | L41: =+ROUND(K41*19%,2) -> 0 | M41: =ROUND(K41+L41,2) -> 0
A42: =A41+1 -> 8 | B42: CHEQUE CORTINA HELBERT DE 1 1/2" | C42: UN | D42: 1 | G42: =+ROUND(F42*19%,2) -> 0 | H42: =ROUND(F42+G42,2) -> 0 | K42: =+ROUND(F42+(F42*$F$5),0) -> 0 | L42: =+ROUND(K42*19%,2) -> 0 | M42: =ROUND(K42+L42,2) -> 0
A43: =A42+1 -> 9 | B43: CHEQUE HIDRO HELBERT DE 2" | C43: UN | D43: 1 | G43: =+ROUND(F43*19%,2) -> 0 | H43: =ROUND(F43+G43,2) -> 0 | K43: =+ROUND(F43+(F43*$F$5),0) -> 0 | L43: =+ROUND(K43*19%,2) -> 0 | M43: =ROUND(K43+L43,2) -> 0
A44: =A43+1 -> 10 | B44: CODO PVC 1" | C44: UN | D44: 1 | G44: =+ROUND(F44*19%,2) -> 0 | H44: =ROUND(F44+G44,2) -> 0 | K44: =+ROUND(F44+(F44*$F$5),0) -> 0 | L44: =+ROUND(K44*19%,2) -> 0 | M44: =ROUND(K44+L44,2) -> 0
A45: =A44+1 -> 11 | B45: CODO PVC DE 1 1/2" | C45: UN | D45: 1 | G45: =+ROUND(F45*19%,2) -> 0 | H45: =ROUND(F45+G45,2) -> 0 | K45: =+ROUND(F45+(F45*$F$5),0) -> 0 | L45: =+ROUND(K45*19%,2) -> 0 | M45: =ROUND(K45+L45,2) -> 0
A46: =A45+1 -> 12 | B46: COPA RANURADA DE 4" X 2" | C46: UN | D46: 1 | G46: =+ROUND(F46*19%,2) -> 0 | H46: =ROUND(F46+G46,2) -> 0 | K46: =+ROUND(F46+(F46*$F$5),0) -> 0 | L46: =+ROUND(K46*19%,2) -> 0 | M46: =ROUND(K46+L46,2) -> 0
A47: =A46+1 -> 13 | B47: COPA RANURADA DE 4" x 3" | C47: UN | D47: 1 | G47: =+ROUND(F47*19%,2) -> 0 | H47: =ROUND(F47+G47,2) -> 0 | K47: =+ROUND(F47+(F47*$F$5),0) -> 0 | L47: =+ROUND(K47*19%,2) -> 0 | M47: =ROUND(K47+L47,2) -> 0
... A59: =A58+1 -> 25 | B59: VALVULA EN BRONCE DE 3" | C59: UN | D59: 1 | G59: =+ROUND(F59*19%,2) -> 0 | H59: =ROUND(F59+G59,2) -> 0 | K59: =+ROUND(F59+(F59*$F$5),0) -> 0 | L59: =+ROUND(K59*19%,2) -> 0 | M59: =ROUND(K59+L59,2) -> 0
H60: =ROUND(SUM(H35:H59),2) -> 0 | M60: =ROUND(SUM(M35:M59),2) -> 0
A61: EL VALOR TOTAL PROYECTADO PARA EL PRESENTE PROCESO POR CONCEPTO DE MANTENIMIENTOVIGENCIA 2027 ES DE
B63: ='Anexo1 cotizaciones2026'!C60 -> Fecha de elaboración:
B64: ='Anexo1 cotizaciones2026'!C61 -> Estudio del Sector No.

Sheet no incluir
A1: ANEXO 5C - VIGENCIA 2021
F3: ESTUDIO DE MERCADO DEFINITIVO 2021 PROYECCION COSTOS HISTORICOS Y COTIZACIONES
F4: =+'historico 2022'!K5 -> SERVICIO DE MANTENIMIENTO PREVENTIVO Y CORRECTIVO TÉCNICO INTEGRAL ESPECIALIZADO CON SUMINISTRO DE INSUMOS Y BOLSA PARA REPUESTOS DE AIRES ACONDICIONADOS, EQUIPOS DE VENTILACIÓN Y CUARTOS FRÍOS QUE SE ENCUENTRAN INSTALADOS EN EL NIVEL CENTRAL Y EN BARRANQUILLA DE LA FISCALÍA GENERAL DE LA NACIÓN.
B5: PROYECCION 2021 | D5: 0.03 | E5: 11 meses
A8: =+'historico 2022'!B6 -> ITEM | B8: NECESIDAD | C8: =+'historico 2022'!D6 -> TIPO | D8: =+'historico 2022'!E6 -> MARCA | E8: CANTIDAD MANTENIMIENTOS PARA EL AÑO 2021 | G8: PROYECCIÓN AL AÑO 2020 | L8: PRESUPUESTO PROYECTADO AL 2021
G9: VALOR UNITARIO SIN IVA | H9: IVA | I9: VALOR UNITARIO IVA INCLUIDO | L9: VALOR UNITARIO SIN IVA | M9: IVA | N9: VALOR UNITARIO IVA INCLUIDO | O9: VALOR TOTAL MANTENIMIENTO PREVENTIVO Y CORRECTIVO IVA INCLUIDO
A10: =+'historico 2022'!B9 -> 0
A11: =+'historico 2022'!B10 -> 1 | B11: =+'historico 2022'!C10 -> Equipo de aire acondicionado | C11: ='ANEXO 2 historicovs cotizacio '!C9 -> 2 | D11: ='ANEXO 2 historicovs cotizacio '!#REF! -> #REF! | E11: =+C11*11 -> 22 | G11: =' ANEXO 3 vig 2027(12 meses) '!K11 -> 6477 | H11: =+ROUND(G11*19/100,0) -> 1231 | I11: =+G11+H11 -> 7708 | L11: =+ROUND(G11+(G11*$D$5),0) -> 6671 | M11: =+ROUND(L11*0.19,0) -> 1267 | N11: =+L11+M11 -> 7938 | O11: =+N11*E11 -> 174636
A12: =+'historico 2022'!B11 -> 2 | B12: =+'historico 2022'!C11 -> Equipo de aire acondicionado | C12: ='ANEXO 2 historicovs cotizacio '!C10 -> 1 | D12: ='ANEXO 2 historicovs cotizacio '!#REF! -> #REF! | E12: =+C12*11 -> 11 | G12: =' ANEXO 3 vig 2027(12 meses) '!K12 -> 6477 | H12: =+ROUND(G12*19/100,0) -> 1231 | I12: =+G12+H12 -> 7708 | L12: =+ROUND(G12+(G12*$D$5),0) -> 6671 | M12: =+ROUND(L12*0.19,0) -> 1267 | N12: =+L12+M12 -> 7938 | O12: =+N12*E12 -> 87318
A13: =+'historico 2022'!B12 -> 3 | B13: =+'historico 2022'!C12 -> Equipo de aire acondicionado | C13: ='ANEXO 2 historicovs cotizacio '!C11 -> 1 | D13: ='ANEXO 2 historicovs cotizacio '!#REF! -> #REF! | E13: =+C13*11 -> 11 | G13: =' ANEXO 3 vig 2027(12 meses) '!K13 -> 6477 | H13: =+ROUND(G13*19/100,0) -> 1231 | I13: =+G13+H13 -> 7708 | L13: =+ROUND(G13+(G13*$D$5),0) -> 6671 | M13: =+ROUND(L13*0.19,0) -> 1267 | N13: =+L13+M13 -> 7938 | O13: =+N13*E13 -> 87318
A14: =+'historico 2022'!B13 -> 4 | B14: =+'historico 2022'!C13 -> Equipo de aire acondicionado | C14: ='ANEXO 2 historicovs cotizacio '!C12 -> 1 | D14: ='ANEXO 2 historicovs cotizacio '!#REF! -> #REF! | E14: =+C14*11 -> 11 | G14: =' ANEXO 3 vig 2027(12 meses) '!K14 -> 6477 | H14: =+ROUND(G14*19/100,0) -> 1231 | I14: =+G14+H14 -> 7708 | L14: =+ROUND(G14+(G14*$D$5),0) -> 6671 | M14: =+ROUND(L14*0.19,0) -> 1267 | N14: =+L14+M14 -> 7938 | O14: =+N14*E14 -> 87318
A15: =+'historico 2022'!B14 -> 5 | B15: =+'historico 2022'!C14 -> Equipo de aire acondicionado | C15: ='ANEXO 2 historicovs cotizacio '!C13 -> 2 | D15: ='ANEXO 2 historicovs cotizacio '!#REF! -> #REF! | E15: =+C15*11 -> 22 | G15: =' ANEXO 3 vig 2027(12 meses) '!K15 -> 6477 | H15: =+ROUND(G15*19/100,0) -> 1231 | I15: =+G15+H15 -> 7708 | L15: =+ROUND(G15+(G15*$D$5),0) -> 6671 | M15: =+ROUND(L15*0.19,0) -> 1267 | N15: =+L15+M15 -> 7938 | O15: =+N15*E15 -> 174636
A16: =+'historico 2022'!B15 -> 6 | B16: =+'historico 2022'!C15 -> Equipo de aire acondicionado | C16: ='ANEXO 2 historicovs cotizacio '!#REF! -> #REF! | D16: ='ANEXO 2 historicovs cotizacio '!#REF! -> #REF! | E16: =+C16*11 -> #REF! | G16: =' ANEXO 3 vig 2027(12 meses) '!#REF! -> #REF! | H16: =+ROUND(G16*19/100,0) -> #REF! | I16: =+G16+H16 -> #REF! | L16: =+ROUND(G16+(G16*$D$5),0) -> #REF! | M16: =+ROUND(L16*0.19,0) -> #REF! | N16: =+L16+M16 -> #REF! | O16: =+N16*E16 -> #REF!
A17: =+'historico 2022'!B16 -> 7 | B17: =+'historico 2022'!C16 -> Equipo de aire acondicionado | C17: ='ANEXO 2 historicovs cotizacio '!#REF! -> #REF! | D17: ='ANEXO 2 historicovs cotizacio '!#REF! -> #REF! | E17: =+C17*11 -> #REF! | G17: =' ANEXO 3 vig 2027(12 meses) '!#REF! -> #REF! | H17: =+ROUND(G17*19/100,0) -> #REF! | I17: =+G17+H17 -> #REF! | L17: =+ROUND(G17+(G17*$D$5),0) -> #REF! | M17: =+ROUND(L17*0.19,0) -> #REF! | N17: =+L17+M17 -> #REF! | O17: =+N17*E17 -> #REF!
A18: =+'historico 2022'!B17 -> 8 | B18: =+'historico 2022'!C17 -> Equipo de aire acondicionado | C18: ='ANEXO 2 historicovs cotizacio '!#REF! -> #REF! | D18: ='ANEXO 2 historicovs cotizacio '!#REF! -> #REF! | E18: =+C18*2 -> #REF! | G18: =' ANEXO 3 vig 2027(12 meses) '!#REF! -> #REF! | H18: =+ROUND(G18*19/100,0) -> #REF! | I18: =+G18+H18 -> #REF! | L18: =+ROUND(G18+(G18*$D$5),0) -> #REF! | M18: =+ROUND(L18*0.19,0) -> #REF! | N18: =+L18+M18 -> #REF! | O18: =+N18*E18 -> #REF!
A19: =+'historico 2022'!B18 -> 9 | B19: =+'historico 2022'!C18 -> Equipo de aire acondicionado | C19: ='ANEXO 2 historicovs cotizacio '!#REF! -> #REF! | D19: ='ANEXO 2 historicovs cotizacio '!#REF! -> #REF! | E19: =+C19*2 -> #REF! | G19: =' ANEXO 3 vig 2027(12 meses) '!#REF! -> #REF! | H19: =+ROUND(G19*19/100,0) -> #REF! | I19: =+G19+H19 -> #REF! | L19: =+ROUND(G19+(G19*$D$5),0) -> #REF! | M19: =+ROUND(L19*0.19,0) -> #REF! | N19: =+L19+M19 -> #REF! | O19: =+N19*E19 -> #REF!
A20: =+'historico 2022'!B19 -> 10 | B20: =+'historico 2022'!C19 -> Equipo de aire acondicionado | C20: ='ANEXO 2 historicovs cotizacio '!#REF! -> #REF! | D20: ='ANEXO 2 historicovs cotizacio '!#REF! -> #REF! | E20: =+C20*2 -> #REF! | G20: =' ANEXO 3 vig 2027(12 meses) '!#REF! -> #REF! | H20: =+ROUND(G20*19/100,0) -> #REF! | I20: =+G20+H20 -> #REF! | L20: =+ROUND(G20+(G20*$D$5),0) -> #REF! | M20: =+ROUND(L20*0.19,0) -> #REF! | N20: =+L20+M20 -> #REF! | O20: =+N20*E20 -> #REF!
A21: =+'historico 2022'!B20 -> 11 | B21: =+'historico 2022'!C20 -> Equipo de aire acondicionado | C21: ='ANEXO 2 historicovs cotizacio '!#REF! -> #REF! | D21: ='ANEXO 2 historicovs cotizacio '!#REF! -> #REF! | E21: =+C21*11 -> #REF! | G21: =' ANEXO 3 vig 2027(12 meses) '!#REF! -> #REF! | H21: =+ROUND(G21*19/100,0) -> #REF! | I21: =+G21+H21 -> #REF! | L21: =+ROUND(G21+(G21*$D$5),0) -> #REF! | M21: =+ROUND(L21*0.19,0) -> #REF! | N21: =+L21+M21 -> #REF! | O21: =+N21*E21 -> #REF!
A22: =+'historico 2022'!#REF! -> #REF!
A23: =+'historico 2022'!B21 -> 12 | B23: =+'historico 2022'!C21 -> Equipo de aire acondicionado | C23: ='ANEXO 2 historicovs cotizacio '!#REF! -> #REF! | D23: ='ANEXO 2 historicovs cotizacio '!#REF! -> #REF! | E23: 1 | G23: =' ANEXO 3 vig 2027(12 meses) '!#REF! -> #REF! | H23: =+ROUND(G23*19/100,0) -> #REF! | I23: =+G23+H23 -> #REF! | L23: =+ROUND(G23+(G23*$D$5),0) -> #REF! | M23: =+ROUND(L23*0.19,0) -> #REF! | N23: =+L23+M23 -> #REF! | O23: =+N23*E23 -> #REF!
A24: =+'historico 2022'!B22 -> 13 | B24: =+'historico 2022'!C22 -> Equipo de Ventilación | C24: ='ANEXO 2 historicovs cotizacio '!#REF! -> #REF! | D24: ='ANEXO 2 historicovs cotizacio '!#REF! -> #REF! | E24: 1 | G24: =' ANEXO 3 vig 2027(12 meses) '!#REF! -> #REF! | H24: =+ROUND(G24*19/100,0) -> #REF! | I24: =+G24+H24 -> #REF! | L24: =+ROUND(G24+(G24*$D$5),0) -> #REF! | M24: =+ROUND(L24*0.19,0) -> #REF! | N24: =+L24+M24 -> #REF! | O24: =+N24*E24 -> #REF!
A25: =+'historico 2022'!B23 -> 14 | B25: =+'historico 2022'!C23 -> Equipo de Ventilación | C25: ='ANEXO 2 historicovs cotizacio '!#REF! -> #REF! | D25: ='ANEXO 2 historicovs cotizacio '!#REF! -> #REF! | E25: 1 | G25: =' ANEXO 3 vig 2027(12 meses) '!#REF! -> #REF! | H25: =+ROUND(G25*19/100,0) -> #REF! | I25: =+G25+H25 -> #REF! | L25: =+ROUND(G25+(G25*$D$5),0) -> #REF! | M25: =+ROUND(L25*0.19,0) -> #REF! | N25: =+L25+M25 -> #REF! | O25: =+N25*E25 -> #REF!
A26: =+'historico 2022'!B24 -> 15 | B26: =+'historico 2022'!C24 -> Equipo de Ventilación | C26: ='ANEXO 2 historicovs cotizacio '!#REF! -> #REF! | D26: ='ANEXO 2 historicovs cotizacio '!#REF! -> #REF! | E26: 1 | G26: =' ANEXO 3 vig 2027(12 meses) '!#REF! -> #REF! | H26: =+ROUND(G26*19/100,0) -> #REF! | I26: =+G26+H26 -> #REF! | L26: =+ROUND(G26+(G26*$D$5),0) -> #REF! | M26: =+ROUND(L26*0.19,0) -> #REF! | N26: =+L26+M26 -> #REF! | O26: =+N26*E26 -> #REF!
A27: =+'historico 2022'!B25 -> 16 | B27: =+'historico 2022'!C25 -> Equipo de aire acondicionado | C27: ='ANEXO 2 historicovs cotizacio '!#REF! -> #REF! | D27: ='ANEXO 2 historicovs cotizacio '!#REF! -> #REF! | E27: 1 | G27: =' ANEXO 3 vig 2027(12 meses) '!#REF! -> #REF! | H27: =+ROUND(G27*19/100,0) -> #REF! | I27: =+G27+H27 -> #REF! | L27: =+ROUND(G27+(G27*$D$5),0) -> #REF! | M27: =+ROUND(L27*0.19,0) -> #REF! | N27: =+L27+M27 -> #REF! | O27: =+N27*E27 -> #REF!
A28: =+'historico 2022'!B26 -> 17 | B28: =+'historico 2022'!C26 -> Equipo de aire acondicionado | C28: ='ANEXO 2 historicovs cotizacio '!#REF! -> #REF! | D28: ='ANEXO 2 historicovs cotizacio '!#REF! -> #REF! | E28: =+'historico 2022'!F26 -> 6000 btu/h | G28: =' ANEXO 3 vig 2027(12 meses) '!#REF! -> #REF! | H28: =+ROUND(G28*19/100,0) -> #REF! | I28: =+G28+H28 -> #REF! | L28: =+ROUND(G28+(G28*$D$5),0) -> #REF! | M28: =+ROUND(L28*0.19,0) -> #REF! | N28: =+L28+M28 -> #REF! | O28: =+N28*E28 -> #REF!
A29: =+'historico 2022'!B27 -> 18 | B29: =+'historico 2022'!C27 -> Equipo de aire acondicionado | C29: ='ANEXO 2 historicovs cotizacio '!#REF! -> #REF! | D29: ='ANEXO 2 historicovs cotizacio '!#REF! -> #REF! | E29: 1 | G29: =' ANEXO 3 vig 2027(12 meses) '!#REF! -> #REF! | H29: =+ROUND(G29*19/100,0) -> #REF! | I29: =+G29+H29 -> #REF! | L29: =+ROUND(G29+(G29*$D$5),0) -> #REF! | M29: =+ROUND(L29*0.19,0) -> #REF! | N29: =+L29+M29 -> #REF! | O29: =+N29*E29 -> #REF!
A30: =+'historico 2022'!#REF! -> #REF!
A31: =+'historico 2022'!B28 -> 19 | B31: =+'historico 2022'!C28 -> Equipo de aire acondicionado | C31: ='ANEXO 2 historicovs cotizacio '!#REF! -> #REF! | D31: ='ANEXO 2 historicovs cotizacio '!#REF! -> #REF! | E31: 88 | G31: =' ANEXO 3 vig 2027(12 meses) '!#REF! -> #REF! | H31: =+ROUND(G31*19/100,0) -> #REF! | I31: =+G31+H31 -> #REF! | L31: =+ROUND(G31+(G31*$D$5),0) -> #REF! | M31: =+ROUND(L31*0.19,0) -> #REF! | N31: =+L31+M31 -> #REF! | O31: =+N31*E31 -> #REF!
A32: =+'historico 2022'!B29 -> 20 | B32: =+'historico 2022'!C29 -> Equipo de aire acondicionado | C32: ='ANEXO 2 historicovs cotizacio '!#REF! -> #REF! | D32: ='ANEXO 2 historicovs cotizacio '!#REF! -> #REF! | E32: 132 | G32: =' ANEXO 3 vig 2027(12 meses) '!#REF! -> #REF! | H32: =+ROUND(G32*19/100,0) -> #REF! | I32: =+G32+H32 -> #REF! | L32: =+ROUND(G32+(G32*$D$5),0) -> #REF! | M32: =+ROUND(L32*0.19,0) -> #REF! | N32: =+L32+M32 -> #REF! | O32: =+N32*E32 -> #REF!
A33: =+'historico 2022'!B30 -> 21 | B33: =+'historico 2022'!C30 -> Equipo de aire acondicionado | C33: ='ANEXO 2 historicovs cotizacio '!#REF! -> #REF! | D33: ='ANEXO 2 historicovs cotizacio '!#REF! -> #REF! | E33: 4 | G33: =' ANEXO 3 vig 2027(12 meses) '!#REF! -> #REF! | H33: =+ROUND(G33*19/100,0) -> #REF! | I33: =+G33+H33 -> #REF! | L33: =+ROUND(G33+(G33*$D$5),0) -> #REF! | M33: =+ROUND(L33*0.19,0) -> #REF! | N33: =+L33+M33 -> #REF! | O33: =+N33*E33 -> #REF!
B34: TOTAL MANTENIMIENTO PREVENTIVO Y CORRECTIVO IVA INCLUIDO | O34: =SUM(O11:O33) -> #REF!
B35: VALOR BOLSA DE PRODUCTOS (EL VALOR BOLSA DE PRODUCTOS NO ES OBJETO DE OFERTA, ES UN VALOR ESTÁNDAR QUE LA ENTIDAD ESTIMÓ PARA LA ADQUISICIÓN DE REPUESTOS E INSTALACIÓN, QUE SERA UTILIZADO DE ACUERDO A LA NECESIDAD QUE SE PRESENTE EN LA EJECUCIÓN DEL CONTRATO.) | O35: =+' ANEXO 3 vig 2027(12 meses) '!N28/12*11*1.03 -> 0
B36: VALOR TOTAL PRESUPUESTO OFICIAL ESTIMADO VIGENCIA 2021 | O36: =O34+O35 -> #REF!
A38: 1) Para determinar el valor definitivo se empleó la indexación del valor histórico del contrato CONTRATO No. 0116 DE 2019
A39: 2. EN EL PRESENTE ANÁLISIS SE APLICÓ ELPROCEDIMIENTO DE APROXIMACIÓN GENERALMENTE ACEPTADO POR LAS REGLAS MATEMÁTICAS DENOMINADO REDONDEO, QUE CONSISTE EN ACERCAR LOS VALORES DECIMALES AL NÚMERO ENTERO MÁS APROXIMADO (A LA BAJA, CUANDO EL NUMERO DECIMAL SEA MENOR A 5 O A LA ALTA CUANDO EL NUMERO DECIMAL SEA IGUAL O MAYOR A 5.
A41: 3) Para la vigencia 2020 se aplicó una proyección de aumento del IPC equivalente al 3% respecto a los valores correspondientes a la vigencia 2020. En todo caso, esta proyección debe ser actualizada en cada vigencia en la misma proporción de su aumento real .
A43: EL VALOR TOTAL PROYECTADO PARA EL PRESENTE PROCESO ES DE | L43: =E55 -> #REF!
B45: ='Anexo1 cotizaciones2026'!C60 -> Fecha de elaboración: | C45: =+GENERAL!B2 -> 46280
B46: ='Anexo1 cotizaciones2026'!C61 -> Estudio del Sector No. | C46: 241
M47: =O35/11 -> 0
C51: MANTENIMIENTO PREVENTIVO Y CORRECTIVO | D51: BOLSA DE REPUESTOS | E51: TOTAL
B52: VIGENCIA 2019 | C52: =+'ANEXO 2 historicovs cotizacio '!#REF! -> #REF! | D52: =+'ANEXO 2 historicovs cotizacio '!#REF! -> #REF! | E52: =+D52+C52 -> #REF!
B53: VIGENCIA 2020 | C53: =+' ANEXO 3 vig 2027(12 meses) '!#REF! -> #REF! | D53: =' ANEXO 3 vig 2027(12 meses) '!N28 -> 0 | E53: =+D53+C53 -> #REF!
B54: VIGENCIA 2021 | C54: =O34 -> #REF! | D54: =O35 -> 0 | E54: =+D54+C54 -> #REF!
B55: TOTAL | C55: =SUM(C52:C54) -> #REF! | D55: =SUM(D52:D54) -> #REF! | E55: =SUM(E52:E54) -> #REF!

Sheet   ANEXO 3 vigenc 2028(2 meses) 
A1: ANEXO 3 - VIGENCIA 2028
F3: ESTUDIO DE MERCADO DEFINITIVO
F4: PRESTAR EL SERVICIO DE MANTENIMIENTO PREVENTIVO Y CORRECTIVO TÉCNICO INTEGRAL ESPECIALIZADO CON SUMINISTRO DE INSUMOS Y BOLSA DE REPUESTOS PARA MOTORES, MOTOBOMBAS, REDES DE SUMINISTRO DE AGUA POTABLE, REDES CONTRA INCENDIOS, ELECTROBOMBAS SUMERGIBLES Y POZOS DE EYECCIÓN INSTALADOS EN LAS SEDES DEL NIVEL CENTRAL DE LA FISCALÍA GENERAL DE LA NACIÓN
B5: PROYECCION | D5: PROYECCION | F5: 0.03 | G5: 2 meses
A8: ITEM | B8: NECESIDAD | C8: CANTIDAD EQUIPOS | D8: CANTIDAD MANTENIMIENTOS | F8: PRESUPUESTO AÑO 2027 | K8: PRESUPUESTO PROYECTADO AL 2028
F9: VALOR UNITARIO SIN IVA | G9: IVA | H9: VALOR UNITARIO IVA INCLUIDO | K9: VALOR UNITARIO SIN IVA | L9: IVA | M9: VALOR UNITARIO IVA INCLUIDO | N9: VALOR TOTAL MANTENIMIENTO PREVENTIVO Y CORRECTIVO IVA INCLUIDO | O9: VALOR TOTAL MANTENIMIENTO PREVENTIVO Y CORRECTIVO IVA INCLUIDO * CANTIDAD EQUIPOS
A11: 1 | B11: ='Anexo1 cotizaciones2026'!C10 -> SERVICIO MANTENIMIENTO PREVENTIVO Y CORRECTIVO MOTOBOMBAS CENTRIFUGAS - CONTRA INCENDIO MARCA FAIRBANKS MORSE POTENCIA: 60 HP MOTOR ELECTRICO TRIFASICO MODELO 6219 A RPM 3560. | C11: 2 | D11: 11 | F11: =' ANEXO 3 vig 2027(12 meses) '!K11 -> 6477 | G11: =+ROUND(F11*19%,2) -> 1230.63 | H11: =ROUND(+F11+G11,2) -> 7707.63 | K11: =+ROUND(F11+(F11*$F$5),2) -> 6671.31 | L11: =+ROUND(K11*19%,2) -> 1267.55 | M11: =ROUND(K11+L11,2) -> 7938.86 | N11: =ROUND(M11*D11,2) -> 87327.46 | O11: =ROUND(+N11*C11,2) -> 174654.92
A12: 2 | B12: ='Anexo1 cotizaciones2026'!C11 -> SERVICIO MANTENIMIENTO PREVENTIVO Y CORRECTIVO MOTOBOMBA CENTRIFUGA - CONTRA INCENDIO MARCA PPATERSSON POTENCIA 125 HP MOTOR ELECTRICO TRIFASICO MODELO MD404TSTDS1400BABAN RPM560 | C12: 1 | D12: 11 | F12: =' ANEXO 3 vig 2027(12 meses) '!K12 -> 6477 | G12: =+ROUND(F12*19%,2) -> 1230.63 | H12: =ROUND(+F12+G12,2) -> 7707.63 | K12: =+ROUND(F12+(F12*$F$5),2) -> 6671.31 | L12: =+ROUND(K12*19%,2) -> 1267.55 | M12: =ROUND(K12+L12,2) -> 7938.86 | N12: =ROUND(M12*D12,2) -> 87327.46 | O12: =ROUND(+N12*C12,2) -> 87327.46
A13: 3 | B13: ='Anexo1 cotizaciones2026'!C12 -> SERVICIO MANTENIMIENTO PREVENTIVO Y CORRECTIVO MOTOBOMBA JOCKEY CONTRA INCENDIO MULTIETAPAS VERTICAL MARCA BALDOR POTENCIA: 5 HP MOTOR ELECTRICO TRIFASICO RPM 3450. | C13: 1 | D13: 11 | F13: =' ANEXO 3 vig 2027(12 meses) '!K13 -> 6477 | G13: =+ROUND(F13*19%,2) -> 1230.63 | H13: =ROUND(+F13+G13,2) -> 7707.63 | K13: =+ROUND(F13+(F13*$F$5),2) -> 6671.31 | L13: =+ROUND(K13*19%,2) -> 1267.55 | M13: =ROUND(K13+L13,2) -> 7938.86 | N13: =ROUND(M13*D13,2) -> 87327.46 | O13: =ROUND(+N13*C13,2) -> 87327.46
A14: 4 | B14: ='Anexo1 cotizaciones2026'!C13 -> SERVICIO MANTENIMIENTO PREVENTIVO Y CORRECTIVO MOTOBOMBA JOCKEY CONTRA INCENDIO MULTIETAPAS VERTICAL MARCA AURORA PUMP POTENCIA: 3 HP MOTOR ELECTRICO TRIFASICO RPM 3461. | C14: 1 | D14: 11 | F14: =' ANEXO 3 vig 2027(12 meses) '!K14 -> 6477 | G14: =+ROUND(F14*19%,2) -> 1230.63 | H14: =ROUND(+F14+G14,2) -> 7707.63 | K14: =+ROUND(F14+(F14*$F$5),2) -> 6671.31 | L14: =+ROUND(K14*19%,2) -> 1267.55 | M14: =ROUND(K14+L14,2) -> 7938.86 | N14: =ROUND(M14*D14,2) -> 87327.46 | O14: =ROUND(+N14*C14,2) -> 87327.46
A15: 5 | B15: ='Anexo1 cotizaciones2026'!C14 -> SERVICIO MANTENIMIENTO PREVENTIVO Y CORRECTIVO MOTOBOMBAS CENTRIFUGAS DE AGUA PPOTABLE MARCA IHM POTENCIA: 9 HP MOTOR ELECTRICO TRIFASICO RPM 3520. | C15: 2 | D15: 11 | F15: =' ANEXO 3 vig 2027(12 meses) '!K15 -> 6477 | G15: =+ROUND(F15*19%,2) -> 1230.63 | H15: =ROUND(+F15+G15,2) -> 7707.63 | K15: =+ROUND(F15+(F15*$F$5),2) -> 6671.31 | L15: =+ROUND(K15*19%,2) -> 1267.55 | M15: =ROUND(K15+L15,2) -> 7938.86 | N15: =ROUND(M15*D15,2) -> 87327.46 | O15: =ROUND(+N15*C15,2) -> 174654.92
A16: 6 | B16: ='Anexo1 cotizaciones2026'!C15 -> SERVICIO MANTENIMIENTO PREVENTIVO Y CORRECTIVO MOTOBOMBAS CENTRIFUGAS DE AGUA POTABLE MARCA BARNES POTENCIA: 10 HP MOTOR ELECTRICO TRIFASICO RPM 3480 | C16: 1 | D16: 11 | F16: =' ANEXO 3 vig 2027(12 meses) '!K16 -> 6477 | G16: =+ROUND(F16*19%,2) -> 1230.63 | H16: =ROUND(+F16+G16,2) -> 7707.63 | K16: =+ROUND(F16+(F16*$F$5),2) -> 6671.31 | L16: =+ROUND(K16*19%,2) -> 1267.55 | M16: =ROUND(K16+L16,2) -> 7938.86 | N16: =ROUND(M16*D16,2) -> 87327.46 | O16: =ROUND(+N16*C16,2) -> 87327.46
A17: 7 | B17: ='Anexo1 cotizaciones2026'!C16 -> SERVICIO MANTENIMIENTO PREVENTIVO DE TANQUES PRESURIZADOS HIDRONEUMATICOS MARCA IHM (500 LT) PRESION DE TRABAJO :125 PSI (8.8 BAR). | C17: 2 | D17: 11 | F17: =' ANEXO 3 vig 2027(12 meses) '!K17 -> 6477 | G17: =+ROUND(F17*19%,2) -> 1230.63 | H17: =ROUND(+F17+G17,2) -> 7707.63 | K17: =+ROUND(F17+(F17*$F$5),2) -> 6671.31 | L17: =+ROUND(K17*19%,2) -> 1267.55 | M17: =ROUND(K17+L17,2) -> 7938.86 | N17: =ROUND(M17*D17,2) -> 87327.46 | O17: =ROUND(+N17*C17,2) -> 174654.92
A18: 8 | B18: ='Anexo1 cotizaciones2026'!C17 -> SERVICIO MANTENIMIENTO PREVENTIVO Y CORRECTIVO MOTOBOMBAS CENTRIFUGAS DE AGUA POTABLE MARCA IHM POTENCIA: 12,5 HP MOTOR ELECTRICO TRIFASICO RPM 3580. | C18: 3 | D18: 11 | F18: =' ANEXO 3 vig 2027(12 meses) '!K18 -> 6477 | G18: =+ROUND(F18*19%,2) -> 1230.63 | H18: =ROUND(+F18+G18,2) -> 7707.63 | K18: =+ROUND(F18+(F18*$F$5),2) -> 6671.31 | L18: =+ROUND(K18*19%,2) -> 1267.55 | M18: =ROUND(K18+L18,2) -> 7938.86 | N18: =ROUND(M18*D18,2) -> 87327.46 | O18: =ROUND(+N18*C18,2) -> 261982.38
A19: 9 | B19: ='Anexo1 cotizaciones2026'!C18 -> SERVICIO MANTENIMIENTO PREVENTIVO Y CORRECTIVO DE TANQUES PRESURIZADOS HIDROACUMULADOR CON MEMBRANA MARCA IHM LA100H VOLUMEN 100 LT PRESION DE TRABAJO :150 PSI | C19: 1 | D19: 11 | F19: =' ANEXO 3 vig 2027(12 meses) '!K19 -> 6477 | G19: =+ROUND(F19*19%,2) -> 1230.63 | H19: =ROUND(+F19+G19,2) -> 7707.63 | K19: =+ROUND(F19+(F19*$F$5),2) -> 6671.31 | L19: =+ROUND(K19*19%,2) -> 1267.55 | M19: =ROUND(K19+L19,2) -> 7938.86 | N19: =ROUND(M19*D19,2) -> 87327.46 | O19: =ROUND(+N19*C19,2) -> 87327.46
A20: 10 | B20: ='Anexo1 cotizaciones2026'!C19 -> SERVICIO MANTENIMIENTO PREVENTIVO Y CORRECTIVO MOTOBOMBAS CENTRIFUGAS DE AGUA POTABLE MARCA BARNES POTENCIA: 10 HP MOTOR ELECTRICO TRIFASICO RPM 3500. | C20: 2 | D20: 11 | F20: =' ANEXO 3 vig 2027(12 meses) '!K20 -> 6477 | G20: =+ROUND(F20*19%,2) -> 1230.63 | H20: =ROUND(+F20+G20,2) -> 7707.63 | K20: =+ROUND(F20+(F20*$F$5),2) -> 6671.31 | L20: =+ROUND(K20*19%,2) -> 1267.55 | M20: =ROUND(K20+L20,2) -> 7938.86 | N20: =ROUND(M20*D20,2) -> 87327.46 | O20: =ROUND(+N20*C20,2) -> 174654.92
A21: 11 | B21: ='Anexo1 cotizaciones2026'!C20 -> SERVICIO MANTENIMIENTO PREVENTIVO Y CORRECTIVO MOTOBOMBAS CENTRIFUGAS DE AGUA POTABLE MARCA BARNES POTENCIA: 1.0 HP MOTOR ELECTRICO BIFASICO RPM 3450. | C21: 2 | D21: 11 | F21: =' ANEXO 3 vig 2027(12 meses) '!K21 -> 6477 | G21: =+ROUND(F21*19%,2) -> 1230.63 | H21: =ROUND(+F21+G21,2) -> 7707.63 | K21: =+ROUND(F21+(F21*$F$5),2) -> 6671.31 | L21: =+ROUND(K21*19%,2) -> 1267.55 | M21: =ROUND(K21+L21,2) -> 7938.86 | N21: =ROUND(M21*D21,2) -> 87327.46 | O21: =ROUND(+N21*C21,2) -> 174654.92
A22: 12 | B22: ='Anexo1 cotizaciones2026'!C21 -> SERVICIO DE LAVADO Y LIMPIEZA DE POZOS DE EYECCION | C22: 20 | D22: 11 | F22: =' ANEXO 3 vig 2027(12 meses) '!K22 -> 6445 | G22: =+ROUND(F22*19%,2) -> 1224.55 | H22: =ROUND(+F22+G22,2) -> 7669.55 | K22: =+ROUND(F22+(F22*$F$5),2) -> 6638.35 | L22: =+ROUND(K22*19%,2) -> 1261.29 | M22: =ROUND(K22+L22,2) -> 7899.64 | N22: =ROUND(M22*D22,2) -> 86896.04 | O22: =ROUND(+N22*C22,2) -> 1737920.8
... A27: 17 | B27: ='Anexo1 cotizaciones2026'!C26 -> SERVICIO MANTENIMIENTO PREVENTIVO Y CORRECTIVO DE MOTOBOMBA TIPO HIDRO FLOW POTENCIA 1 HP | C27: 1 | D27: 11 | F27: =' ANEXO 3 vig 2027(12 meses) '!K27 -> 6477 | G27: =+ROUND(F27*19%,2) -> 1230.63 | H27: =ROUND(+F27+G27,2) -> 7707.63 | K27: =+ROUND(F27+(F27*$F$5),2) -> 6671.31 | L27: =+ROUND(K27*19%,2) -> 1267.55 | M27: =ROUND(K27+L27,2) -> 7938.86 | N27: =ROUND(M27*D27,2) -> 87327.46 | O27: =ROUND(+N27*C27,2) -> 87327.46
B28: VALOR MANTENIMIENTO 2028 | O28: =SUM(O11:O27) -> 7763515.5
B29: VALOR BOLSA DE PRODUCTOS (EL VALOR BOLSA DE PRODUCTOS NO ES OBJETO DE OFERTA, ES UN VALOR ESTÁNDAR QUE LA ENTIDAD ESTIMÓ PARA LA ADQUISICIÓN DE REPUESTOS E INSTALACIÓN, QUE SERA UTILIZADO DE ACUERDO A LA NECESIDAD QUE SE PRESENTE EN LA EJECUCIÓN DEL CONTRATO.) | O29: =39169569-4203549 -> 34966020
B30: VALOR TOTAL PRESUPUESTO OFICIAL INCLUIDO BOLSA DE REPUESTOS ESTIMADO VIGENCIA 2028 | O30: =ROUND(O28+O29,2) -> 42729536
A31: 1) Para la vigencia 2028 se aplicó una proyección de aumento del IPC equivalente al 3% respecto a los valores correspondientes a la vigencia 2027. En todo caso, esta proyección debe ser actualizada en cada vigencia en la misma proporción de su aumento real .
A32: 2. EEn el presente análisis se aplicó el procedimiento de aproximación generalmente aceptado por las reglas matemáticas denominado redondeo a dos decimales, esto es, si el tercer decimal es menor que 5, el segundo decimal se mantiene; si el tercer decimal es igual o mayor que 5, el segundo decimal se incrementa en uno. | N32: =N28/12 -> 0 | O32: =O28/12 -> 646959.63
A35: EL VALOR TOTAL PROYECTADO PARA EL PRESENTE PROCESO POR CONCEPTO DE MANTENIMIENTOVIGENCIA 2022 ES DE
K36: VALOR PROYECTADO AL 2028
B37: LISTA REPUESTOS RECURRENTES | F37: VALOR UNITARIO SIN IVA | G37: IVA | H37: VALOR UNITARIO IVA INCLUIDO | K37: VALOR UNITARIO SIN IVA | L37: IVA | M37: VALOR UNITARIO IVA INCLUIDO
A38: 1 | B38: ABRAZADERA EN U DE 6" | C38: UN | D38: 1 | G38: =+ROUND(F38*19%,2) -> 0 | H38: =ROUND(F38+G38,2) -> 0 | K38: =+ROUND(F38+(F38*$F$5),0) -> 0 | L38: =+ROUND(K38*19%,2) -> 0 | M38: =ROUND(K38+L38,2) -> 0
A39: =A38+1 -> 2 | B39: ADAPTADOR BRIDA 4" | C39: UN | D39: 1 | G39: =+ROUND(F39*19%,2) -> 0 | H39: =ROUND(F39+G39,2) -> 0 | K39: =+ROUND(F39+(F39*$F$5),0) -> 0 | L39: =+ROUND(K39*19%,2) -> 0 | M39: =ROUND(K39+L39,2) -> 0
A40: =A39+1 -> 3 | B40: ADAPTADOR MACHO DE 1 1/2" | C40: UN | D40: 1 | G40: =+ROUND(F40*19%,2) -> 0 | H40: =ROUND(F40+G40,2) -> 0 | K40: =+ROUND(F40+(F40*$F$5),0) -> 0 | L40: =+ROUND(K40*19%,2) -> 0 | M40: =ROUND(K40+L40,2) -> 0
A41: =A40+1 -> 4 | B41: ADAPTADOR MACHO DE 2" | C41: UN | D41: 1 | G41: =+ROUND(F41*19%,2) -> 0 | H41: =ROUND(F41+G41,2) -> 0 | K41: =+ROUND(F41+(F41*$F$5),0) -> 0 | L41: =+ROUND(K41*19%,2) -> 0 | M41: =ROUND(K41+L41,2) -> 0
A42: =A41+1 -> 5 | B42: BORNERA PARA MOTOR DE 10 HP | C42: UN | D42: 1 | G42: =+ROUND(F42*19%,2) -> 0 | H42: =ROUND(F42+G42,2) -> 0 | K42: =+ROUND(F42+(F42*$F$5),0) -> 0 | L42: =+ROUND(K42*19%,2) -> 0 | M42: =ROUND(K42+L42,2) -> 0
A43: =A42+1 -> 6 | B43: BUSHING DE 1" X 1/2" | C43: UN | D43: 1 | G43: =+ROUND(F43*19%,2) -> 0 | H43: =ROUND(F43+G43,2) -> 0 | K43: =+ROUND(F43+(F43*$F$5),0) -> 0 | L43: =+ROUND(K43*19%,2) -> 0 | M43: =ROUND(K43+L43,2) -> 0
A44: =A43+1 -> 7 | B44: CABLE ENCAUCHETADO 4x12 | C44: ML | D44: 1 | G44: =+ROUND(F44*19%,2) -> 0 | H44: =ROUND(F44+G44,2) -> 0 | K44: =+ROUND(F44+(F44*$F$5),0) -> 0 | L44: =+ROUND(K44*19%,2) -> 0 | M44: =ROUND(K44+L44,2) -> 0
A45: =A44+1 -> 8 | B45: CHEQUE CORTINA HELBERT DE 1 1/2" | C45: UN | D45: 1 | G45: =+ROUND(F45*19%,2) -> 0 | H45: =ROUND(F45+G45,2) -> 0 | K45: =+ROUND(F45+(F45*$F$5),0) -> 0 | L45: =+ROUND(K45*19%,2) -> 0 | M45: =ROUND(K45+L45,2) -> 0
A46: =A45+1 -> 9 | B46: CHEQUE HIDRO HELBERT DE 2" | C46: UN | D46: 1 | G46: =+ROUND(F46*19%,2) -> 0 | H46: =ROUND(F46+G46,2) -> 0 | K46: =+ROUND(F46+(F46*$F$5),0) -> 0 | L46: =+ROUND(K46*19%,2) -> 0 | M46: =ROUND(K46+L46,2) -> 0
A47: =A46+1 -> 10 | B47: CODO PVC 1" | C47: UN | D47: 1 | G47: =+ROUND(F47*19%,2) -> 0 | H47: =ROUND(F47+G47,2) -> 0 | K47: =+ROUND(F47+(F47*$F$5),0) -> 0 | L47: =+ROUND(K47*19%,2) -> 0 | M47: =ROUND(K47+L47,2) -> 0
A48: =A47+1 -> 11 | B48: CODO PVC DE 1 1/2" | C48: UN | D48: 1 | G48: =+ROUND(F48*19%,2) -> 0 | H48: =ROUND(F48+G48,2) -> 0 | K48: =+ROUND(F48+(F48*$F$5),0) -> 0 | L48: =+ROUND(K48*19%,2) -> 0 | M48: =ROUND(K48+L48,2) -> 0
A49: =A48+1 -> 12 | B49: COPA RANURADA DE 4" X 2" | C49: UN | D49: 1 | G49: =+ROUND(F49*19%,2) -> 0 | H49: =ROUND(F49+G49,2) -> 0 | K49: =+ROUND(F49+(F49*$F$5),0) -> 0 | L49: =+ROUND(K49*19%,2) -> 0 | M49: =ROUND(K49+L49,2) -> 0
A50: =A49+1 -> 13 | B50: COPA RANURADA DE 4" x 3" | C50: UN | D50: 1 | G50: =+ROUND(F50*19%,2) -> 0 | H50: =ROUND(F50+G50,2) -> 0 | K50: =+ROUND(F50+(F50*$F$5),0) -> 0 | L50: =+ROUND(K50*19%,2) -> 0 | M50: =ROUND(K50+L50,2) -> 0
... A62: =A61+1 -> 25 | B62: VALVULA EN BRONCE DE 3" | C62: UN | D62: 1 | G62: =+ROUND(F62*19%,2) -> 0 | H62: =ROUND(F62+G62,2) -> 0 | K62: =+ROUND(F62+(F62*$F$5),0) -> 0 | L62: =+ROUND(K62*19%,2) -> 0 | M62: =ROUND(K62+L62,2) -> 0
M63: =ROUND(SUM(M38:M62),2) -> 0
B71: ='Anexo1 cotizaciones2026'!C60 -> Fecha de elaboración:
B72: ='Anexo1 cotizaciones2026'!C61 -> Estudio del Sector No.

Sheet ANEXO 3 RESUMEN VIG(2026-2028)
A1: ANEXO 3 - CONSOLIDADO VIGENCIAS 2026, 2027, 2028
D3: PRESTAR EL SERVICIO DE MANTENIMIENTO PREVENTIVO Y CORRECTIVO TÉCNICO INTEGRAL ESPECIALIZADO CON SUMINISTRO DE INSUMOS Y BOLSA DE REPUESTOS PARA MOTORES, MOTOBOMBAS, REDES DE SUMINISTRO DE AGUA POTABLE, REDES CONTRA INCENDIOS, ELECTROBOMBAS SUMERGIBLES Y POZOS DE EYECCIÓN INSTALADOS EN LAS SEDES DEL NIVEL CENTRAL DE LA FISCALÍA GENERAL DE LA NACIÓN.
E7: VIGENCIA 2026 | L7: VIGENCIA 2027 | S7: VIGENCIA 2028
A9: ITEM | B9: NECESIDAD | D9: CANTIDAD EQUIPOS | E9: CANTIDAD DE MANTENIMIENTOS 2026 ( a diciembre2026) | F9: VALOR UNITARIO SIN IVA | G9: IVA | H9: VALOR UNITARIO IVA INCLUIDO | I9: VALOR TOTAL MANTENIMIENTO PREVENTIVO Y CORRECTIVO IVA INCLUIDO | K9: CANTIDAD EQUIPOS | L9: CANTIDAD DE MANTENIMIENTOS 2027 | M9: VALOR UNITARIO SIN IVA | N9: IVA | O9: VALOR UNITARIO IVA INCLUIDO | P9: VALOR TOTAL MANTENIMIENTO PREVENTIVO Y CORRECTIVO IVA INCLUIDO | R9: CANTIDAD EQUIPOS | S9: CANTIDAD DE MANTENIMIENTOS 2028 | T9: VALOR UNITARIO SIN IVA | U9: IVA | V9: VALOR UNITARIO IVA INCLUIDO | W9: VALOR TOTAL MANTENIMIENTO PREVENTIVO Y CORRECTIVO IVA INCLUIDO | Y9: VALOR TOTAL MANTENIMIENTO PREVENTIVO Y CORRECTIVO IVA INCLUIDO VIGENCIA 2026,2027 ,2028
A12: 1 | B12: SERVICIO MANTENIMIENTO PREVENTIVO Y CORRECTIVO MOTOBOMBAS CENTRIFUGAS - CONTRA INCENDIO MARCA FAIRBANKS MORSE POTENCIA: 60 HP MOTOR ELECTRICO TRIFASICO MODELO 6219 A RPM 3560. | D12: 2 | E12: 1 | F12: ='ANEX 2 PROYEC 2026-2027-2028'!F14 -> 7631.4 | G12: =+ROUND(F12*19%,2) -> 1449.97 | H12: =+ROUND(F12+G12,2) -> 9081.37 | I12: =ROUND(H12*E12*D12,2) -> 18162.74 | K12: 2 | L12: 12 | M12: ='ANEX 2 PROYEC 2026-2027-2028'!M14 -> 7967.18 | N12: =+ROUND(M12*19%,2) -> 1513.76 | O12: =+ROUND(M12+N12,2) -> 9480.94 | P12: =ROUND(O12*L12*K12,2) -> 227542.56 | R12: 2 | S12: 11 | T12: ='ANEX 2 PROYEC 2026-2027-2028'!T14 -> 8206.2 | U12: =+ROUND(T12*19%,2) -> 1559.18 | V12: =+ROUND(T12+U12,2) -> 9765.38 | W12: =ROUND(V12*S12*R12,2) -> 214838.36 | Y12: =ROUND(I12+P12+W12,2) -> 460543.66
A13: 2 | B13: SERVICIO MANTENIMIENTO PREVENTIVO Y CORRECTIVO MOTOBOMBA CENTRIFUGA - CONTRA INCENDIO MARCA PPATERSSON POTENCIA 125 HP MOTOR ELECTRICO TRIFASICO MODELO MD404TSTDS1400BABAN RPM560 | D13: 1 | E13: 1 | F13: ='ANEX 2 PROYEC 2026-2027-2028'!F15 -> 7631.4 | G13: =+ROUND(F13*19%,2) -> 1449.97 | H13: =+ROUND(F13+G13,2) -> 9081.37 | I13: =ROUND(H13*E13*D13,2) -> 9081.37 | K13: 1 | L13: 12 | M13: ='ANEX 2 PROYEC 2026-2027-2028'!M15 -> 7967.18 | N13: =+ROUND(M13*19%,2) -> 1513.76 | O13: =+ROUND(M13+N13,2) -> 9480.94 | P13: =ROUND(O13*L13*K13,2) -> 113771.28 | R13: 1 | S13: 11 | T13: ='ANEX 2 PROYEC 2026-2027-2028'!T15 -> 8206.2 | U13: =+ROUND(T13*19%,2) -> 1559.18 | V13: =+ROUND(T13+U13,2) -> 9765.38 | W13: =ROUND(V13*S13*R13,2) -> 107419.18 | Y13: =ROUND(I13+P13+W13,2) -> 230271.83
A14: 3 | B14: SERVICIO MANTENIMIENTO PREVENTIVO Y CORRECTIVO MOTOBOMBA JOCKEY CONTRA INCENDIO MULTIETAPAS VERTICAL MARCA BALDOR POTENCIA: 5 HP MOTOR ELECTRICO TRIFASICO RPM 3450. | D14: 1 | E14: 1 | F14: ='ANEX 2 PROYEC 2026-2027-2028'!F16 -> 7631.4 | G14: =+ROUND(F14*19%,2) -> 1449.97 | H14: =+ROUND(F14+G14,2) -> 9081.37 | I14: =ROUND(H14*E14*D14,2) -> 9081.37 | K14: 1 | L14: 12 | M14: ='ANEX 2 PROYEC 2026-2027-2028'!M16 -> 7967.18 | N14: =+ROUND(M14*19%,2) -> 1513.76 | O14: =+ROUND(M14+N14,2) -> 9480.94 | P14: =ROUND(O14*L14*K14,2) -> 113771.28 | R14: 1 | S14: 11 | T14: ='ANEX 2 PROYEC 2026-2027-2028'!T16 -> 8206.2 | U14: =+ROUND(T14*19%,2) -> 1559.18 | V14: =+ROUND(T14+U14,2) -> 9765.38 | W14: =ROUND(V14*S14*R14,2) -> 107419.18 | Y14: =ROUND(I14+P14+W14,2) -> 230271.83
A15: 4 | B15: SERVICIO MANTENIMIENTO PREVENTIVO Y CORRECTIVO MOTOBOMBA JOCKEY CONTRA INCENDIO MULTIETAPAS VERTICAL MARCA AURORA PUMP POTENCIA: 3 HP MOTOR ELECTRICO TRIFASICO RPM 3461. | D15: 1 | E15: 1 | F15: ='ANEX 2 PROYEC 2026-2027-2028'!F17 -> 7631.4 | G15: =+ROUND(F15*19%,2) -> 1449.97 | H15: =+ROUND(F15+G15,2) -> 9081.37 | I15: =ROUND(H15*E15*D15,2) -> 9081.37 | K15: 1 | L15: 12 | M15: ='ANEX 2 PROYEC 2026-2027-2028'!M17 -> 7967.18 | N15: =+ROUND(M15*19%,2) -> 1513.76 | O15: =+ROUND(M15+N15,2) -> 9480.94 | P15: =ROUND(O15*L15*K15,2) -> 113771.28 | R15: 1 | S15: 11 | T15: ='ANEX 2 PROYEC 2026-2027-2028'!T17 -> 8206.2 | U15: =+ROUND(T15*19%,2) -> 1559.18 | V15: =+ROUND(T15+U15,2) -> 9765.38 | W15: =ROUND(V15*S15*R15,2) -> 107419.18 | Y15: =ROUND(I15+P15+W15,2) -> 230271.83
A16: 5 | B16: SERVICIO MANTENIMIENTO PREVENTIVO Y CORRECTIVO MOTOBOMBAS CENTRIFUGAS DE AGUA PPOTABLE MARCA IHM POTENCIA: 9 HP MOTOR ELECTRICO TRIFASICO RPM 3520. | D16: 2 | E16: 1 | F16: ='ANEX 2 PROYEC 2026-2027-2028'!F18 -> 7631.4 | G16: =+ROUND(F16*19%,2) -> 1449.97 | H16: =+ROUND(F16+G16,2) -> 9081.37 | I16: =ROUND(H16*E16*D16,2) -> 18162.74 | K16: 2 | L16: 12 | M16: ='ANEX 2 PROYEC 2026-2027-2028'!M18 -> 7967.18 | N16: =+ROUND(M16*19%,2) -> 1513.76 | O16: =+ROUND(M16+N16,2) -> 9480.94 | P16: =ROUND(O16*L16*K16,2) -> 227542.56 | R16: 2 | S16: 11 | T16: ='ANEX 2 PROYEC 2026-2027-2028'!T18 -> 8206.2 | U16: =+ROUND(T16*19%,2) -> 1559.18 | V16: =+ROUND(T16+U16,2) -> 9765.38 | W16: =ROUND(V16*S16*R16,2) -> 214838.36 | Y16: =ROUND(I16+P16+W16,2) -> 460543.66
A17: 6 | B17: SERVICIO MANTENIMIENTO PREVENTIVO Y CORRECTIVO MOTOBOMBAS CENTRIFUGAS DE AGUA POTABLE MARCA BARNES POTENCIA: 10 HP MOTOR ELECTRICO TRIFASICO RPM 3480 | D17: 1 | E17: 1 | F17: ='ANEX 2 PROYEC 2026-2027-2028'!F19 -> 7631.4 | G17: =+ROUND(F17*19%,2) -> 1449.97 | H17: =+ROUND(F17+G17,2) -> 9081.37 | I17: =ROUND(H17*E17*D17,2) -> 9081.37 | K17: 1 | L17: 12 | M17: ='ANEX 2 PROYEC 2026-2027-2028'!M19 -> 7967.18 | N17: =+ROUND(M17*19%,2) -> 1513.76 | O17: =+ROUND(M17+N17,2) -> 9480.94 | P17: =ROUND(O17*L17*K17,2) -> 113771.28 | R17: 1 | S17: 11 | T17: ='ANEX 2 PROYEC 2026-2027-2028'!T19 -> 8206.2 | U17: =+ROUND(T17*19%,2) -> 1559.18 | V17: =+ROUND(T17+U17,2) -> 9765.38 | W17: =ROUND(V17*S17*R17,2) -> 107419.18 | Y17: =ROUND(I17+P17+W17,2) -> 230271.83
A18: 7 | B18: SERVICIO MANTENIMIENTO PREVENTIVO DE TANQUES PRESURIZADOS HIDRONEUMATICOS MARCA IHM (500 LT) PRESION DE TRABAJO :125 PSI (8.8 BAR). | D18: 2 | E18: 1 | F18: ='ANEX 2 PROYEC 2026-2027-2028'!F20 -> 7631.4 | G18: =+ROUND(F18*19%,2) -> 1449.97 | H18: =+ROUND(F18+G18,2) -> 9081.37 | I18: =ROUND(H18*E18*D18,2) -> 18162.74 | K18: 2 | L18: 12 | M18: ='ANEX 2 PROYEC 2026-2027-2028'!M20 -> 7967.18 | N18: =+ROUND(M18*19%,2) -> 1513.76 | O18: =+ROUND(M18+N18,2) -> 9480.94 | P18: =ROUND(O18*L18*K18,2) -> 227542.56 | R18: 2 | S18: 11 | T18: ='ANEX 2 PROYEC 2026-2027-2028'!T20 -> 8206.2 | U18: =+ROUND(T18*19%,2) -> 1559.18 | V18: =+ROUND(T18+U18,2) -> 9765.38 | W18: =ROUND(V18*S18*R18,2) -> 214838.36 | Y18: =ROUND(I18+P18+W18,2) -> 460543.66
A19: 8 | B19: SERVICIO MANTENIMIENTO PREVENTIVO Y CORRECTIVO MOTOBOMBAS CENTRIFUGAS DE AGUA POTABLE MARCA IHM POTENCIA: 12,5 HP MOTOR ELECTRICO TRIFASICO RPM 3580. | D19: 3 | E19: 1 | F19: ='ANEX 2 PROYEC 2026-2027-2028'!F21 -> 7631.4 | G19: =+ROUND(F19*19%,2) -> 1449.97 | H19: =+ROUND(F19+G19,2) -> 9081.37 | I19: =ROUND(H19*E19*D19,2) -> 27244.11 | K19: 3 | L19: 12 | M19: ='ANEX 2 PROYEC 2026-2027-2028'!M21 -> 7967.18 | N19: =+ROUND(M19*19%,2) -> 1513.76 | O19: =+ROUND(M19+N19,2) -> 9480.94 | P19: =ROUND(O19*L19*K19,2) -> 341313.84 | R19: 3 | S19: 11 | T19: ='ANEX 2 PROYEC 2026-2027-2028'!T21 -> 8206.2 | U19: =+ROUND(T19*19%,2) -> 1559.18 | V19: =+ROUND(T19+U19,2) -> 9765.38 | W19: =ROUND(V19*S19*R19,2) -> 322257.54 | Y19: =ROUND(I19+P19+W19,2) -> 690815.49
A20: 9 | B20: SERVICIO MANTENIMIENTO PREVENTIVO Y CORRECTIVO DE TANQUES PRESURIZADOS HIDROACUMULADOR CON MEMBRANA MARCA IHM LA100H VOLUMEN 100 LT PRESION DE TRABAJO :150 PSI | D20: 1 | E20: 1 | F20: ='ANEX 2 PROYEC 2026-2027-2028'!F22 -> 7631.4 | G20: =+ROUND(F20*19%,2) -> 1449.97 | H20: =+ROUND(F20+G20,2) -> 9081.37 | I20: =ROUND(H20*E20*D20,2) -> 9081.37 | K20: 1 | L20: 12 | M20: ='ANEX 2 PROYEC 2026-2027-2028'!M22 -> 7967.18 | N20: =+ROUND(M20*19%,2) -> 1513.76 | O20: =+ROUND(M20+N20,2) -> 9480.94 | P20: =ROUND(O20*L20*K20,2) -> 113771.28 | R20: 1 | S20: 11 | T20: ='ANEX 2 PROYEC 2026-2027-2028'!T22 -> 8206.2 | U20: =+ROUND(T20*19%,2) -> 1559.18 | V20: =+ROUND(T20+U20,2) -> 9765.38 | W20: =ROUND(V20*S20*R20,2) -> 107419.18 | Y20: =ROUND(I20+P20+W20,2) -> 230271.83
A21: 10 | B21: SERVICIO MANTENIMIENTO PREVENTIVO Y CORRECTIVO MOTOBOMBAS CENTRIFUGAS DE AGUA POTABLE MARCA BARNES POTENCIA: 10 HP MOTOR ELECTRICO TRIFASICO RPM 3500. | D21: 2 | E21: 1 | F21: ='ANEX 2 PROYEC 2026-2027-2028'!F23 -> 7631.4 | G21: =+ROUND(F21*19%,2) -> 1449.97 | H21: =+ROUND(F21+G21,2) -> 9081.37 | I21: =ROUND(H21*E21*D21,2) -> 18162.74 | K21: 2 | L21: 12 | M21: ='ANEX 2 PROYEC 2026-2027-2028'!M23 -> 7967.18 | N21: =+ROUND(M21*19%,2) -> 1513.76 | O21: =+ROUND(M21+N21,2) -> 9480.94 | P21: =ROUND(O21*L21*K21,2) -> 227542.56 | R21: 2 | S21: 11 | T21: ='ANEX 2 PROYEC 2026-2027-2028'!T23 -> 8206.2 | U21: =+ROUND(T21*19%,2) -> 1559.18 | V21: =+ROUND(T21+U21,2) -> 9765.38 | W21: =ROUND(V21*S21*R21,2) -> 214838.36 | Y21: =ROUND(I21+P21+W21,2) -> 460543.66
A22: 11 | B22: SERVICIO MANTENIMIENTO PREVENTIVO Y CORRECTIVO MOTOBOMBAS CENTRIFUGAS DE AGUA POTABLE MARCA BARNES POTENCIA: 1.0 HP MOTOR ELECTRICO BIFASICO RPM 3450. | D22: 2 | E22: 1 | F22: ='ANEX 2 PROYEC 2026-2027-2028'!F24 -> 7631.4 | G22: =+ROUND(F22*19%,2) -> 1449.97 | H22: =+ROUND(F22+G22,2) -> 9081.37 | I22: =ROUND(H22*E22*D22,2) -> 18162.74 | K22: 2 | L22: 12 | M22: ='ANEX 2 PROYEC 2026-2027-2028'!M24 -> 7967.18 | N22: =+ROUND(M22*19%,2) -> 1513.76 | O22: =+ROUND(M22+N22,2) -> 9480.94 | P22: =ROUND(O22*L22*K22,2) -> 227542.56 | R22: 2 | S22: 11 | T22: ='ANEX 2 PROYEC 2026-2027-2028'!T24 -> 8206.2 | U22: =+ROUND(T22*19%,2) -> 1559.18 | V22: =+ROUND(T22+U22,2) -> 9765.38 | W22: =ROUND(V22*S22*R22,2) -> 214838.36 | Y22: =ROUND(I22+P22+W22,2) -> 460543.66
A23: 12 | B23: SERVICIO DE LAVADO Y LIMPIEZA DE POZOS DE EYECCION | D23: 20 | E23: 1 | F23: ='ANEX 2 PROYEC 2026-2027-2028'!F25 -> 7631.4 | G23: =+ROUND(F23*19%,2) -> 1449.97 | H23: =+ROUND(F23+G23,2) -> 9081.37 | I23: =ROUND(H23*E23*D23,2) -> 181627.4 | K23: 20 | L23: 12 | M23: ='ANEX 2 PROYEC 2026-2027-2028'!M25 -> 7967.18 | N23: =+ROUND(M23*19%,2) -> 1513.76 | O23: =+ROUND(M23+N23,2) -> 9480.94 | P23: =ROUND(O23*L23*K23,2) -> 2275425.6 | R23: 20 | S23: 11 | T23: ='ANEX 2 PROYEC 2026-2027-2028'!T25 -> 8206.2 | U23: =+ROUND(T23*19%,2) -> 1559.18 | V23: =+ROUND(T23+U23,2) -> 9765.38 | W23: =ROUND(V23*S23*R23,2) -> 2148383.6 | Y23: =ROUND(I23+P23+W23,2) -> 4605436.6
... A28: 17 | B28: SERVICIO MANTENIMIENTO PREVENTIVO Y CORRECTIVO DE MOTOBOMBA TIPO HIDRO FLOW POTENCIA 1 HP | D28: 1 | E28: 1 | F28: ='ANEX 2 PROYEC 2026-2027-2028'!F30 -> 7631.4 | G28: =+ROUND(F28*19%,2) -> 1449.97 | H28: =+ROUND(F28+G28,2) -> 9081.37 | I28: =ROUND(H28*E28*D28,2) -> 9081.37 | K28: 1 | L28: 12 | M28: ='ANEX 2 PROYEC 2026-2027-2028'!M30 -> 7967.18 | N28: =+ROUND(M28*19%,2) -> 1513.76 | O28: =+ROUND(M28+N28,2) -> 9480.94 | P28: =ROUND(O28*L28*K28,2) -> 113771.28 | R28: 1 | S28: 11 | T28: ='ANEX 2 PROYEC 2026-2027-2028'!T30 -> 8206.2 | U28: =+ROUND(T28*19%,2) -> 1559.18 | V28: =+ROUND(T28+U28,2) -> 9765.38 | W28: =ROUND(V28*S28*R28,2) -> 107419.18 | Y28: =ROUND(I28+P28+W28,2) -> 230271.83
A29: TOTAL MANTENIMIENTOS | F29: TOTAL VIGENCIA 2026 | I29: =ROUND(SUM(I12:I28),2) -> 808241.93 | M29: TOTAL VIGENCIA 2027 | P29: =ROUND(SUM(P12:P28),2) -> 10125644 | T29: TOTAL VIGENCIA 2028 | W29: =SUM(W12:W28) -> 9560307 | Y29: =ROUND(I29+P29+W29,2) -> 20494193
B33: LISTA DE REPUESTOS RECURRENTES - VALORES UNITARIOS (SEGÚN ESPECIFICACIONES TÉCNICAS)
B35: LISTA REPUESTOS RECURRENTES | C35: MEDIDA | E35: PRESUPUESTO TOTAL ASIGNADO VIGENCIA 2026 (1 MES) | M35: PRESUPUESTO TOTAL ASIGNADO VIGENCIA 2027 12 MESES | P35: 0.044 | T35: PRESUPUESTO TOTAL ASIGNADO VIGENCIA 2028 11 MESES | W35: 0.03
A36: 1 | B36: ABRAZADERA EN U DE 6" | E36: 1 | F36: ='ANEX 2 PROYEC 2026-2027-2028'!F36 -> 26890.726 | G36: =+ROUND(F36*19%,2) -> 5109.24 | H36: =+ROUND(F36+G36,2) -> 31999.97 | M36: ='ANEX 2 PROYEC 2026-2027-2028'!M36 -> 28073.92 | N36: =+ROUND(M36*19%,2) -> 5334.04 | O36: =+ROUND(M36+N36,2) -> 33407.96 | T36: ='ANEX 2 PROYEC 2026-2027-2028'!T36 -> 28916.14 | U36: =+ROUND(T36*19%,2) -> 5494.07 | V36: =+ROUND(T36+U36,2) -> 34410.21 | Y36: =ROUND(H36+O36+V36,2) -> 99818.14
A37: =A36+1 -> 2 | B37: ADAPTADOR BRIDA 4" | E37: 1 | F37: ='ANEX 2 PROYEC 2026-2027-2028'!F37 -> 4103.5371 | G37: =+ROUND(F37*19%,2) -> 779.67 | H37: =+ROUND(F37+G37,2) -> 4883.21 | M37: ='ANEX 2 PROYEC 2026-2027-2028'!M37 -> 4284.09 | N37: =+ROUND(M37*19%,2) -> 813.98 | O37: =+ROUND(M37+N37,2) -> 5098.07 | T37: ='ANEX 2 PROYEC 2026-2027-2028'!T37 -> 4412.61 | U37: =+ROUND(T37*19%,2) -> 838.4 | V37: =+ROUND(T37+U37,2) -> 5251.01 | Y37: =ROUND(H37+O37+V37,2) -> 15232.29
A38: =A37+1 -> 3 | B38: ADAPTADOR MACHO DE 1 1/2" | E38: 1 | F38: ='ANEX 2 PROYEC 2026-2027-2028'!F38 -> 1375.6379 | G38: =+ROUND(F38*19%,2) -> 261.37 | H38: =+ROUND(F38+G38,2) -> 1637.01 | M38: ='ANEX 2 PROYEC 2026-2027-2028'!M38 -> 1436.17 | N38: =+ROUND(M38*19%,2) -> 272.87 | O38: =+ROUND(M38+N38,2) -> 1709.04 | T38: ='ANEX 2 PROYEC 2026-2027-2028'!T38 -> 1479.26 | U38: =+ROUND(T38*19%,2) -> 281.06 | V38: =+ROUND(T38+U38,2) -> 1760.32 | Y38: =ROUND(H38+O38+V38,2) -> 5106.37
A39: =A38+1 -> 4 | B39: ADAPTADOR MACHO DE 2" | E39: 1 | F39: ='ANEX 2 PROYEC 2026-2027-2028'!F39 -> 2437.259 | G39: =+ROUND(F39*19%,2) -> 463.08 | H39: =+ROUND(F39+G39,2) -> 2900.34 | M39: ='ANEX 2 PROYEC 2026-2027-2028'!M39 -> 2544.5 | N39: =+ROUND(M39*19%,2) -> 483.46 | O39: =+ROUND(M39+N39,2) -> 3027.96 | T39: ='ANEX 2 PROYEC 2026-2027-2028'!T39 -> 2620.84 | U39: =+ROUND(T39*19%,2) -> 497.96 | V39: =+ROUND(T39+U39,2) -> 3118.8 | Y39: =ROUND(H39+O39+V39,2) -> 9047.1
A40: =A39+1 -> 5 | B40: BORNERA PARA MOTOR DE 10 HP | E40: 1 | F40: ='ANEX 2 PROYEC 2026-2027-2028'!F40 -> 29439.385 | G40: =+ROUND(F40*19%,2) -> 5593.48 | H40: =+ROUND(F40+G40,2) -> 35032.87 | M40: ='ANEX 2 PROYEC 2026-2027-2028'!M40 -> 30734.72 | N40: =+ROUND(M40*19%,2) -> 5839.6 | O40: =+ROUND(M40+N40,2) -> 36574.32 | T40: ='ANEX 2 PROYEC 2026-2027-2028'!T40 -> 31656.76 | U40: =+ROUND(T40*19%,2) -> 6014.78 | V40: =+ROUND(T40+U40,2) -> 37671.54 | Y40: =ROUND(H40+O40+V40,2) -> 109278.73
A41: =A40+1 -> 6 | B41: BUSHING DE 1" X 1/2" | E41: 1 | F41: ='ANEX 2 PROYEC 2026-2027-2028'!F41 -> 5882.5807 | G41: =+ROUND(F41*19%,2) -> 1117.69 | H41: =+ROUND(F41+G41,2) -> 7000.27 | M41: ='ANEX 2 PROYEC 2026-2027-2028'!M41 -> 6141.41 | N41: =+ROUND(M41*19%,2) -> 1166.87 | O41: =+ROUND(M41+N41,2) -> 7308.28 | T41: ='ANEX 2 PROYEC 2026-2027-2028'!T41 -> 6325.65 | U41: =+ROUND(T41*19%,2) -> 1201.87 | V41: =+ROUND(T41+U41,2) -> 7527.52 | Y41: =ROUND(H41+O41+V41,2) -> 21836.07
A42: =A41+1 -> 7 | B42: CABLE ENCAUCHETADO 4x12 | E42: 1 | F42: ='ANEX 2 PROYEC 2026-2027-2028'!F42 -> 3193.551 | G42: =+ROUND(F42*19%,2) -> 606.77 | H42: =+ROUND(F42+G42,2) -> 3800.32 | M42: ='ANEX 2 PROYEC 2026-2027-2028'!M42 -> 3334.07 | N42: =+ROUND(M42*19%,2) -> 633.47 | O42: =+ROUND(M42+N42,2) -> 3967.54 | T42: ='ANEX 2 PROYEC 2026-2027-2028'!T42 -> 3434.09 | U42: =+ROUND(T42*19%,2) -> 652.48 | V42: =+ROUND(T42+U42,2) -> 4086.57 | Y42: =ROUND(H42+O42+V42,2) -> 11854.43
A43: =A42+1 -> 8 | B43: CHEQUE CORTINA HELBERT DE 1 1/2" | E43: 1 | F43: ='ANEX 2 PROYEC 2026-2027-2028'!F43 -> 44986.502 | G43: =+ROUND(F43*19%,2) -> 8547.44 | H43: =+ROUND(F43+G43,2) -> 53533.94 | M43: ='ANEX 2 PROYEC 2026-2027-2028'!M43 -> 46965.91 | N43: =+ROUND(M43*19%,2) -> 8923.52 | O43: =+ROUND(M43+N43,2) -> 55889.43 | T43: ='ANEX 2 PROYEC 2026-2027-2028'!T43 -> 48374.89 | U43: =+ROUND(T43*19%,2) -> 9191.23 | V43: =+ROUND(T43+U43,2) -> 57566.12 | Y43: =ROUND(H43+O43+V43,2) -> 166989.49
A44: =A43+1 -> 9 | B44: CHEQUE HIDRO HELBERT DE 2" | E44: 1 | F44: ='ANEX 2 PROYEC 2026-2027-2028'!F44 -> 52128.641 | G44: =+ROUND(F44*19%,2) -> 9904.44 | H44: =+ROUND(F44+G44,2) -> 62033.08 | M44: ='ANEX 2 PROYEC 2026-2027-2028'!M44 -> 54422.3 | N44: =+ROUND(M44*19%,2) -> 10340.24 | O44: =+ROUND(M44+N44,2) -> 64762.54 | T44: ='ANEX 2 PROYEC 2026-2027-2028'!T44 -> 56054.97 | U44: =+ROUND(T44*19%,2) -> 10650.44 | V44: =+ROUND(T44+U44,2) -> 66705.41 | Y44: =ROUND(H44+O44+V44,2) -> 193501.03
A45: =A44+1 -> 10 | B45: CODO PVC 1" | E45: 1 | F45: ='ANEX 2 PROYEC 2026-2027-2028'!F45 -> 977.67181 | G45: =+ROUND(F45*19%,2) -> 185.76 | H45: =+ROUND(F45+G45,2) -> 1163.43 | M45: ='ANEX 2 PROYEC 2026-2027-2028'!M45 -> 1020.69 | N45: =+ROUND(M45*19%,2) -> 193.93 | O45: =+ROUND(M45+N45,2) -> 1214.62 | T45: ='ANEX 2 PROYEC 2026-2027-2028'!T45 -> 1051.31 | U45: =+ROUND(T45*19%,2) -> 199.75 | V45: =+ROUND(T45+U45,2) -> 1251.06 | Y45: =ROUND(H45+O45+V45,2) -> 3629.11
A46: =A45+1 -> 11 | B46: CODO PVC DE 1 1/2" | E46: 1 | F46: ='ANEX 2 PROYEC 2026-2027-2028'!F46 -> 1652.5912 | G46: =+ROUND(F46*19%,2) -> 313.99 | H46: =+ROUND(F46+G46,2) -> 1966.58 | M46: ='ANEX 2 PROYEC 2026-2027-2028'!M46 -> 1725.31 | N46: =+ROUND(M46*19%,2) -> 327.81 | O46: =+ROUND(M46+N46,2) -> 2053.12 | T46: ='ANEX 2 PROYEC 2026-2027-2028'!T46 -> 1777.07 | U46: =+ROUND(T46*19%,2) -> 337.64 | V46: =+ROUND(T46+U46,2) -> 2114.71 | Y46: =ROUND(H46+O46+V46,2) -> 6134.41
A47: =A46+1 -> 12 | B47: COPA RANURADA DE 4" X 2" | E47: 1 | F47: ='ANEX 2 PROYEC 2026-2027-2028'!F47 -> 49720.881 | G47: =+ROUND(F47*19%,2) -> 9446.97 | H47: =+ROUND(F47+G47,2) -> 59167.85 | M47: ='ANEX 2 PROYEC 2026-2027-2028'!M47 -> 51908.6 | N47: =+ROUND(M47*19%,2) -> 9862.63 | O47: =+ROUND(M47+N47,2) -> 61771.23 | T47: ='ANEX 2 PROYEC 2026-2027-2028'!T47 -> 53465.86 | U47: =+ROUND(T47*19%,2) -> 10158.51 | V47: =+ROUND(T47+U47,2) -> 63624.37 | Y47: =ROUND(H47+O47+V47,2) -> 184563.45
A48: =A47+1 -> 13 | B48: COPA RANURADA DE 4" x 3" | E48: 1 | F48: ='ANEX 2 PROYEC 2026-2027-2028'!F48 -> 53361.937 | G48: =+ROUND(F48*19%,2) -> 10138.77 | H48: =+ROUND(F48+G48,2) -> 63500.71 | M48: ='ANEX 2 PROYEC 2026-2027-2028'!M48 -> 55709.86 | N48: =+ROUND(M48*19%,2) -> 10584.87 | O48: =+ROUND(M48+N48,2) -> 66294.73 | T48: ='ANEX 2 PROYEC 2026-2027-2028'!T48 -> 57381.16 | U48: =+ROUND(T48*19%,2) -> 10902.42 | V48: =+ROUND(T48+U48,2) -> 68283.58 | Y48: =ROUND(H48+O48+V48,2) -> 198079.02
... A60: =A59+1 -> 25 | B60: VALVULA EN BRONCE DE 3" | E60: 1 | F60: ='ANEX 2 PROYEC 2026-2027-2028'!F60 -> 114145.21 | G60: =+ROUND(F60*19%,2) -> 21687.59 | H60: =+ROUND(F60+G60,2) -> 135832.8 | M60: ='ANEX 2 PROYEC 2026-2027-2028'!M60 -> 119167.6 | N60: =+ROUND(M60*19%,2) -> 22641.84 | O60: =+ROUND(M60+N60,2) -> 141809.44 | T60: ='ANEX 2 PROYEC 2026-2027-2028'!T60 -> 122742.63 | U60: =+ROUND(T60*19%,2) -> 23321.1 | V60: =+ROUND(T60+U60,2) -> 146063.73 | Y60: =ROUND(H60+O60+V60,2) -> 423705.97
H61: =SUM(H36:H60) -> 1682664.5 | O61: =SUM(O36:O60) -> 1756701.7 | V61: =SUM(V36:V60) -> 1809402.8 | Y61: =SUM(Y36:Y60) -> 5248769
B63: TOTAL MANTENIMIENTOS + VALORES UNITARIOS DE REPUESTOS RECURRENTES | H63: =I29+H61 -> 2490906.4 | O63: =P29+O61 -> 11882346 | V63: =W29+V61 -> 11369710 | Y63: =Y29+Y61 -> 25742962
B65: TOTAL MANTENIMIENTOS + VALORES UNITARIOS DE REPUESTOS RECURRENTES
B69: Fecha de elaboración: 6 agosto/2026
B71: Estudio del Sector No. 437

Sheet Anexo 4 CONSOLIDADO 2026-2028
B1: ANEXO 4
G3: CONSOLIDADO PROYECCIÓN 2026- 2028
G4: PRESTAR EL SERVICIO DE MANTENIMIENTO PREVENTIVO Y CORRECTIVO TÉCNICO INTEGRAL ESPECIALIZADO CON SUMINISTRO DE INSUMOS Y BOLSA DE REPUESTOS PARA MOTORES, MOTOBOMBAS, REDES DE SUMINISTRO DE AGUA POTABLE, REDES CONTRA INCENDIOS, ELECTROBOMBAS SUMERGIBLES Y POZOS DE EYECCIÓN INSTALADOS EN LAS SEDES DEL NIVEL CENTRAL DE LA FISCALÍA GENERAL DE LA NACIÓN
B5: NECESIDAD | J5: PRECIO FINAL PROYECTADO 2026 | L5: PRECIO FINAL PROYECTADO 2027 | N5: PRECIO FINAL PROYECTADO 2028 | P5: PRECIO FINAL PROYECTADO 2026-2028
B6: ÍTEM | C6: DESCRIPCIÓN DETALLADA | D6: CANTIDAD equipos | E6: CANTIDAD DE MANTENIMIENTOS 2026 | F6: CANTIDAD DE MANTENIMIENTOS 2027 | G6: CANTIDAD DE MANTENIMIENTOS 2028 | H6: CANTIDAD TOTAL DE MANTENIMIENTOS 2026-2028 | J6: VALOR TOTAL INCLUIDO IVA | L6: VALOR TOTAL INCLUIDO IVA | N6: VALOR TOTAL INCLUIDO IVA | P6: VALOR TOTAL INCLUIDO IVA 2026-2028
B7: 1 | C7: SERVICIO MANTENIMIENTO PREVENTIVO Y CORRECTIVO MOTOBOMBAS CENTRIFUGAS - CONTRA INCENDIO MARCA FAIRBANKS MORSE POTENCIA: 60 HP MOTOR ELECTRICO TRIFASICO MODELO 6219 A RPM 3560. | D7: 2 | E7: 1 | F7: 12 | G7: 11 | H7: =+G7+F7+E7 -> 24 | J7: ='ANEXO 3 RESUMEN VIG(2026-2028)'!I12 -> 18162.74 | L7: ='ANEXO 3 RESUMEN VIG(2026-2028)'!P12 -> 227542.56 | M7: =ROUND(J7*19%,0) -> 3451 | N7: ='ANEXO 3 RESUMEN VIG(2026-2028)'!W12 -> 214838.36 | P7: =ROUND(+N7+L7+J7,2) -> 460543.66
B8: 2 | C8: SERVICIO MANTENIMIENTO PREVENTIVO Y CORRECTIVO MOTOBOMBA CENTRIFUGA - CONTRA INCENDIO MARCA PPATERSSON POTENCIA 125 HP MOTOR ELECTRICO TRIFASICO MODELO MD404TSTDS1400BABAN RPM560 | D8: 1 | E8: 1 | F8: 12 | G8: 11 | H8: =+G8+F8+E8 -> 24 | J8: ='ANEXO 3 RESUMEN VIG(2026-2028)'!I13 -> 9081.37 | L8: ='ANEXO 3 RESUMEN VIG(2026-2028)'!P13 -> 113771.28 | M8: =ROUND(J8*19%,0) -> 1725 | N8: ='ANEXO 3 RESUMEN VIG(2026-2028)'!W13 -> 107419.18 | P8: =ROUND(+N8+L8+J8,2) -> 230271.83
B9: 3 | C9: SERVICIO MANTENIMIENTO PREVENTIVO Y CORRECTIVO MOTOBOMBA JOCKEY CONTRA INCENDIO MULTIETAPAS VERTICAL MARCA BALDOR POTENCIA: 5 HP MOTOR ELECTRICO TRIFASICO RPM 3450. | D9: 1 | E9: 1 | F9: 12 | G9: 11 | H9: =+G9+F9+E9 -> 24 | J9: ='ANEXO 3 RESUMEN VIG(2026-2028)'!I14 -> 9081.37 | L9: ='ANEXO 3 RESUMEN VIG(2026-2028)'!P14 -> 113771.28 | M9: =ROUND(J9*19%,0) -> 1725 | N9: ='ANEXO 3 RESUMEN VIG(2026-2028)'!W14 -> 107419.18 | P9: =ROUND(+N9+L9+J9,2) -> 230271.83
B10: 4 | C10: SERVICIO MANTENIMIENTO PREVENTIVO Y CORRECTIVO MOTOBOMBA JOCKEY CONTRA INCENDIO MULTIETAPAS VERTICAL MARCA AURORA PUMP POTENCIA: 3 HP MOTOR ELECTRICO TRIFASICO RPM 3461. | D10: 1 | E10: 1 | F10: 12 | G10: 11 | H10: =+G10+F10+E10 -> 24 | J10: ='ANEXO 3 RESUMEN VIG(2026-2028)'!I15 -> 9081.37 | L10: ='ANEXO 3 RESUMEN VIG(2026-2028)'!P15 -> 113771.28 | M10: =ROUND(J10*19%,0) -> 1725 | N10: ='ANEXO 3 RESUMEN VIG(2026-2028)'!W15 -> 107419.18 | P10: =ROUND(+N10+L10+J10,2) -> 230271.83
B11: 5 | C11: SERVICIO MANTENIMIENTO PREVENTIVO Y CORRECTIVO MOTOBOMBAS CENTRIFUGAS DE AGUA PPOTABLE MARCA IHM POTENCIA: 9 HP MOTOR ELECTRICO TRIFASICO RPM 3520. | D11: 2 | E11: 1 | F11: 12 | G11: 11 | H11: =+G11+F11+E11 -> 24 | J11: ='ANEXO 3 RESUMEN VIG(2026-2028)'!I16 -> 18162.74 | L11: ='ANEXO 3 RESUMEN VIG(2026-2028)'!P16 -> 227542.56 | M11: =ROUND(J11*19%,0) -> 3451 | N11: ='ANEXO 3 RESUMEN VIG(2026-2028)'!W16 -> 214838.36 | P11: =ROUND(+N11+L11+J11,2) -> 460543.66
B12: 6 | C12: SERVICIO MANTENIMIENTO PREVENTIVO Y CORRECTIVO MOTOBOMBAS CENTRIFUGAS DE AGUA POTABLE MARCA BARNES POTENCIA: 10 HP MOTOR ELECTRICO TRIFASICO RPM 3480 | D12: 1 | E12: 1 | F12: 12 | G12: 11 | H12: =+G12+F12+E12 -> 24 | J12: ='ANEXO 3 RESUMEN VIG(2026-2028)'!I17 -> 9081.37 | L12: ='ANEXO 3 RESUMEN VIG(2026-2028)'!P17 -> 113771.28 | M12: =ROUND(J12*19%,0) -> 1725 | N12: ='ANEXO 3 RESUMEN VIG(2026-2028)'!W17 -> 107419.18 | P12: =ROUND(+N12+L12+J12,2) -> 230271.83
B13: 7 | C13: SERVICIO MANTENIMIENTO PREVENTIVO DE TANQUES PRESURIZADOS HIDRONEUMATICOS MARCA IHM (500 LT) PRESION DE TRABAJO :125 PSI (8.8 BAR). | D13: 2 | E13: 1 | F13: 12 | G13: 11 | H13: =+G13+F13+E13 -> 24 | J13: ='ANEXO 3 RESUMEN VIG(2026-2028)'!I18 -> 18162.74 | L13: ='ANEXO 3 RESUMEN VIG(2026-2028)'!P18 -> 227542.56 | M13: =ROUND(J13*19%,0) -> 3451 | N13: ='ANEXO 3 RESUMEN VIG(2026-2028)'!W18 -> 214838.36 | P13: =ROUND(+N13+L13+J13,2) -> 460543.66
B14: 8 | C14: SERVICIO MANTENIMIENTO PREVENTIVO Y CORRECTIVO MOTOBOMBAS CENTRIFUGAS DE AGUA POTABLE MARCA IHM POTENCIA: 12,5 HP MOTOR ELECTRICO TRIFASICO RPM 3580. | D14: 3 | E14: 1 | F14: 12 | G14: 11 | H14: =+G14+F14+E14 -> 24 | J14: ='ANEXO 3 RESUMEN VIG(2026-2028)'!I19 -> 27244.11 | L14: ='ANEXO 3 RESUMEN VIG(2026-2028)'!P19 -> 341313.84 | M14: =ROUND(J14*19%,0) -> 5176 | N14: ='ANEXO 3 RESUMEN VIG(2026-2028)'!W19 -> 322257.54 | P14: =ROUND(+N14+L14+J14,2) -> 690815.49
B15: 9 | C15: SERVICIO MANTENIMIENTO PREVENTIVO Y CORRECTIVO DE TANQUES PRESURIZADOS HIDROACUMULADOR CON MEMBRANA MARCA IHM LA100H VOLUMEN 100 LT PRESION DE TRABAJO :150 PSI | D15: 1 | E15: 1 | F15: 12 | G15: 11 | H15: =+G15+F15+E15 -> 24 | J15: ='ANEXO 3 RESUMEN VIG(2026-2028)'!I20 -> 9081.37 | L15: ='ANEXO 3 RESUMEN VIG(2026-2028)'!P20 -> 113771.28 | M15: =ROUND(J15*19%,0) -> 1725 | N15: ='ANEXO 3 RESUMEN VIG(2026-2028)'!W20 -> 107419.18 | P15: =ROUND(+N15+L15+J15,2) -> 230271.83
B16: 10 | C16: SERVICIO MANTENIMIENTO PREVENTIVO Y CORRECTIVO MOTOBOMBAS CENTRIFUGAS DE AGUA POTABLE MARCA BARNES POTENCIA: 10 HP MOTOR ELECTRICO TRIFASICO RPM 3500. | D16: 2 | E16: 1 | F16: 12 | G16: 11 | H16: =+G16+F16+E16 -> 24 | J16: ='ANEXO 3 RESUMEN VIG(2026-2028)'!I21 -> 18162.74 | L16: ='ANEXO 3 RESUMEN VIG(2026-2028)'!P21 -> 227542.56 | M16: =ROUND(J16*19%,0) -> 3451 | N16: ='ANEXO 3 RESUMEN VIG(2026-2028)'!W21 -> 214838.36 | P16: =ROUND(+N16+L16+J16,2) -> 460543.66
B17: 11 | C17: SERVICIO MANTENIMIENTO PREVENTIVO Y CORRECTIVO MOTOBOMBAS CENTRIFUGAS DE AGUA POTABLE MARCA BARNES POTENCIA: 1.0 HP MOTOR ELECTRICO BIFASICO RPM 3450. | D17: 2 | E17: 1 | F17: 12 | G17: 11 | H17: =+G17+F17+E17 -> 24 | J17: ='ANEXO 3 RESUMEN VIG(2026-2028)'!I22 -> 18162.74 | L17: ='ANEXO 3 RESUMEN VIG(2026-2028)'!P22 -> 227542.56 | M17: =ROUND(J17*19%,0) -> 3451 | N17: ='ANEXO 3 RESUMEN VIG(2026-2028)'!W22 -> 214838.36 | P17: =ROUND(+N17+L17+J17,2) -> 460543.66
B18: 12 | C18: SERVICIO DE LAVADO Y LIMPIEZA DE POZOS DE EYECCION | D18: 20 | E18: 1 | F18: 12 | G18: 11 | H18: =+G18+F18+E18 -> 24 | J18: ='ANEXO 3 RESUMEN VIG(2026-2028)'!I23 -> 181627.4 | L18: ='ANEXO 3 RESUMEN VIG(2026-2028)'!P23 -> 2275425.6 | M18: =ROUND(J18*19%,0) -> 34509 | N18: ='ANEXO 3 RESUMEN VIG(2026-2028)'!W23 -> 2148383.6 | P18: =ROUND(+N18+L18+J18,2) -> 4605436.6
... B23: 17 | C23: SERVICIO MANTENIMIENTO PREVENTIVO Y CORRECTIVO DE MOTOBOMBA TIPO HIDRO FLOW POTENCIA 1 HP | D23: 1 | E23: 1 | F23: 12 | G23: 11 | H23: =+G23+F23+E23 -> 24 | J23: ='ANEXO 3 RESUMEN VIG(2026-2028)'!I28 -> 9081.37 | L23: ='ANEXO 3 RESUMEN VIG(2026-2028)'!P28 -> 113771.28 | M23: =ROUND(J23*19%,0) -> 1725 | N23: ='ANEXO 3 RESUMEN VIG(2026-2028)'!W28 -> 107419.18 | P23: =ROUND(+N23+L23+J23,2) -> 230271.83
B24: MANTENIMIENTO PREVENTIVO Y CORRECTIVO | J24: =SUM(J7:J23) -> 808241.93 | L24: =SUM(L7:L23) -> 10125644 | N24: =SUM(N7:N23) -> 9560307 | P24: =SUM(P7:P23) -> 20494193
B27: LISTA DE REPUESTOS
J28: PRECIO FINAL PROYECTADO 2026 | L28: PRECIO FINAL PROYECTADO 2027 | N28: PRECIO FINAL PROYECTADO 2028 | P28: PRECIO FINAL PROYECTADO 2026-2028
J29: VALOR INCLUIDO IVA | L29: VALOR INCLUIDO IVA | N29: VALOR INCLUIDO IVA | P29: VALOR TOTAL INCLUIDO IVA 2026-2028
A30: 1 | B30: ABRAZADERA EN U DE 6" | D30: 1 | E30: UN | J30: ='ANEXO 3 RESUMEN VIG(2026-2028)'!H36 -> 31999.97 | L30: ='ANEXO 3 RESUMEN VIG(2026-2028)'!O36 -> 33407.96 | M30: =ROUND(J30*19%,0) -> 6080 | N30: ='ANEXO 3 RESUMEN VIG(2026-2028)'!V36 -> 34410.21 | P30: =ROUND(+N30+L30+J30,2) -> 99818.14
A31: =A30+1 -> 2 | B31: ADAPTADOR BRIDA 4" | D31: 1 | E31: UN | J31: ='ANEXO 3 RESUMEN VIG(2026-2028)'!H37 -> 4883.21 | L31: ='ANEXO 3 RESUMEN VIG(2026-2028)'!O37 -> 5098.07 | M31: =ROUND(J31*19%,0) -> 928 | N31: ='ANEXO 3 RESUMEN VIG(2026-2028)'!V37 -> 5251.01 | P31: =ROUND(+N31+L31+J31,2) -> 15232.29
A32: =A31+1 -> 3 | B32: ADAPTADOR MACHO DE 1 1/2" | D32: 1 | E32: UN | J32: ='ANEXO 3 RESUMEN VIG(2026-2028)'!H38 -> 1637.01 | L32: ='ANEXO 3 RESUMEN VIG(2026-2028)'!O38 -> 1709.04 | M32: =ROUND(J32*19%,0) -> 311 | N32: ='ANEXO 3 RESUMEN VIG(2026-2028)'!V38 -> 1760.32 | P32: =ROUND(+N32+L32+J32,2) -> 5106.37
A33: =A32+1 -> 4 | B33: ADAPTADOR MACHO DE 2" | D33: 1 | E33: UN | J33: ='ANEXO 3 RESUMEN VIG(2026-2028)'!H39 -> 2900.34 | L33: ='ANEXO 3 RESUMEN VIG(2026-2028)'!O39 -> 3027.96 | M33: =ROUND(J33*19%,0) -> 551 | N33: ='ANEXO 3 RESUMEN VIG(2026-2028)'!V39 -> 3118.8 | P33: =ROUND(+N33+L33+J33,2) -> 9047.1
A34: =A33+1 -> 5 | B34: BORNERA PARA MOTOR DE 10 HP | D34: 1 | E34: UN | J34: ='ANEXO 3 RESUMEN VIG(2026-2028)'!H40 -> 35032.87 | L34: ='ANEXO 3 RESUMEN VIG(2026-2028)'!O40 -> 36574.32 | M34: =ROUND(J34*19%,0) -> 6656 | N34: ='ANEXO 3 RESUMEN VIG(2026-2028)'!V40 -> 37671.54 | P34: =ROUND(+N34+L34+J34,2) -> 109278.73
A35: =A34+1 -> 6 | B35: BUSHING DE 1" X 1/2" | D35: 1 | E35: UN | J35: ='ANEXO 3 RESUMEN VIG(2026-2028)'!H41 -> 7000.27 | L35: ='ANEXO 3 RESUMEN VIG(2026-2028)'!O41 -> 7308.28 | M35: =ROUND(J35*19%,0) -> 1330 | N35: ='ANEXO 3 RESUMEN VIG(2026-2028)'!V41 -> 7527.52 | P35: =ROUND(+N35+L35+J35,2) -> 21836.07
A36: =A35+1 -> 7 | B36: CABLE ENCAUCHETADO 4x12 | D36: 1 | E36: ML | J36: ='ANEXO 3 RESUMEN VIG(2026-2028)'!H42 -> 3800.32 | L36: ='ANEXO 3 RESUMEN VIG(2026-2028)'!O42 -> 3967.54 | M36: =ROUND(J36*19%,0) -> 722 | N36: ='ANEXO 3 RESUMEN VIG(2026-2028)'!V42 -> 4086.57 | P36: =ROUND(+N36+L36+J36,2) -> 11854.43
A37: =A36+1 -> 8 | B37: CHEQUE CORTINA HELBERT DE 1 1/2" | D37: 1 | E37: UN | J37: ='ANEXO 3 RESUMEN VIG(2026-2028)'!H43 -> 53533.94 | L37: ='ANEXO 3 RESUMEN VIG(2026-2028)'!O43 -> 55889.43 | M37: =ROUND(J37*19%,0) -> 10171 | N37: ='ANEXO 3 RESUMEN VIG(2026-2028)'!V43 -> 57566.12 | P37: =ROUND(+N37+L37+J37,2) -> 166989.49
A38: =A37+1 -> 9 | B38: CHEQUE HIDRO HELBERT DE 2" | D38: 1 | E38: UN | J38: ='ANEXO 3 RESUMEN VIG(2026-2028)'!H44 -> 62033.08 | L38: ='ANEXO 3 RESUMEN VIG(2026-2028)'!O44 -> 64762.54 | M38: =ROUND(J38*19%,0) -> 11786 | N38: ='ANEXO 3 RESUMEN VIG(2026-2028)'!V44 -> 66705.41 | P38: =ROUND(+N38+L38+J38,2) -> 193501.03
A39: =A38+1 -> 10 | B39: CODO PVC 1" | D39: 1 | E39: UN | J39: ='ANEXO 3 RESUMEN VIG(2026-2028)'!H45 -> 1163.43 | L39: ='ANEXO 3 RESUMEN VIG(2026-2028)'!O45 -> 1214.62 | M39: =ROUND(J39*19%,0) -> 221 | N39: ='ANEXO 3 RESUMEN VIG(2026-2028)'!V45 -> 1251.06 | P39: =ROUND(+N39+L39+J39,2) -> 3629.11
A40: =A39+1 -> 11 | B40: CODO PVC DE 1 1/2" | D40: 1 | E40: UN | J40: ='ANEXO 3 RESUMEN VIG(2026-2028)'!H46 -> 1966.58 | L40: ='ANEXO 3 RESUMEN VIG(2026-2028)'!O46 -> 2053.12 | M40: =ROUND(J40*19%,0) -> 374 | N40: ='ANEXO 3 RESUMEN VIG(2026-2028)'!V46 -> 2114.71 | P40: =ROUND(+N40+L40+J40,2) -> 6134.41
A41: =A40+1 -> 12 | B41: COPA RANURADA DE 4" X 2" | D41: 1 | E41: UN | J41: ='ANEXO 3 RESUMEN VIG(2026-2028)'!H47 -> 59167.85 | L41: ='ANEXO 3 RESUMEN VIG(2026-2028)'!O47 -> 61771.23 | M41: =ROUND(J41*19%,0) -> 11242 | N41: ='ANEXO 3 RESUMEN VIG(2026-2028)'!V47 -> 63624.37 | P41: =ROUND(+N41+L41+J41,2) -> 184563.45
A42: =A41+1 -> 13 | B42: COPA RANURADA DE 4" x 3" | D42: 1 | E42: UN | J42: ='ANEXO 3 RESUMEN VIG(2026-2028)'!H48 -> 63500.71 | L42: ='ANEXO 3 RESUMEN VIG(2026-2028)'!O48 -> 66294.73 | M42: =ROUND(J42*19%,0) -> 12065 | N42: ='ANEXO 3 RESUMEN VIG(2026-2028)'!V48 -> 68283.58 | P42: =ROUND(+N42+L42+J42,2) -> 198079.02
... A54: =A53+1 -> 25 | B54: VALVULA EN BRONCE DE 3" | D54: 1 | E54: UN | J54: ='ANEXO 3 RESUMEN VIG(2026-2028)'!H60 -> 135832.8 | L54: ='ANEXO 3 RESUMEN VIG(2026-2028)'!O60 -> 141809.44 | M54: =ROUND(J54*19%,0) -> 25808 | N54: ='ANEXO 3 RESUMEN VIG(2026-2028)'!V60 -> 146063.73 | P54: =ROUND(+N54+L54+J54,2) -> 423705.97
J55: =SUM(J30:J54) -> 1682664.5 | L55: =SUM(L30:L54) -> 1756701.7 | M55: =SUM(M30:M54) -> 319706 | N55: =SUM(N30:N54) -> 1809402.8 | P55: =SUM(P30:P54) -> 5248769
E57: 2026 | F57: 2027 | G57: 2028 | H57: Total vigencia desde 2026 hasta 2028
D58: Descripción | E58: (Un (1) mes, desde el 01/12 al 31/12/2026) | F58: (Doce (12) meses, desde el 01/01 al 31/12/2027) | G58: (Once (11) meses, desde el 01/01 al 30/11/2028) | H58: (Veinticuatro (24) meses, desde el 01/12/2026 hasta el 30/11/2028)
D59: MANTENIMIENTOS | E59: ='ANEXO 3 RESUMEN VIG(2026-2028)'!I29 -> 808241.93 | F59: =L24 -> 10125644 | G59: =N24 -> 9560307 | H59: =E59+F59+G59 -> 20494193
D60: BOLSA REPUESTOS (Los recurrentes y los aleatorios) | E60: =J55 -> 1682664.5 | F60: =L55 -> 1756701.7 | G60: =N55 -> 1809402.8 | H60: =E60+F60+G60 -> 5248769
H61: =SUM(H59:H60) -> 25742962
C63: NOTAS:
A65: En el presente análisis se aplicó el procedimiento de aproximación generalmente aceptado por las reglas matemáticas denominado redondeo a dos decimales, esto es, si el tercer decimal es menor que 5, el segundo decimal se mantiene; si el tercer decimal es igual o mayor que 5, el segundo decimal se incrementa en uno
A66: Para la vigencia 2027 se aplicó una proyección de aumento del IPC equivalente al 4,4 % respecto a los valores correspondientes a la vigencia 2026 según lo informado en la Circular No. 023 de 2026, de la Dirección Ejecutiva y Subdirección Financiera. . En todo caso, esta proyección debe ser actualizada en cada vigencia en la misma proporción de su aumento real .
A67: NOTA: Los valores que serán objeto de oferta, son los que corresponden única y exclusivamente a mantenimientos y a la lista de repuestos . El ahorro que se obtenga en el presente proceso se sumará a la bolsa de repuestos, hasta agotar el presupuesto oficial asignado para la presente contratación
C69: FECHA ELABORACION | D69: 46240
C70: EstudioSector | D70: 437

Sheet cuadros resumen vigencia
B3: MANTENIMIENTO 2021: | C3: 7305414 | I3: TOTAL MANTENIMIENTO 2021 (1 MES) | J3: TOTAL MANTENIMEINTO 2022 | K3: TOTAL VIGENCIA 2021+ 2022
B4: MANTENIMIENTO 2022: | C4: 26294550 | H4: TOTAL MANTENIMIENTO | I4: 7305414 | J4: 26294550 | K4: =I4+J4 -> 33599964
B5: Bolsa repuestos: | C5: 34966020 | H5: BOLSA DE REPUESTOS | I5: 0 | J5: 34966020 | K5: =J5 -> 34966020
B6: TOTAL MANTENIMIENTO 2021+2022+ BOLSA DE REPUESTOS: | C6: =C3+C4+C5 -> 68565984 | H6: TOTAL MANTENIMIENTO 2021+2022+ BOLSA DE REPUESTOS: | K6: =SUM(K4:K5) -> 68565984

Sheet LISTA DE REPUESTOS
C1: REPUESTOS
G2: RICOVA INGENIERIA Y SERVICIOS -3105262392 -ricovaingeriayservicios sas <ricovaingenieriayservicios@gmail.com> | O2: 0.03
B3: ITEM | C3: NECESIDAD | G3: PRECIO REPUESTOS cotización 1 | K3: VALORES LISTA DE REPUESTOS CONTRATO 2021 | O3: valores contrato vigente | S3: VALORES LISTA REPUESTOS 2021
E4: CANTIDAD | G4: VALOR UNITARIO SIN IVA | H4: IVA | I4: VALOR UNITARIO IVA INCLUIDO | K4: VALOR UNITARIO SIN IVA | L4: IVA | M4: VALOR UNITARIO IVA INCLUIDO | O4: VALOR UNITARIO SIN IVA | P4: IVA | Q4: VALOR UNITARIO IVA INCLUIDO | S4: VALOR UNITARIO SIN IVA | T4: IVA | U4: VALOR UNITARIO IVA INCLUIDO
B6: 1 | C6: FILTROS PLISADO KLC 65% 20X16X2 | D6: UN | E6: 1 | G6: 450000 | H6: =+ROUND(G6*0.19,0) -> 85500 | I6: =+G6+H6 -> 535500 | K6: 250000 | L6: =+ROUND(K6*0.19,0) -> 47500 | M6: =+K6+L6 -> 297500 | O6: =+ROUND(K6+(K6*$O$2),0) -> 257500 | P6: =+ROUND(O6*0.19,0) -> 48925 | Q6: =+O6+P6 -> 306425 | S6: =AVERAGE(G6,O6) -> 353750 | T6: =+ROUND(S6*0.19,0) -> 67213 | U6: =+S6+T6 -> 420963
B7: 2 | C7: COMPRESOR 24000 BTU 1PH 200V R22 | D7: UN | E7: 1 | G7: 980000 | H7: =+ROUND(G7*0.19,0) -> 186200 | I7: =+G7+H7 -> 1166200 | K7: 1800000 | L7: =+ROUND(K7*0.19,0) -> 342000 | M7: =+K7+L7 -> 2142000 | O7: =+ROUND(K7+(K7*$O$2),0) -> 1854000 | P7: =+ROUND(O7*0.19,0) -> 352260 | Q7: =+O7+P7 -> 2206260 | S7: =AVERAGE(G7,O7) -> 1417000 | T7: =+ROUND(S7*0.19,0) -> 269230 | U7: =+S7+T7 -> 1686230
B8: 3 | C8: REFRIGERANTE R22 | D8: KG | E8: 1 | G8: 55000 | H8: =+ROUND(G8*0.19,0) -> 10450 | I8: =+G8+H8 -> 65450 | K8: 75000 | L8: =+ROUND(K8*0.19,0) -> 14250 | M8: =+K8+L8 -> 89250 | O8: =+ROUND(K8+(K8*$O$2),0) -> 77250 | P8: =+ROUND(O8*0.19,0) -> 14678 | Q8: =+O8+P8 -> 91928 | S8: =AVERAGE(G8,O8) -> 66125 | T8: =+ROUND(S8*0.19,0) -> 12564 | U8: =+S8+T8 -> 78689
B9: 4 | C9: CAPACITADOR 45 UF 370V | D9: UN | E9: 1 | G9: 25000 | H9: =+ROUND(G9*0.19,0) -> 4750 | I9: =+G9+H9 -> 29750 | K9: 80000 | L9: =+ROUND(K9*0.19,0) -> 15200 | M9: =+K9+L9 -> 95200 | O9: =+ROUND(K9+(K9*$O$2),0) -> 82400 | P9: =+ROUND(O9*0.19,0) -> 15656 | Q9: =+O9+P9 -> 98056 | S9: =AVERAGE(G9,O9) -> 53700 | T9: =+ROUND(S9*0.19,0) -> 10203 | U9: =+S9+T9 -> 63903
B10: 5 | C10: CONTACTOR 30 AMP 24V | D10: UN | E10: 1 | G10: 98000 | H10: =+ROUND(G10*0.19,0) -> 18620 | I10: =+G10+H10 -> 116620 | K10: 250000 | L10: =+ROUND(K10*0.19,0) -> 47500 | M10: =+K10+L10 -> 297500 | O10: =+ROUND(K10+(K10*$O$2),0) -> 257500 | P10: =+ROUND(O10*0.19,0) -> 48925 | Q10: =+O10+P10 -> 306425 | S10: =AVERAGE(G10,O10) -> 177750 | T10: =+ROUND(S10*0.19,0) -> 33773 | U10: =+S10+T10 -> 211523
B11: 6 | C11: CONTACTOR 35 AMP 24V | D11: UN | E11: 1 | G11: 0 | H11: =+ROUND(G11*0.19,0) -> 0 | I11: =+G11+H11 -> 0 | K11: 300000 | L11: =+ROUND(K11*0.19,0) -> 57000 | M11: =+K11+L11 -> 357000 | O11: =+ROUND(K11+(K11*$O$2),0) -> 309000 | P11: =+ROUND(O11*0.19,0) -> 58710 | Q11: =+O11+P11 -> 367710 | S11: =AVERAGE(,O11) -> 154500 | T11: =+ROUND(S11*0.19,0) -> 29355 | U11: =+S11+T11 -> 183855
B12: 7 | C12: CONTACTOR 40 AMP 24V | D12: UN | E12: 1 | G12: 125000 | H12: =+ROUND(G12*0.19,0) -> 23750 | I12: =+G12+H12 -> 148750 | K12: 350000 | L12: =+ROUND(K12*0.19,0) -> 66500 | M12: =+K12+L12 -> 416500 | O12: =+ROUND(K12+(K12*$O$2),0) -> 360500 | P12: =+ROUND(O12*0.19,0) -> 68495 | Q12: =+O12+P12 -> 428995 | S12: =AVERAGE(G12,O12) -> 242750 | T12: =+ROUND(S12*0.19,0) -> 46123 | U12: =+S12+T12 -> 288873
B13: 8 | C13: CORREA B38 BL | D13: UN | E13: 1 | G13: 70000 | H13: =+ROUND(G13*0.19,0) -> 13300 | I13: =+G13+H13 -> 83300 | K13: 45000 | L13: =+ROUND(K13*0.19,0) -> 8550 | M13: =+K13+L13 -> 53550 | O13: =+ROUND(K13+(K13*$O$2),0) -> 46350 | P13: =+ROUND(O13*0.19,0) -> 8807 | Q13: =+O13+P13 -> 55157 | S13: =AVERAGE(G13,O13) -> 58175 | T13: =+ROUND(S13*0.19,0) -> 11053 | U13: =+S13+T13 -> 69228
B14: 9 | C14: CORREA A32 BL | D14: UN | E14: 1 | G14: 65000 | H14: =+ROUND(G14*0.19,0) -> 12350 | I14: =+G14+H14 -> 77350 | K14: 40000 | L14: =+ROUND(K14*0.19,0) -> 7600 | M14: =+K14+L14 -> 47600 | O14: =+ROUND(K14+(K14*$O$2),0) -> 41200 | P14: =+ROUND(O14*0.19,0) -> 7828 | Q14: =+O14+P14 -> 49028 | S14: =AVERAGE(G14,O14) -> 53100 | T14: =+ROUND(S14*0.19,0) -> 10089 | U14: =+S14+T14 -> 63189
B15: 10 | C15: CORREA A27 | D15: UN | E15: 1 | G15: 60000 | H15: =+ROUND(G15*0.19,0) -> 11400 | I15: =+G15+H15 -> 71400 | K15: 40000 | L15: =+ROUND(K15*0.19,0) -> 7600 | M15: =+K15+L15 -> 47600 | O15: =+ROUND(K15+(K15*$O$2),0) -> 41200 | P15: =+ROUND(O15*0.19,0) -> 7828 | Q15: =+O15+P15 -> 49028 | S15: =AVERAGE(G15,O15) -> 50600 | T15: =+ROUND(S15*0.19,0) -> 9614 | U15: =+S15+T15 -> 60214
B16: 11 | C16: CILINDRO REFRIGERANTE R410 A | D16: UN | E16: 1 | G16: 490000 | H16: =+ROUND(G16*0.19,0) -> 93100 | I16: =+G16+H16 -> 583100 | K16: 850000 | L16: =+ROUND(K16*0.19,0) -> 161500 | M16: =+K16+L16 -> 1011500 | O16: =+ROUND(K16+(K16*$O$2),0) -> 875500 | P16: =+ROUND(O16*0.19,0) -> 166345 | Q16: =+O16+P16 -> 1041845 | S16: =AVERAGE(G16,O16) -> 682750 | T16: =+ROUND(S16*0.19,0) -> 129723 | U16: =+S16+T16 -> 812473
B17: 12 | C17: CAPACITOR 15 MF | D17: UN | E17: 1 | G17: 0 | H17: =+ROUND(G17*0.19,0) -> 0 | I17: =+G17+H17 -> 0 | K17: 75000 | L17: =+ROUND(K17*0.19,0) -> 14250 | M17: =+K17+L17 -> 89250 | O17: =+ROUND(K17+(K17*$O$2),0) -> 77250 | P17: =+ROUND(O17*0.19,0) -> 14678 | Q17: =+O17+P17 -> 91928 | S17: =AVERAGE(O17) -> 77250 | T17: =+ROUND(S17*0.19,0) -> 14678 | U17: =+S17+T17 -> 91928
B18: 13 | C18: CAPACITOR 10 MF | D18: UN | E18: 1 | G18: 19000 | H18: =+ROUND(G18*0.19,0) -> 3610 | I18: =+G18+H18 -> 22610 | K18: 85000 | L18: =+ROUND(K18*0.19,0) -> 16150 | M18: =+K18+L18 -> 101150 | O18: =+ROUND(K18+(K18*$O$2),0) -> 87550 | P18: =+ROUND(O18*0.19,0) -> 16635 | Q18: =+O18+P18 -> 104185 | S18: =AVERAGE(G18,O18) -> 53275 | T18: =+ROUND(S18*0.19,0) -> 10122 | U18: =+S18+T18 -> 63397
B19: 14 | C19: TARJETA ELECTRÓNICA UNIVERSAL AIRE ACONDICIONADO DE 24000 | D19: UN | E19: 1 | G19: 180000 | H19: =+ROUND(G19*0.19,0) -> 34200 | I19: =+G19+H19 -> 214200 | K19: 350000 | L19: =+ROUND(K19*0.19,0) -> 66500 | M19: =+K19+L19 -> 416500 | O19: =+ROUND(K19+(K19*$O$2),0) -> 360500 | P19: =+ROUND(O19*0.19,0) -> 68495 | Q19: =+O19+P19 -> 428995 | S19: =AVERAGE(G19,O19) -> 270250 | T19: =+ROUND(S19*0.19,0) -> 51348 | U19: =+S19+T19 -> 321598
B20: 15 | C20: TUBERIA DE COBRE 3/8 | D20: MTS | E20: 1 | G20: 15000 | H20: =+ROUND(G20*0.19,0) -> 2850 | I20: =+G20+H20 -> 17850 | K20: 18000 | L20: =+ROUND(K20*0.19,0) -> 3420 | M20: =+K20+L20 -> 21420 | O20: =+ROUND(K20+(K20*$O$2),0) -> 18540 | P20: =+ROUND(O20*0.19,0) -> 3523 | Q20: =+O20+P20 -> 22063 | S20: =AVERAGE(G20,O20) -> 16770 | T20: =+ROUND(S20*0.19,0) -> 3186 | U20: =+S20+T20 -> 19956
B21: 16 | C21: AISLANTE RUBATEX | D21: UN | E21: 1 | G21: 9500 | H21: =+ROUND(G21*0.19,0) -> 1805 | I21: =+G21+H21 -> 11305 | K21: 15000 | L21: =+ROUND(K21*0.19,0) -> 2850 | M21: =+K21+L21 -> 17850 | O21: =+ROUND(K21+(K21*$O$2),0) -> 15450 | P21: =+ROUND(O21*0.19,0) -> 2936 | Q21: =+O21+P21 -> 18386 | S21: =AVERAGE(G21,O21) -> 12475 | T21: =+ROUND(S21*0.19,0) -> 2370 | U21: =+S21+T21 -> 14845
B22: 17 | C22: PRESOSTATO DANFOSS 0-70 PSI | D22: UN | E22: 1 | G22: 350000 | H22: =+ROUND(G22*0.19,0) -> 66500 | I22: =+G22+H22 -> 416500 | K22: 380000 | L22: =+ROUND(K22*0.19,0) -> 72200 | M22: =+K22+L22 -> 452200 | O22: =+ROUND(K22+(K22*$O$2),0) -> 391400 | P22: =+ROUND(O22*0.19,0) -> 74366 | Q22: =+O22+P22 -> 465766 | S22: =AVERAGE(G22,O22) -> 370700 | T22: =+ROUND(S22*0.19,0) -> 70433 | U22: =+S22+T22 -> 441133
B23: 18 | C23: PRESOSTATOS TIPO PILA BAJA | D23: UN | E23: 1 | G23: 120000 | H23: =+ROUND(G23*0.19,0) -> 22800 | I23: =+G23+H23 -> 142800 | K23: 80000 | L23: =+ROUND(K23*0.19,0) -> 15200 | M23: =+K23+L23 -> 95200 | O23: =+ROUND(K23+(K23*$O$2),0) -> 82400 | P23: =+ROUND(O23*0.19,0) -> 15656 | Q23: =+O23+P23 -> 98056 | S23: =AVERAGE(G23,O23) -> 101200 | T23: =+ROUND(S23*0.19,0) -> 19228 | U23: =+S23+T23 -> 120428
B24: 19 | C24: PRESOSTATOS TIPO PILA ALTA | D24: UN | E24: 1 | G24: 120000 | H24: =+ROUND(G24*0.19,0) -> 22800 | I24: =+G24+H24 -> 142800 | K24: 90000 | L24: =+ROUND(K24*0.19,0) -> 17100 | M24: =+K24+L24 -> 107100 | O24: =+ROUND(K24+(K24*$O$2),0) -> 92700 | P24: =+ROUND(O24*0.19,0) -> 17613 | Q24: =+O24+P24 -> 110313 | S24: =AVERAGE(G24,O24) -> 106350 | T24: =+ROUND(S24*0.19,0) -> 20207 | U24: =+S24+T24 -> 126557
B25: 20 | C25: CORREA A-45 | D25: UN | E25: 1 | G25: 75000 | H25: =+ROUND(G25*0.19,0) -> 14250 | I25: =+G25+H25 -> 89250 | K25: 75000 | L25: =+ROUND(K25*0.19,0) -> 14250 | M25: =+K25+L25 -> 89250 | O25: =+ROUND(K25+(K25*$O$2),0) -> 77250 | P25: =+ROUND(O25*0.19,0) -> 14678 | Q25: =+O25+P25 -> 91928 | S25: =AVERAGE(G25,O25) -> 76125 | T25: =+ROUND(S25*0.19,0) -> 14464 | U25: =+S25+T25 -> 90589
B26: 21 | C26: CORREA A-29 | D26: UN | E26: 1 | G26: 59000 | H26: =+ROUND(G26*0.19,0) -> 11210 | I26: =+G26+H26 -> 70210 | K26: 70000 | L26: =+ROUND(K26*0.19,0) -> 13300 | M26: =+K26+L26 -> 83300 | O26: =+ROUND(K26+(K26*$O$2),0) -> 72100 | P26: =+ROUND(O26*0.19,0) -> 13699 | Q26: =+O26+P26 -> 85799 | S26: =AVERAGE(G26,O26) -> 65550 | T26: =+ROUND(S26*0.19,0) -> 12455 | U26: =+S26+T26 -> 78005
B27: 22 | C27: CORREA A-31 | D27: UN | E27: 1 | G27: 62000 | H27: =+ROUND(G27*0.19,0) -> 11780 | I27: =+G27+H27 -> 73780 | K27: 65000 | L27: =+ROUND(K27*0.19,0) -> 12350 | M27: =+K27+L27 -> 77350 | O27: =+ROUND(K27+(K27*$O$2),0) -> 66950 | P27: =+ROUND(O27*0.19,0) -> 12721 | Q27: =+O27+P27 -> 79671 | S27: =AVERAGE(G27,O27) -> 64475 | T27: =+ROUND(S27*0.19,0) -> 12250 | U27: =+S27+T27 -> 76725
S28: TOTAL LISTA DE REPUESTOS | U28: =SUM(U6:U27) -> 5384301

Sheet anexo economico
D3: FORMATO PROPUESTA ECONÓMICA
D4: =+GENERAL!R2 -> PRESTAR EL SERVICIO DE MANTENIMIENTO PREVENTIVO Y/O CORRECTIVO TÉCNICO INTEGRAL ESPECIALIZADO CON SUMINISTRO DE REPUESTOS E INSUMOS PARA LA PLANTA DE TRATAMIENTO DE AGUA POTABLE(PTAP), INSTALADA EN LA SEDE DE AQUIMINDIA DE LA FISCALIA GENERAL DE LA NACIÓN
A8: ITEM | B8: NECESIDAD | C8: FRECUENCIA | D8: CANTIDAD DE LOS EQUIPOS VIGENCIA 2021- 2022 | E8: CANTIDAD DE MANTENIMIENTOS 2021 | F8: CANTIDAD DE MANTENIMIENTOS 2022 | G8: CANTIDAD DE MANTENIMIENTOS 2021 | H8: CANTIDAD TOTAL DE MANTENIMIENTOS 2021-2022 | J8: PROYECCION TOTAL COSTOS 2021 (1 mes) | K8: PROYECCION TOTAL COSTOS 2022 (7 meses) | L8: PROYECCION TOTAL COSTOS 2021 (11 meses) | M8: TOTAL PRESUPUESTO VIGENCIAS 2021-2022
J9: VALOR TOTAL CON IVA | K9: VALOR TOTAL CON IVA | L9: VALOR TOTAL CON IVA | M9: VALOR TOTAL CON IVA
A10: MANTENIMIENTO PREVENTIVO Y/O CORRECTIVO
A11: 1 | B11: Mantenimiento electrobombas dosificadoras. Marca: EMEC Presión: 1000Kpa-145.04 PSI. Caudal 4.00L7h – 1.06gph (SEGÚN ESPECIFICACIONES DE LA FICHA TECNICA) | C11: ='ANEXO 3 RESUMEN VIG(2026-2028)'!#REF! -> #REF! | D11: =+'ANEXO 2 historicovs cotizacio '!C9+' ANEXO 3 vig 2027(12 meses) '!#REF!+'no incluir'!C11 -> #REF! | E11: ='ANEXO 2 historicovs cotizacio '!D9 -> 1 | F11: =' ANEXO 3 vig 2027(12 meses) '!#REF! -> #REF! | G11: ='no incluir'!E11 -> 22 | H11: =E11+F11+G11 -> #REF!
A12: 2 | B12: Mantenimiento y Lavado torre aireación (SEGÚN ESPECIFICACIONES DE LA FICHA TECNICA) | C12: ='ANEXO 3 RESUMEN VIG(2026-2028)'!#REF! -> #REF! | D12: =+'ANEXO 2 historicovs cotizacio '!C10+' ANEXO 3 vig 2027(12 meses) '!#REF!+'no incluir'!C12 -> #REF! | E12: ='ANEXO 2 historicovs cotizacio '!D10 -> 1 | F12: =' ANEXO 3 vig 2027(12 meses) '!#REF! -> #REF! | G12: ='no incluir'!E12 -> 11 | H12: =E12+F12+G12 -> #REF!
A13: 3 | B13: Mantenimiento y Lavado tanque de mezcla. (SEGÚN ESPECIFICACIONES DE LA FICHA TECNICA) | C13: ='ANEXO 3 RESUMEN VIG(2026-2028)'!#REF! -> #REF! | D13: =+'ANEXO 2 historicovs cotizacio '!C11+' ANEXO 3 vig 2027(12 meses) '!#REF!+'no incluir'!C13 -> #REF! | E13: ='ANEXO 2 historicovs cotizacio '!D11 -> 1 | F13: =' ANEXO 3 vig 2027(12 meses) '!#REF! -> #REF! | G13: ='no incluir'!E13 -> 11 | H13: =E13+F13+G13 -> #REF!
A14: 4 | B14: Mantenimiento y Lavado tanque sedimentación (SEGÚN ESPECIFICACIONES DE LA FICHA TECNICA) | C14: ='ANEXO 3 RESUMEN VIG(2026-2028)'!#REF! -> #REF! | D14: =+'ANEXO 2 historicovs cotizacio '!C12+' ANEXO 3 vig 2027(12 meses) '!#REF!+'no incluir'!C14 -> #REF! | E14: ='ANEXO 2 historicovs cotizacio '!D12 -> 1 | F14: =' ANEXO 3 vig 2027(12 meses) '!#REF! -> #REF! | G14: ='no incluir'!E14 -> 11 | H14: =E14+F14+G14 -> #REF!
A15: 5 | B15: Mantenimiento y Lavado tanque cloración. (SEGÚN ESPECIFICACIONES DE LA FICHA TECNICA) | C15: ='ANEXO 3 RESUMEN VIG(2026-2028)'!#REF! -> #REF! | D15: =+'ANEXO 2 historicovs cotizacio '!C13+' ANEXO 3 vig 2027(12 meses) '!#REF!+'no incluir'!C15 -> #REF! | E15: ='ANEXO 2 historicovs cotizacio '!D13 -> 1 | F15: =' ANEXO 3 vig 2027(12 meses) '!#REF! -> #REF! | G15: ='no incluir'!E15 -> 22 | H15: =E15+F15+G15 -> #REF!
A16: 6 | B16: Mantenimiento y lavado tanque de reserva (SEGÚN ESPECIFICACIONES DE LA FICHA TECNICA) | C16: ='ANEXO 3 RESUMEN VIG(2026-2028)'!#REF! -> #REF! | D16: =+'ANEXO 2 historicovs cotizacio '!#REF!+' ANEXO 3 vig 2027(12 meses) '!#REF!+'no incluir'!C16 -> #REF! | E16: ='ANEXO 2 historicovs cotizacio '!#REF! -> #REF! | F16: =' ANEXO 3 vig 2027(12 meses) '!#REF! -> #REF! | G16: ='no incluir'!E16 -> #REF! | H16: =E16+F16+G16 -> #REF!
A17: 7 | B17: Mantenimiento y Lavado tanque de distribución. (SEGÚN ESPECIFICACIONES DE LA FICHA TECNICA) | C17: ='ANEXO 3 RESUMEN VIG(2026-2028)'!#REF! -> #REF! | D17: =+'ANEXO 2 historicovs cotizacio '!#REF!+' ANEXO 3 vig 2027(12 meses) '!#REF!+'no incluir'!C17 -> #REF! | E17: ='ANEXO 2 historicovs cotizacio '!#REF! -> #REF! | F17: =' ANEXO 3 vig 2027(12 meses) '!#REF! -> #REF! | G17: ='no incluir'!E17 -> #REF! | H17: =E17+F17+G17 -> #REF!
A18: 8 | B18: Cambio carbón coke torre aireación. (SEGÚN ESPECIFICACIONES DE LA FICHA TECNICA) | C18: ='ANEXO 3 RESUMEN VIG(2026-2028)'!#REF! -> #REF! | D18: =+'ANEXO 2 historicovs cotizacio '!#REF!+' ANEXO 3 vig 2027(12 meses) '!#REF!+'no incluir'!C18 -> #REF! | E18: ='ANEXO 2 historicovs cotizacio '!#REF! -> #REF! | F18: =' ANEXO 3 vig 2027(12 meses) '!#REF! -> #REF! | G18: ='no incluir'!E18 -> #REF! | H18: =E18+F18+G18 -> #REF!
A19: 9 | B19: Cambio arena filtro . (SEGÚN ESPECIFICACIONES DE LA FICHA TECNICA) | C19: ='ANEXO 3 RESUMEN VIG(2026-2028)'!#REF! -> #REF! | D19: =+'ANEXO 2 historicovs cotizacio '!#REF!+' ANEXO 3 vig 2027(12 meses) '!#REF!+'no incluir'!C19 -> #REF! | E19: ='ANEXO 2 historicovs cotizacio '!#REF! -> #REF! | F19: =' ANEXO 3 vig 2027(12 meses) '!#REF! -> #REF! | G19: ='no incluir'!E19 -> #REF! | H19: =E19+F19+G19 -> #REF!
A20: 10 | B20: Mantenimiento preventivo pozo profundo y electrobomba sumergible tipo lapicero. Marca: Pedrollo de 5 H.P. Cabeza dinámica de 100 ml, 220V. Incluye desmonte y monte electrobomba sumergible y tubería, mantenimiento electrobomba tipo lapicero y aplicación de productos químicos para lavado del pozo. (SEGÚN ESPECIFICACIONES DE LA FICHA TECNICA) | C20: ='ANEXO 3 RESUMEN VIG(2026-2028)'!#REF! -> #REF! | D20: =+'ANEXO 2 historicovs cotizacio '!#REF!+' ANEXO 3 vig 2027(12 meses) '!#REF!+'no incluir'!C20 -> #REF! | E20: ='ANEXO 2 historicovs cotizacio '!#REF! -> #REF! | F20: =' ANEXO 3 vig 2027(12 meses) '!#REF! -> #REF! | G20: ='no incluir'!E20 -> #REF! | H20: =E20+F20+G20 -> #REF!
A21: 11 | B21: Análisis de agua potable para tanques de reserva con parámetros de acuerdo a la relación de lista (ficha técnica). (SEGÚN ESPECIFICACIONES DE LA FICHA TECNICA) | C21: ='ANEXO 3 RESUMEN VIG(2026-2028)'!#REF! -> #REF! | D21: =+'ANEXO 2 historicovs cotizacio '!#REF!+' ANEXO 3 vig 2027(12 meses) '!#REF!+'no incluir'!C21 -> #REF! | E21: ='ANEXO 2 historicovs cotizacio '!#REF! -> #REF! | F21: =' ANEXO 3 vig 2027(12 meses) '!#REF! -> #REF! | G21: ='no incluir'!E21 -> #REF! | H21: =E21+F21+G21 -> #REF!
A22: MANTENIMIENTO LOCATIVO EN LA PLANTA DE TRATAMIENTO
A23: 12 | B23: Reemplazar e instalar seis (6) tejas plásticas No. 8 para tanques de sedimentación. (SEGÚN ESPECIFICACIONES DE LA FICHA TECNICA) | C23: ='ANEXO 3 RESUMEN VIG(2026-2028)'!#REF! -> #REF! | D23: =+'ANEXO 2 historicovs cotizacio '!#REF!+' ANEXO 3 vig 2027(12 meses) '!#REF!+'no incluir'!C23 -> #REF! | E23: ='ANEXO 2 historicovs cotizacio '!#REF! -> #REF! | F23: =' ANEXO 3 vig 2027(12 meses) '!#REF! -> #REF! | G23: ='no incluir'!E23 -> 1 | H23: =E23+F23+G23 -> #REF!
A24: 13 | B24: Mantenimiento de 320m2 exterior e interior planta tratamiento agua potable: incluye pintura para exterior de alta resistencia, e interior pintura epóxica. (SEGÚN ESPECIFICACIONES DE LA FICHA TECNICA) | C24: ='ANEXO 3 RESUMEN VIG(2026-2028)'!#REF! -> #REF! | D24: =+'ANEXO 2 historicovs cotizacio '!#REF!+' ANEXO 3 vig 2027(12 meses) '!#REF!+'no incluir'!C24 -> #REF! | E24: ='ANEXO 2 historicovs cotizacio '!#REF! -> #REF! | F24: =' ANEXO 3 vig 2027(12 meses) '!#REF! -> #REF! | G24: ='no incluir'!E24 -> 1 | H24: =E24+F24+G24 -> #REF!
